Workbook

Sheet SEINFRA ABRIL-24
A1: CÓDIGO | B1: DESCRIÇÃO DO SERVIÇO | D1: DES | E1: ONE
A2: 8662 | B2: MOBILIZAÇÃO E DESMOBILIZAÇÃO DE OBRA
A3: 8700 | B3: OBRAS EM CENTRO URBANO OU REGIÃO LIMÍTROFE
A4: ED-50394 | B4: MOBILIZAÇÃO E DESMOBILIZAÇÃO DE OBRA EM CENTRO URBANO OU REGIÃO LIMÍTROFE COM VALOR ACIMA DE 3.000.000,01 | C4: % | D4: 0.2 | E4: 0.2
A5: ED-50392 | B5: MOBILIZAÇÃO E DESMOBILIZAÇÃO DE OBRA EM CENTRO URBANO OU REGIÃO LIMÍTROFE COM VALOR ATÉ O VALOR DE 1.000.000,00 | C5: % | D5: 0.5 | E5: 0.5
A6: ED-50393 | B6: MOBILIZAÇÃO E DESMOBILIZAÇÃO DE OBRA EM CENTRO URBANO OU REGIÃO LIMÍTROFE COM VALOR ENTRE 1.000.000,01 E 3.000.000,00 | C6: % | D6: 0.3 | E6: 0.3
A7: 8701 | B7: OBRA DISTANTE DE CENTRO URBANO
A8: ED-50391 | B8: MOBILIZAÇÃO E DESMOBILIZAÇÃO OBRA DISTANTE DE CENTRO URBANO COM ACIMA DE 3.000.000,01 | C8: % | D8: 1 | E8: 1
A9: ED-50390 | B9: MOBILIZAÇÃO E DESMOBILIZAÇÃO OBRA DISTANTE DE CENTRO URBANO COM ENTRE 1.000.000,01 E 3.000.000,00 | C9: % | D9: 1.5 | E9: 1.5
A10: ED-50389 | B10: MOBILIZAÇÃO E DESMOBILIZAÇÃO OBRA DISTANTE DE CENTRO URBANO COM VALOR ATÉ O VALOR DE 1.000.000,00 | C10: % | D10: 2 | E10: 2
A11: 8663 | B11: SERVIÇOS PRELIMINARES
A12: 8702 | B12: LIMPEZA DO TERRENO
A13: ED-50701 | B13: CAPINA MANUAL DO TERRENO, EXCLUSIVE RASTELAMENTO E QUEIMA | C13: m2 | D13: 1.24 | E13: 1.33
A14: ED-28163 | B14: DESTOCAMENTO E AFASTAMENTO DE REMANESCENTE ARBÓREO, INCLUSIVE TRANSPORTE COM RETIRADA DO MATERIAL DESTOCADO (EM CAÇAMBA) | C14: un | D14: 423.79 | E14: 436.26
A15: ED-50703 | B15: LIMPEZA DE TERRENO, INCLUSIVE CAPINA, RASTELAMENTO COM AFASTAMENTO ATÉ VINTE (20) METROS E QUEIMA CONTROLADA | C15: m2 | D15: 2.19 | E15: 2.36
A16: ED-8143 | B16: RASTELAMENTO DE ÁREA COM AFASTAMENTO DE ATÉ VINTE (20) METROS, EXCLUSIVE CAPINA OU ROÇADA MANUAL | C16: m2 | D16: 0.82 | E16: 0.89
A17: ED-28162 | B17: ROÇADA MANUAL DE TERRENO COM ROÇADEIRA COSTAL, EXCLUSIVE RASTELAMENTO E QUEIMA | C17: m2 | D17: 0.25 | E17: 0.27
A18: 8703 | B18: DESMATAMENTO E DESTOCAMENTO
A19: ED-50702 | B19: DESMATAMENTO, DESTOCAMENTO E LIMPEZA, INCLUSIVE TRANSPORTE ATÉ CINQUENTA (50) METROS | C19: m2 | D19: 0.49 | E19: 0.52
A20: 8704 | B20: SUPRESSÃO DE ÁRVORE
A21: ED-50699 | B21: CORTE DE ÁRVORE COM MOTOSSERRA, DIÂMETRO DO TRONCO ACIMA DE TRINTA (30) CENTÍMETROS ATÉ CINQUENTA (50) CENTÍMETROS, EXCLUSIVE DESTOCAMENTO E AFASTAMENTO | C21: un | D21: 86.02 | E21: 92.91
A22: ED-50697 | B22: CORTE DE ÁRVORE COM MOTOSSERRA, DIÂMETRO DO TRONCO DE QUINZE (15) CENTÍMETROS ATÉ TRINTA (30) CENTÍMETROS, EXCLUSIVE DESTOCAMENTO E AFASTAMENTO | C22: un | D22: 51.61 | E22: 55.74
A23: 8706 | B23: REMOÇÃO DE TELHADO
A24: ED-48438 | B24: REMOÇÃO DE CALHA EM CHAPA GALVANIZADA OU EM PVC, COM REAPROVEITAMENTO, INCLUSIVE AFASTAMENTO E EMPILHAMENTO, EXCLUSIVE TRANSPORTE E RETIRADA DO MATERIAL REMOVIDO NÃO REAPROVEITÁVEL | C24: m | D24: 4.29 | E24: 4.63
A25: ED-48446 | B25: REMOÇÃO MANUAL DE CONDUTOR EM PVC OU METÁLICO, COM REAPROVEITAMENTO, INCLUSIVE AFASTAMENTO E EMPILHAMENTO, EXCLUSIVE TRANSPORTE E RETIRADA DO MATERIAL REMOVIDO NÃO REAPROVEITÁVEL | C25: m | D25: 5.15 | E25: 5.54
A26: ED-48455 | B26: REMOÇÃO MANUAL DE ENGRADAMENTO PARA TELHA TIPO CALHA ESTRUTURAL EM FIBROCIMENTO, COM REAPROVEITAMENTO, INCLUSIVE AFASTAMENTO E EMPILHAMENTO, EXCLUSIVE TRANSPORTE E RETIRADA DO MATERIAL REMOVIDO NÃO REAPROVEITÁVEL | C26: m2 | D26: 10.32 | E26: 11.1
A27: ED-48457 | B27: REMOÇÃO MANUAL DE ENGRADAMENTO PARA TELHA TIPO CERÂMICA OU CONCRETO, INCLUSIVE AFASTAMENTO E EMPILHAMENTO, EXCLUSIVE TRANSPORTE E RETIRADA DO MATERIAL REMOVIDO NÃO REAPROVEITÁVEL | C27: m2 | D27: 20.64 | E27: 22.2
A28: ED-48454 | B28: REMOÇÃO MANUAL DE ENGRADAMENTO PARA TELHA TIPO METÁLICA, PVC OU FIBROCIMENTO, COM REAPROVEITAMENTO, INCLUSIVE AFASTAMENTO E EMPILHAMENTO, EXCLUSIVE TRANSPORTE E RETIRADA DO MATERIAL REMOVIDO NÃO REAPROVEITÁVEL | C28: m2 | D28: 13.76 | E28: 14.8
A29: ED-48506 | B29: REMOÇÃO MANUAL DE RUFO METÁLICO, COM REAPROVEITAMENTO, INCLUSIVE AFASTAMENTO E EMPILHAMENTO, EXCLUSIVE TRANSPORTE E RETIRADA DO MATERIAL REMOVIDO NÃO REAPROVEITÁVEL | C29: m | D29: 6.31 | E29: 6.81
A30: ED-48512 | B30: REMOÇÃO MANUAL DE TELHA EM FIBROCIMENTO, TIPO ONDULADA, COM REAPROVEITAMENTO, INCLUSIVE AFASTAMENTO E EMPILHAMENTO, EXCLUSIVE TRANSPORTE E RETIRADA DO MATERIAL REMOVIDO NÃO REAPROVEITÁVEL | C30: m2 | D30: 11.79 | E30: 12.69
A31: ED-48514 | B31: REMOÇÃO MANUAL DE TELHA CERÂMICA, COM REAPROVEITAMENTO, INCLUSIVE AFASTAMENTO E EMPILHAMENTO, EXCLUSIVE TRANSPORTE E RETIRADA DO MATERIAL REMOVIDO NÃO REAPROVEITÁVEL | C31: m2 | D31: 22.29 | E31: 24.05
A32: ED-48510 | B32: REMOÇÃO MANUAL DE TELHA EM FIBROCIMENTO, TIPO CALHA ESTRUTURAL, COM REAPROVEITAMENTO, INCLUSIVE IÇAMENTO, AFASTAMENTO E EMPILHAMENTO, EXCLUSIVE TRANSPORTE E RETIRADA DO MATERIAL REMOVIDO NÃO REAPROVEITÁVEL | C32: m2 | D32: 22.88 | E32: 24.32
A33: ED-48509 | B33: REMOÇÃO MANUAL DE TELHA METÁLICA OU PVC, COM REAPROVEITAMENTO, INCLUSIVE AFASTAMENTO E EMPILHAMENTO, EXCLUSIVE TRANSPORTE E RETIRADA DO MATERIAL REMOVIDO NÃO REAPROVEITÁVEL | C33: m2 | D33: 8.26 | E33: 8.88
A34: 8707 | B34: DEMOLIÇÃO E REMOÇÃO DE INSTALAÇÃO
A35: ED-48500 | B35: DEMOLIÇÃO MANUAL DE TUBULAÇÕES EMBUTIDAS DE REDE (ÁGUA, ELÉTRICA, GASES, ETC.), INCLUSIVE RASGO EM ALVENARIA, REMOÇÃO DE ACESSÓRIOS DE FIXAÇÃO, AFASTAMENTO E EMPILHAMENTO, EXCLUSIVE TRANSPORTE E RETIRADA DO MATERIAL DEMOLIDO | C35: m | D35: 7.72 | E35: 8.31
A36: ED-48466 | B36: REMOÇÃO MANUAL DE INTERFONE, COM REAPROVEITAMENTO, INCLUSIVE AFASTAMENTO E EMPILHAMENTO, EXCLUSIVE TRANSPORTE E RETIRADA DO MATERIAL REMOVIDO NÃO REAPROVEITÁVEL | C36: un | D36: 40.48 | E36: 43.49
A37: ED-48468 | B37: REMOÇÃO MANUAL DE LUMINÁRIA COMERCIAL, EMBUTIDA OU SOBREPOR, COM REAPROVEITAMENTO, INCLUSIVE AFASTAMENTO E EMPILHAMENTO, EXCLUSIVE TRANSPORTE E RETIRADA DO MATERIAL REMOVIDO NÃO REAPROVEITÁVEL | C37: un | D37: 9.73 | E37: 10.47
A38: ED-48469 | B38: REMOÇÃO MANUAL DE LUMINÁRIA COMPACTA (PLAFON, PAINEL LED, ETC.) EMBUTIDA OU SOBREPOR, COM REAPROVEITAMENTO, INCLUSIVE AFASTAMENTO E EMPILHAMENTO, EXCLUSIVE TRANSPORTE E RETIRADA DO MATERIAL REMOVIDO NÃO REAPROVEITÁVEL | C38: un | D38: 5.68 | E38: 6.11
A39: ED-48499 | B39: REMOÇÃO MANUAL DE REDES DE DUTOS PARA CLIMATIZAÇÃO, INCLUSIVE AFASTAMENTO E EMPILHAMENTO, EXCLUSIVE TRANSPORTE E RETIRADA DO MATERIAL REMOVIDO NÃO REAPROVEITÁVEL | C39: m | D39: 8.58 | E39: 9.23
A40: ED-48515 | B40: REMOÇÃO MANUAL DE TUBULAÇÕES EMBUTIDAS DE REDE (ÁGUA, ELÉTRICA, GASES, ETC.), COM REAPROVEITAMENTO, INCLUSIVE RASGO EM ALVENARIA, REMOÇÃO DE ACESSÓRIOS DE FIXAÇÃO, AFASTAMENTO E EMPILHAMENTO, EXCLUSIVE TRANSPORTE E RETIRADA DO MATERIAL REMOVIDO NÃO REAPROVEITÁVEL | C40: m | D40: 11.14 | E40: 11.98
A41: 8708 | B41: DEMOLIÇÃO DE FORRO
A42: ED-48463 | B42: DEMOLIÇÃO MANUAL DE FORRO DE CHAPA OU PLACA DE GESSO, INCLUSIVE DEMOLIÇÃO DA ESTRUTURA DE SUSTENTAÇÃO, AFASTAMENTO E EMPILHAMENTO, EXCLUSIVE TRANSPORTE E RETIRADA DO MATERIAL DEMOLIDO | C42: m2 | D42: 5.07 | E42: 5.44
A43: 8709 | B43: REMOÇÃO DE FORRO
A44: ED-48460 | B44: REMOÇÃO MANUAL DE FORRO DE PLACAS (GESSO, MINERAL, FIBRA, ISOPOR, COLMEIA, PVC, ETC.), COM REAPROVEITAMENTO, INCLUSIVE AFASTAMENTO E EMPILHAMENTO, EXCLUSIVE DEMOLIÇÃO DA ESTRUTURA DE SUSTENTAÇÃO, TRANSPORTE E RETIRADA DO MATERIAL REMOVIDO NÃO REAPROVEITÁVEL | C44: m2 | D44: 1.93 | E44: 2.08
A45: ED-48459 | B45: REMOÇÃO MANUAL DE FORRO DE PLACAS (GESSO, MINERAL, FIBRA, ISOPOR, COLMEIA, PVC, ETC.), COM REAPROVEITAMENTO, INCLUSIVE DEMOLIÇÃO ESTRUTURA DE SUSTENTAÇÃO, AFASTAMENTO E EMPILHAMENTO, EXCLUSIVE TRANSPORTE E RETIRADA DO MATERIAL REMOVIDO NÃO REAPROVEITÁVEL | C45: m2 | D45: 5.79 | E45: 6.23
A46: ED-48464 | B46: REMOÇÃO MANUAL DE FORRO DE TÁBUAS DE PINHO, COM REAPROVEITAMENTO, INCLUSIVE AFASTAMENTO E EMPILHAMENTO, EXCLUSIVE REMOÇÃO DA ESTRUTURA DE SUSTENTAÇÃO, TRANSPORTE E RETIRADA DO MATERIAL REMOVIDO NÃO REAPROVEITÁVEL | C46: m2 | D46: 9.05 | E46: 9.72
A47: ED-28355 | B47: REMOÇÃO MANUAL ESTRUTURA OU TRAMA DE SUSTENTAÇÃO DE MADEIRA OU METÁLICA PARA FORRO, COM REAPROVEITAMENTO, INCLUSIVE AFASTAMENTO E EMPILHAMENTO, EXCLUSIVE TRANSPORTE E RETIRADA DO MATERIAL REMOVIDO NÃO REAPROVEITÁVEL | C47: m2 | D47: 3.86 | E47: 4.15
A48: 8710 | B48: REMOÇÃO DE ESQUADRIA
A49: ED-48496 | B49: REMOÇÃO MANUAL DE CONJUNTO DE ALIZARES, COM REAPROVEITAMENTO, INCLUSIVE AFASTAMENTO E EMPILHAMENTO, EXCLUSIVE TRANSPORTE E RETIRADA DO MATERIAL REMOVIDO NÃO REAPROVEITÁVEL | C49: cj | D49: 3.21 | E49: 3.45
A50: ED-48458 | B50: REMOÇÃO MANUAL DE CONJUNTO DE FERRAGENS (DOBRADIÇAS, FECHADURA E MAÇANETAS), COM REAPROVEITAMENTO, INCLUSIVE AFASTAMENTO E EMPILHAMENTO, EXCLUSIVE TRANSPORTE E RETIRADA DO MATERIAL REMOVIDO NÃO REAPROVEITÁVEL | C50: un | D50: 19.55 | E50: 21.02
A51: ED-48493 | B51: REMOÇÃO MANUAL DE ESQUADRIA EM MADEIRA, COM REAPROVEITAMENTO, INCLUSIVE REMOÇÃO DE MARCO/ALIZAR/GUARNIÇÕES, AFASTAMENTO E EMPILHAMENTO, EXCLUSIVE TRANSPORTE E RETIRADA DO MATERIAL REMOVIDO NÃO REAPROVEITÁVEL | C51: m2 | D51: 12.35 | E51: 13.29
A52: ED-48497 | B52: REMOÇÃO MANUAL DE ESQUADRIA METÁLICA, COM REAPROVEITAMENTO, INCLUSIVE MARCO/ALIZAR/GUARNIÇÕES, AFASTAMENTO E EMPILHAMENTO, EXCLUSIVE TRANSPORTE E RETIRADA DO MATERIAL REMOVIDO NÃO REAPROVEITÁVEL | C52: m2 | D52: 17.16 | E52: 18.46
A53: ED-48494 | B53: REMOÇÃO MANUAL DE FOLHA DE PORTA OU JANELA DE MADEIRA OU METÁLICA, COM REAPROVEITAMENTO, INCLUSIVE AFASTAMENTO E EMPILHAMENTO, EXCLUSIVE TRANSPORTE E RETIRADA DO MATERIAL REMOVIDO NÃO REAPROVEITÁVEL | C53: m2 | D53: 8.35 | E53: 8.98
A54: ED-48495 | B54: REMOÇÃO MANUAL DE MARCO EM MADEIRA OU METÁLICO, COM REAPROVEITAMENTO, INCLUSIVE AFASTAMENTO E EMPILHAMENTO, EXCLUSIVE TRANSPORTE E RETIRADA DO MATERIAL REMOVIDO NÃO REAPROVEITÁVEL | C54: un | D54: 16.59 | E54: 17.79
A55: 8711 | B55: DEMOLIÇÃO DE IMPERMEABILIZAÇÃO
A56: ED-48465 | B56: DEMOLIÇÃO MANUAL DE IMPERMEABILIZAÇÃO E PROTEÇÃO MECÂNICA, INCLUSIVE AFASTAMENTO E EMPILHAMENTO, EXCLUSIVE TRANSPORTE E RETIRADA DO MATERIAL DEMOLIDO | C56: m2 | D56: 25.4 | E56: 27.3
A57: 8712 | B57: REMOÇÃO DE LOUÇA E ACESSÓRIOS
A58: ED-48467 | B58: REMOÇÃO DE LOUÇAS (LAVATÓRIO, BANHEIRA, PIA, VASO SANITÁRIO, TANQUE), COM REAPROVEITAMENTO, INCLUSIVE AFASTAMENTO E EMPILHAMENTO, EXCLUSIVE TRANSPORTE E RETIRADA DO MATERIAL REMOVIDO NÃO REAPROVEITÁVEL | C58: un | D58: 39.47 | E58: 42.44
A59: ED-48470 | B59: REMOÇÃO MANUAL DE METAIS COMUNS E ACABAMENTOS (TORNEIRA, ACABAMENTO PARA REGISTRO, SIFÃO, ENGATE FLEXÍVEL, ETC.), COM REAPROVEITAMENTO, INCLUSIVE AFASTAMENTO E EMPILHAMENTO, EXCLUSIVE TRANSPORTE E RETIRADA DO MATERIAL REMOVIDO NÃO REAPROVEITÁVEL | C59: un | D59: 5.88 | E59: 6.35
A60: ED-48471 | B60: REMOÇÃO MANUAL DE METAIS EMBUTIDOS (BASE DE REGISTRO, VÁLVULA DE DESCARGA, TORNEIRA ANTIVANDALISMO, ETC.), COM REAPROVEITAMENTO, INCLUSIVE AFASTAMENTO E EMPILHAMENTO, EXCLUSIVE TRANSPORTE E RETIRADA DO MATERIAL REMOVIDO NÃO REAPROVEITÁVEL | C60: un | D60: 18.82 | E60: 20.24
A61: 8713 | B61: DEMOLIÇÃO E REMOÇÃO DE DIVISÓRIA E BANCADA
A62: ED-48452 | B62: DEMOLIÇÃO MANUAL DE ALVENARIA/DIVISÓRIA DE ELEMENTOS VAZADOS (COBOGÓ, ETC. ), INCLUSIVE AFASTAMENTO E EMPILHAMENTO, EXCLUSIVE TRANSPORTE E RETIRADA DO MATERIAL DEMOLIDO | C62: m2 | D62: 16.26 | E62: 17.49
A63: ED-48453 | B63: DEMOLIÇÃO MANUAL DE DIVISÓRIA COMERCIAL EM LAMINADO, INCLUSIVE AFASTAMENTO E EMPILHAMENTO, EXCLUSIVE TRANSPORTE E RETIRADA DO MATERIAL DEMOLIDO | C63: m2 | D63: 6.53 | E63: 7.02
A64: ED-8024 | B64: DEMOLIÇÃO MANUAL DE DIVISÓRIA DE MADEIRA, INCLUSIVE AFASTAMENTO E EMPILHAMENTO, EXCLUSIVE TRANSPORTE E RETIRADA DO MATERIAL DEMOLIDO | C64: m2 | D64: 9.95 | E64: 10.7
A65: ED-48437 | B65: REMOÇÃO MANUAL DE BANCADA DE PEDRA (MÁRMORE, GRANITO, ARDÓSIA, MARMORITE, ETC.), COM REAPROVEITAMENTO, INCLUSIVE RASGO EM ALVENARIA, REMOÇÃO DE ACESSÓRIOS DE FIXAÇÃO, AFASTAMENTO E EMPILHAMENTO, EXCLUSIVE TRANSPORTE E RETIRADA DO MATERIAL REMOVIDO NÃO REAPROVEITÁVEL | C65: m2 | D65: 49.23 | E65: 52.89
A66: ED-28348 | B66: REMOÇÃO MANUAL DE DIVISÓRIA EM PEDRA (MÁRMORE, GRANITO, ARDÓSIA, MARMORITE, ETC.), COM REAPROVEITAMENTO, INCLUSIVE RASGO EM ALVENARIA, REMOÇÃO DE ACESSÓRIOS DE FIXAÇÃO, AFASTAMENTO E EMPILHAMENTO, EXCLUSIVE TRANSPORTE E RETIRADA DO MATERIAL REMOVIDO NÃO REAPROVEITÁVEL | C66: m2 | D66: 41.07 | E66: 44.13
A67: 8714 | B67: DEMOLIÇÃO DE ALVENARIA
A68: ED-48436 | B68: DEMOLIÇÃO MANUAL DE ALVENARIA DE TIJOLO CERÂMICO MACIÇO, INCLUSIVE AFASTAMENTO E EMPILHAMENTO, EXCLUSIVE TRANSPORTE E RETIRADA DO MATERIAL DEMOLIDO | C68: m3 | D68: 140.39 | E68: 151.07
A69: ED-48435 | B69: DEMOLIÇÃO MANUAL DE ALVENARIA DE TIJOLO CERÂMICO OU BLOCO DE CONCRETO, INCLUSIVE AFASTAMENTO E EMPILHAMENTO, EXCLUSIVE TRANSPORTE E RETIRADA DO MATERIAL DEMOLIDO | C69: m3 | D69: 96.52 | E69: 103.86
A70: ED-28338 | B70: DEMOLIÇÃO MANUAL DE CONSTRUÇÃO EM ALVENARIAS DE VEDAÇÃO, COM ESPESSURA MÁXIMA DE 15CM, INCLUSIVE REMOÇÃO COM REAPROVEITAMENTO DE ESQUADRIAS, AFASTAMENTO E EMPILHAMENTO, EXCLUSIVE TRANSPORTE E RETIRADA DO MATERIAL DEMOLIDO/REMOVIDO NÃO REAPROVEITÁVEL | C70: m2 | D70: 15.33 | E70: 16.49
A71: 8715 | B71: DEMOLIÇÃO DE CONCRETO
A72: ED-48441 | B72: DEMOLIÇÃO MANUAL DE CONCRETO ARMADO, INCLUSIVE AFASTAMENTO E EMPILHAMENTO, EXCLUSIVE TRANSPORTE E RETIRADA DO MATERIAL DEMOLIDO | C72: m3 | D72: 441.24 | E72: 474.8
A73: ED-48440 | B73: DEMOLIÇÃO MANUAL DE CONCRETO, SEM ARMAÇÃO, INCLUSIVE AFASTAMENTO E EMPILHAMENTO, EXCLUSIVE TRANSPORTE E RETIRADA DO MATERIAL DEMOLIDO | C73: m3 | D73: 267.42 | E73: 287.76
A74: ED-48443 | B74: DEMOLIÇÃO MECANIZADA DE CONCRETO ARMADO, COM EQUIPAMENTO ELÉTRICO, INCLUSIVE AFASTAMENTO E EMPILHAMENTO, EXCLUSIVE TRANSPORTE E RETIRADA DO MATERIAL DEMOLIDO | C74: m3 | D74: 231.67 | E74: 247.34
A75: ED-48445 | B75: DEMOLIÇÃO MECANIZADA DE CONCRETO ARMADO, COM EQUIPAMENTO PNEUMÁTICO, INCLUSIVE AFASTAMENTO E EMPILHAMENTO, EXCLUSIVE TRANSPORTE E RETIRADA DO MATERIAL DEMOLIDO | C75: m3 | D75: 328.74 | E75: 343.59
A76: ED-48442 | B76: DEMOLIÇÃO MECANIZADA DE CONCRETO, SEM ARMAÇÃO, COM EQUIPAMENTO ELÉTRICO, INCLUSIVE AFASTAMENTO E EMPILHAMENTO, EXCLUSIVE TRANSPORTE E RETIRADA DO MATERIAL DEMOLIDO | C76: m3 | D76: 142.68 | E76: 152.18
A77: ED-48444 | B77: DEMOLIÇÃO MECANIZADA DE CONCRETO, SEM ARMAÇÃO, COM EQUIPAMENTO PNEUMÁTICO, INCLUSIVE AFASTAMENTO E EMPILHAMENTO, EXCLUSIVE TRANSPORTE E RETIRADA DO MATERIAL DEMOLIDO | C77: m3 | D77: 201.51 | E77: 210.51
A78: 8716 | B78: REMOÇÃO DE PADRÃO CONCESSIONÁRIA
A79: ED-48475 | B79: REMOÇÃO MANUAL DE PADRÃO DE ENTRADA DE ÁGUA, COM REAPROVEITAMENTO, INCLUSIVE AFASTAMENTO E EMPILHAMENTO, EXCLUSIVE TRANSPORTE E RETIRADA DO MATERIAL REMOVIDO NÃO REAPROVEITÁVEL | C79: un | D79: 90.22 | E79: 97.01
A80: ED-48474 | B80: REMOÇÃO MANUAL DE PADRÃO DE ENTRADA DE ENERGIA, COM REAPROVEITAMENTO, INCLUSIVE AFASTAMENTO E EMPILHAMENTO, EXCLUSIVE TRANSPORTE E RETIRADA DO MATERIAL REMOVIDO NÃO REAPROVEITÁVEL | C80: un | D80: 227.14 | E80: 244.35
A81: 8717 | B81: DEMOLIÇÃO E REMOÇÃO DE PAVIMENTAÇÃO
A82: ED-48487 | B82: DEMOLIÇÃO MANUAL DE LAJE DE CONCRETO ARMADO, COM ESPESSURA DE ATÉ 15CM, INCLUSIVE AFASTAMENTO E EMPILHAMENTO, EXCLUSIVE TRANSPORTE E RETIRADA DO MATERIAL DEMOLIDO | C82: m2 | D82: 38.61 | E82: 41.55
A83: ED-48507 | B83: DEMOLIÇÃO MANUAL DE SARJETA OU SARJETÃO DE CONCRETO, INCLUSIVE AFASTAMENTO E EMPILHAMENTO, EXCLUSIVE TRANSPORTE E RETIRADA DO MATERIAL DEMOLIDO | C83: m2 | D83: 9.65 | E83: 10.39
A84: ED-48489 | B84: DEMOLIÇÃO MECANIZADA DE LAJE DE CONCRETO ARMADO, COM ESPESSURA DE ATÉ 15CM, , COM EQUIPAMENTO ELÉTRICO, INCLUSIVE AFASTAMENTO E EMPILHAMENTO, EXCLUSIVE TRANSPORTE E RETIRADA DO MATERIAL DEMOLIDO | C84: m2 | D84: 21.04 | E84: 22.43
A85: ED-48486 | B85: DEMOLIÇÃO MECANIZADA DE LAJE DE CONCRETO ARMADO, COM ESPESSURA DE ATÉ 15CM, , COM EQUIPAMENTO PNEUMÁTICO, INCLUSIVE AFASTAMENTO E EMPILHAMENTO, EXCLUSIVE TRANSPORTE E RETIRADA DO MATERIAL DEMOLIDO | C85: m2 | D85: 29.29 | E85: 30.6
A86: ED-48492 | B86: DEMOLIÇÃO MECANIZADA DE REVESTIMENTO ASFÁLTICO, COM EQUIPAMENTO PNEUMÁTICO, INCLUSIVE AFASTAMENTO E EMPILHAMENTO, EXCLUSIVE TRANSPORTE E RETIRADA DO MATERIAL DEMOLIDO | C86: m2 | D86: 9.73 | E86: 10.17
A87: ED-48490 | B87: REMOÇÃO MANUAL DE ALVENARIA POLIÉDRICA, COM REAPROVEITAMENTO, INCLUSIVE AFASTAMENTO E EMPILHAMENTO, EXCLUSIVE TRANSPORTE E RETIRADA DO MATERIAL REMOVIDO NÃO REAPROVEITÁVEL | C87: m2 | D87: 13.24 | E87: 14.16
A88: ED-48488 | B88: REMOÇÃO MANUAL DE CALÇADA PORTUGUESA, COM REAPROVEITAMENTO, INCLUSIVE AFASTAMENTO E EMPILHAMENTO, EXCLUSIVE TRANSPORTE E RETIRADA DO MATERIAL REMOVIDO NÃO REAPROVEITÁVEL | C88: m2 | D88: 7.99 | E88: 8.56
A89: ED-48473 | B89: REMOÇÃO MANUAL DE GUIA DE MEIO-FIO EM PEDRA (GNAISSE, BASALTO, ETC.), COM REAPROVEITAMENTO, INCLUSIVE AFASTAMENTO E EMPILHAMENTO, EXCLUSIVE TRANSPORTE E RETIRADA DO MATERIAL REMOVIDO NÃO REAPROVEITÁVEL | C89: m | D89: 19.3 | E89: 20.77
A90: ED-48472 | B90: REMOÇÃO MANUAL DE GUIA DE MEIO-FIO PRÉ-MOLDADA EM CONCRETO, COM REAPROVEITAMENTO, INCLUSIVE AFASTAMENTO E EMPILHAMENTO, EXCLUSIVE TRANSPORTE E RETIRADA DO MATERIAL REMOVIDO NÃO REAPROVEITÁVEL | C90: m | D90: 10.3 | E90: 11.08
A91: ED-48476 | B91: REMOÇÃO MANUAL DE PAVIMENTAÇÃO INTERTRAVADA OU SEXTAVADO EM PRÉ-MOLDADO DE CONCRETO, COM REAPROVEITAMENTO, INCLUSIVE AFASTAMENTO E EMPILHAMENTO, EXCLUSIVE TRANSPORTE E RETIRADA DO MATERIAL REMOVIDO NÃO REAPROVEITÁVEL | C91: m2 | D91: 13.24 | E91: 14.16
A92: ED-48491 | B92: REMOÇÃO MANUAL DE PAVIMENTO PARALELEPÍPEDO, COM REAPROVEITAMENTO, INCLUSIVE AFASTAMENTO E EMPILHAMENTO, EXCLUSIVE TRANSPORTE E RETIRADA DO MATERIAL REMOVIDO NÃO REAPROVEITÁVEL | C92: m2 | D92: 14.74 | E92: 15.86
A93: 8718 | B93: DEMOLIÇÃO E REMOÇÃO DE REVESTIMENTO
A94: ED-48504 | B94: DEMOLIÇÃO MANUAL DE LAMINADO MELAMÍNICO EM SUPERFÍCIE DE MADEIRA OU PAREDE, INCLUSIVE AFASTAMENTO E EMPILHAMENTO, EXCLUSIVE TRANSPORTE E RETIRADA DO MATERIAL DEMOLIDO | C94: m2 | D94: 9.65 | E94: 10.39
A95: ED-48501 | B95: DEMOLIÇÃO MANUAL DE REBOCO OU EMBOÇO, COM ESPESSURA DE ATÉ 55MM, INCLUSIVE AFASTAMENTO E EMPILHAMENTO, EXCLUSIVE TRANSPORTE E RETIRADA DO MATERIAL DEMOLIDO | C95: m2 | D95: 9.14 | E95: 9.83
A96: ED-48502 | B96: DEMOLIÇÃO MANUAL DE REVESTIMENTO CERÂMICO, AZULEJO OU LADRILHO HIDRÁULICO, INCLUSIVE AFASTAMENTO E EMPILHAMENTO, EXCLUSIVE DEMOLIÇÃO DO REBOCO OU EMBOÇO, TRANSPORTE E RETIRADA DO MATERIAL DEMOLIDO | C96: m2 | D96: 19.05 | E96: 20.48
A97: ED-48503 | B97: DEMOLIÇÃO MANUAL DE REVESTIMENTO DE PEDRA (MÁRMORE, GRANITO, ARDÓSIA, ETC.), INCLUSIVE AFASTAMENTO E EMPILHAMENTO, EXCLUSIVE DEMOLIÇÃO DO REBOCO OU EMBOÇO, TRANSPORTE E RETIRADA DO MATERIAL DEMOLIDO | C97: m2 | D97: 22.86 | E97: 24.57
A98: ED-48478 | B98: REMOÇÃO MANUAL DE PEITORIL DE MÁRMORE OU GRANITO, COM REAPROVEITAMENTO, INCLUSIVE AFASTAMENTO E EMPILHAMENTO, EXCLUSIVE TRANSPORTE E RETIRADA DO MATERIAL REMOVIDO NÃO REAPROVEITÁVEL | C98: m | D98: 7.49 | E98: 8.05
A99: 8719 | B99: DEMOLIÇÃO E REMOÇÃO DE PISO
A100: ED-48480 | B100: DEMOLIÇÃO MANUAL DE PISO CERÂMICO OU LADRILHO HIDRÁULICO, INCLUSIVE AFASTAMENTO E EMPILHAMENTO, EXCLUSIVE DEMOLIÇÃO DE CONTRAPISO, TRANSPORTE E RETIRADA DO MATERIAL DEMOLIDO | C100: m2 | D100: 15.24 | E100: 16.38
...

Sheet SINAPI JUN-24-DESONERADO
A1: CODIGO DA COMPOSICAO | B1: DESCRICAO DA COMPOSICAO | C1: UNIDADE | D1: CUSTO TOTAL
A3: 97141 | B3: ASSENTAMENTO DE TUBO DE FERRO FUNDIDO PARA REDE DE ÁGUA, DN 80 MM, JUNTA ELÁSTICA, INSTALADO EM LOCAL COM NÍVEL ALTO DE INTERFERÊNCIAS (NÃO INCLUI FORNECIMENTO). AF_05/2024 | C3: M | D3: 4,49
A4: 97142 | B4: ASSENTAMENTO DE TUBO DE FERRO FUNDIDO PARA REDE DE ÁGUA, DN 100 MM, JUNTA ELÁSTICA, INSTALADO EM LOCAL COM NÍVEL ALTO DE INTERFERÊNCIAS (NÃO INCLUI FORNECIMENTO). AF_05/2024 | C4: M | D4: 5,16
A5: 97143 | B5: ASSENTAMENTO DE TUBO DE FERRO FUNDIDO PARA REDE DE ÁGUA, DN 150 MM, JUNTA ELÁSTICA, INSTALADO EM LOCAL COM NÍVEL ALTO DE INTERFERÊNCIAS (NÃO INCLUI FORNECIMENTO). AF_05/2024 | C5: M | D5: 6,79
A6: 97144 | B6: ASSENTAMENTO DE TUBO DE FERRO FUNDIDO PARA REDE DE ÁGUA, DN 200 MM, JUNTA ELÁSTICA, INSTALADO EM LOCAL COM NÍVEL ALTO DE INTERFERÊNCIAS (NÃO INCLUI FORNECIMENTO). AF_05/2024 | C6: M | D6: 8,43
A7: 97145 | B7: ASSENTAMENTO DE TUBO DE FERRO FUNDIDO PARA REDE DE ÁGUA, DN 250 MM, JUNTA ELÁSTICA, INSTALADO EM LOCAL COM NÍVEL ALTO DE INTERFERÊNCIAS (NÃO INCLUI FORNECIMENTO). AF_05/2024 | C7: M | D7: 10,10
A8: 97146 | B8: ASSENTAMENTO DE TUBO DE FERRO FUNDIDO PARA REDE DE ÁGUA, DN 300 MM, JUNTA ELÁSTICA, INSTALADO EM LOCAL COM NÍVEL ALTO DE INTERFERÊNCIAS (NÃO INCLUI FORNECIMENTO). AF_05/2024 | C8: M | D8: 11,76
A9: 97147 | B9: ASSENTAMENTO DE TUBO DE FERRO FUNDIDO PARA REDE DE ÁGUA, DN 350 MM, JUNTA ELÁSTICA, INSTALADO EM LOCAL COM NÍVEL ALTO DE INTERFERÊNCIAS (NÃO INCLUI FORNECIMENTO). AF_05/2024 | C9: M | D9: 13,43
A10: 97148 | B10: ASSENTAMENTO DE TUBO DE FERRO FUNDIDO PARA REDE DE ÁGUA, DN 400 MM, JUNTA ELÁSTICA, INSTALADO EM LOCAL COM NÍVEL ALTO DE INTERFERÊNCIAS (NÃO INCLUI FORNECIMENTO). AF_05/2024 | C10: M | D10: 15,07
A11: 97149 | B11: ASSENTAMENTO DE TUBO DE FERRO FUNDIDO PARA REDE DE ÁGUA, DN 450 MM, JUNTA ELÁSTICA, INSTALADO EM LOCAL COM NÍVEL ALTO DE INTERFERÊNCIAS (NÃO INCLUI FORNECIMENTO). AF_05/2024 | C11: M | D11: 16,75
A12: 97150 | B12: ASSENTAMENTO DE TUBO DE FERRO FUNDIDO PARA REDE DE ÁGUA, DN 500 MM, JUNTA ELÁSTICA, INSTALADO EM LOCAL COM NÍVEL ALTO DE INTERFERÊNCIAS (NÃO INCLUI FORNECIMENTO). AF_05/2024 | C12: M | D12: 21,63
A13: 97151 | B13: ASSENTAMENTO DE TUBO DE FERRO FUNDIDO PARA REDE DE ÁGUA, DN 600 MM, JUNTA ELÁSTICA, INSTALADO EM LOCAL COM NÍVEL ALTO DE INTERFERÊNCIAS (NÃO INCLUI FORNECIMENTO). AF_05/2024 | C13: M | D13: 25,48
... A7675: 101460 | B7675: VIGIA DIURNO COM ENCARGOS COMPLEMENTARES | C7675: MES | D7675: 3.776,46

Sheet SINAPI JUN-24-ONERADO
A1: CODIGO DA COMPOSICAO | B1: DESCRICAO DA COMPOSICAO | C1: UNIDADE | D1: CUSTO TOTAL
A3: 97141 | B3: ASSENTAMENTO DE TUBO DE FERRO FUNDIDO PARA REDE DE ÁGUA, DN 80 MM, JUNTA ELÁSTICA, INSTALADO EM LOCAL COM NÍVEL ALTO DE INTERFERÊNCIAS (NÃO INCLUI FORNECIMENTO). AF_05/2024 | C3: M | D3: 8,56
A4: 97142 | B4: ASSENTAMENTO DE TUBO DE FERRO FUNDIDO PARA REDE DE ÁGUA, DN 100 MM, JUNTA ELÁSTICA, INSTALADO EM LOCAL COM NÍVEL ALTO DE INTERFERÊNCIAS (NÃO INCLUI FORNECIMENTO). AF_05/2024 | C4: M | D4: 9,50
A5: 97143 | B5: ASSENTAMENTO DE TUBO DE FERRO FUNDIDO PARA REDE DE ÁGUA, DN 150 MM, JUNTA ELÁSTICA, INSTALADO EM LOCAL COM NÍVEL ALTO DE INTERFERÊNCIAS (NÃO INCLUI FORNECIMENTO). AF_05/2024 | C5: M | D5: 11,83
A6: 97144 | B6: ASSENTAMENTO DE TUBO DE FERRO FUNDIDO PARA REDE DE ÁGUA, DN 200 MM, JUNTA ELÁSTICA, INSTALADO EM LOCAL COM NÍVEL ALTO DE INTERFERÊNCIAS (NÃO INCLUI FORNECIMENTO). AF_05/2024 | C6: M | D6: 14,17
A7: 97145 | B7: ASSENTAMENTO DE TUBO DE FERRO FUNDIDO PARA REDE DE ÁGUA, DN 250 MM, JUNTA ELÁSTICA, INSTALADO EM LOCAL COM NÍVEL ALTO DE INTERFERÊNCIAS (NÃO INCLUI FORNECIMENTO). AF_05/2024 | C7: M | D7: 16,52
A8: 97146 | B8: ASSENTAMENTO DE TUBO DE FERRO FUNDIDO PARA REDE DE ÁGUA, DN 300 MM, JUNTA ELÁSTICA, INSTALADO EM LOCAL COM NÍVEL ALTO DE INTERFERÊNCIAS (NÃO INCLUI FORNECIMENTO). AF_05/2024 | C8: M | D8: 18,87
A9: 97147 | B9: ASSENTAMENTO DE TUBO DE FERRO FUNDIDO PARA REDE DE ÁGUA, DN 350 MM, JUNTA ELÁSTICA, INSTALADO EM LOCAL COM NÍVEL ALTO DE INTERFERÊNCIAS (NÃO INCLUI FORNECIMENTO). AF_05/2024 | C9: M | D9: 21,22
A10: 97148 | B10: ASSENTAMENTO DE TUBO DE FERRO FUNDIDO PARA REDE DE ÁGUA, DN 400 MM, JUNTA ELÁSTICA, INSTALADO EM LOCAL COM NÍVEL ALTO DE INTERFERÊNCIAS (NÃO INCLUI FORNECIMENTO). AF_05/2024 | C10: M | D10: 23,57
A11: 97149 | B11: ASSENTAMENTO DE TUBO DE FERRO FUNDIDO PARA REDE DE ÁGUA, DN 450 MM, JUNTA ELÁSTICA, INSTALADO EM LOCAL COM NÍVEL ALTO DE INTERFERÊNCIAS (NÃO INCLUI FORNECIMENTO). AF_05/2024 | C11: M | D11: 25,95
A12: 97150 | B12: ASSENTAMENTO DE TUBO DE FERRO FUNDIDO PARA REDE DE ÁGUA, DN 500 MM, JUNTA ELÁSTICA, INSTALADO EM LOCAL COM NÍVEL ALTO DE INTERFERÊNCIAS (NÃO INCLUI FORNECIMENTO). AF_05/2024 | C12: M | D12: 33,91
A13: 97151 | B13: ASSENTAMENTO DE TUBO DE FERRO FUNDIDO PARA REDE DE ÁGUA, DN 600 MM, JUNTA ELÁSTICA, INSTALADO EM LOCAL COM NÍVEL ALTO DE INTERFERÊNCIAS (NÃO INCLUI FORNECIMENTO). AF_05/2024 | C13: M | D13: 39,46
... A7565: 101334 | B7565: CURSO DE CAPACITAÇÃO PARA MECÂNICO DE REFRIGERAÇÃO (ENCARGOS COMPLEMENTARES) - MENSALISTA | C7565: MES | D7565: 4.078,69
A7566: 101336 | B7566: CURSO DE CAPACITAÇÃO PARA MOTORISTA OPERADOR DE CAMINHAO COM MUNCK (ENCARGOS COMPLEMENTARES) - MENSALISTA | C7566: MES
A7567: 101337 | B7567: CURSO DE CAPACITAÇÃO PARA NIVELADOR (ENCARGOS COMPLEMENTARES) - MENSALISTA | C7567: MES
A7568: 101338 | B7568: CURSO DE CAPACITAÇÃO PARA OPERADOR DE BATE-ESTACAS (ENCARGOS COMPLEMENTARES) - MENSALISTA | C7568: MES
A7569: 101339 | B7569: CURSO DE CAPACITAÇÃO PARA OPERADOR DE BETONEIRA (ENCARGOS COMPLEMENTARES) - MENSALISTA | C7569: MES
A7570: 101340 | B7570: CURSO DE CAPACITAÇÃO PARA OPERADOR DE BETONEIRA ESTACIONARIA / MISTURADOR (ENCARGOS COMPLEMENTARES) - MENSALISTA | C7570: MES
A7571: 101341 | B7571: CURSO DE CAPACITAÇÃO PARA OPERADOR DE COMPRESSOR DE AR OU COMPRESSORISTA (ENCARGOS COMPLEMENTARES) - MENSALISTA | C7571: MES
A7572: 101342 | B7572: CURSO DE CAPACITAÇÃO PARA OPERADOR DE DEMARCADORA DE FAIXAS DE TRAFEGO (ENCARGOS COMPLEMENTARES) - MENSALISTA | C7572: MES
A7573: 101343 | B7573: CURSO DE CAPACITAÇÃO PARA OPERADOR DE ESCAVADEIRA (ENCARGOS COMPLEMENTARES) - MENSALISTA | C7573: MES
A7574: 101344 | B7574: CURSO DE CAPACITAÇÃO PARA OPERADOR DE GUINCHO OU GUINCHEIRO (ENCARGOS COMPLEMENTARES) - MENSALISTA | C7574: MES
A7575: 101345 | B7575: CURSO DE CAPACITAÇÃO PARA OPERADOR DE GUINDASTE (ENCARGOS COMPLEMENTARES) - MENSALISTA | C7575: MES
A7576: 101346 | B7576: CURSO DE CAPACITAÇÃO PARA OPERADOR DE JATO ABRASIVO OU JATISTA (ENCARGOS COMPLEMENTARES) - MENSALISTA | C7576: MES
A7577: 101347 | B7577: CURSO DE CAPACITAÇÃO PARA OPERADOR DE MAQUINAS E TRATORES DIVERSOS (ENCARGOS COMPLEMENTARES) - MENSALISTA | C7577: MES
... A7675: 101460 | B7675: VIGIA DIURNO COM ENCARGOS COMPLEMENTARES | C7675: MES

Sheet SUDECAP-ABRIL 24
A1: CÓDIGO | B1: DESCRICAO | C1: UND | D1: DESONERADO | E1: ONERADO
A2: 01 | B2: INSTALAÇAO DA OBRA
A3: 01.01 | B3: ESCRITORIO DE OBRA
A4: 01.01.13 | B4: LAVABO | C4: UN | D4: 3003.79 | E4: 3141.27
A5: 01.01.20 | B5: ESCRITORIO DA CONTRATADA - ATÉ 15 M2 | C5: M2 | D5: 502.71 | E5: 522.6
A6: 01.01.21 | B6: ESCRITORIO DA CONTRATADA - ATÉ 22 M2 | C6: M2 | D6: 457.39 | E6: 475.57
A7: 01.01.22 | B7: ESCRITORIO DA FISCALIZAÇÃO - ATÉ 15 M2 | C7: M2 | D7: 502.71 | E7: 522.6
A8: 01.01.23 | B8: ESCRITORIO DA FISCALIZAÇÃO - ATÉ 22 M2 | C8: M2 | D8: 457.39 | E8: 475.57
A9: 01.02 | B9: BARRACAO DE OBRA
A10: 01.02.30 | B10: VESTIARIO PARA ATÉ 20 PESSOAS | C10: M2 | D10: 320.18 | E10: 332.25
A11: 01.02.31 | B11: VESTIÁRIO PARA ATÉ 30 PESSOAS | C11: M2 | D11: 301.33 | E11: 312.68
A12: 01.02.32 | B12: VESTIÁRIO PARA ATÉ 40 PESSOAS | C12: M2 | D12: 287.23 | E12: 298.1
A13: 01.02.35 | B13: DEPÓSITO E FERRAMENTARIA - ATÉ 15 M2 | C13: M2 | D13: 445.07 | E13: 463.44
A14: 01.02.36 | B14: DEPÓSITO E FERRAMENTARIA - ATÉ 26M2 | C14: M2 | D14: 397.11 | E14: 413.73
A15: 01.02.37 | B15: DEPÓSITO E FERRAMENTARIA - ATÉ 33M2 | C15: M2 | D15: 385.51 | E15: 401.68
A16: 01.02.38 | B16: DEPÓSITO DE MATERIAIS ENSACADOS - ATÉ 15 M2 | C16: M2 | D16: 364.26 | E16: 378.99
A17: 01.02.40 | B17: REFEITÓRIO - ATÉ 19M2 | C17: M2 | D17: 421.7 | E17: 439.51
A18: 01.02.41 | B18: REFEITÓRIO- ATÉ 26M2 | C18: M2 | D18: 409.37 | E18: 426.29
A19: 01.02.45 | B19: INSTALAÇÃO SANITÁRIA / VESTIÁRIO PARA ATÉ 4 PESSOAS | C19: M2 | D19: 609.98 | E19: 633.79
A20: 01.02.46 | B20: INSTALAÇÃO SANITÁRIA - ATÉ 15M2 | C20: M2 | D20: 531.55 | E20: 554.47
A21: 01.02.47 | B21: INSTALAÇÃO SANITÁRIA - ATÉ 22M2 | C21: M2 | D21: 510.93 | E21: 532.76
A22: 01.02.48 | B22: INSTALAÇÃO SANITÁRIA - ATÉ 33M2 | C22: M2 | D22: 475.29 | E22: 496.46
A23: 01.03 | B23: PLACA DE OBRA AFIXADA COM PEÇAS DE MADEIRA
A24: 01.03.01 | B24: 3,00 X 2,00 M EM LONA IMPRESSAO DIGITAL P.SUDECAP | C24: UN | D24: 2491.94 | E24: 2497.64
A25: 01.03.02 | B25: PLACA DE OBRA EM LONA IMPRESSAO DIGITAL P. SUDECAP | C25: M2 | D25: 358.39 | E25: 359.93
A26: 01.03.03 | B26: PLACA DE OBRA EM CHAPA GALVANIZADA ADESIVADA, DIMENSÕES 2,40 X 1,20 M, PADRÃO CEF | C26: M2 | D26: 397.62 | E26: 399.27
A27: 01.04 | B27: TAPUME PADRAO SUDECAP (TIPO I, II E III)
A28: 01.04.01 | B28: TAPUME PADRÃO SUDECAP DE COMPENSADO 10MM COM FIXAÇAO ENTERRADA | C28: M | D28: 93.18 | E28: 98.59
A29: 01.04.03 | B29: TAPUME PADRÃO SUDECAP DE COMPENSADO 10MM COM BASE DE CONCRETO | C29: M | D29: 99.3 | E29: 104.88
A30: 01.04.05 | B30: INFORME PUBLIC.LONA IMP.DIGITAL APLICADO EM TAPUME | C30: M2 | D30: 428.1 | E30: 430.36
A31: 01.04.06 | B31: DE TELA GALVANIZADA #2" FIO 14 C/FIXAÇAO ENTERRADA | C31: M | D31: 61.55 | E31: 64.59
A32: 01.04.07 | B32: DE TELA GALVANIZADA #2" FIO 14 C/BASE DE CONCRETO | C32: M | D32: 65.36 | E32: 68.3
A33: 01.04.09 | B33: TELA-TAPUME DE POLIPROPILENO H= 1,20 M, INCL. BASE | C33: M | D33: 12.32 | E33: 12.5
A34: 01.04.10 | B34: PROTEÇAO COM FITA ZEBRADA AMARELA L=7CM E PEÇA 7X7 | C34: M | D34: 7.93 | E34: 8.48
A35: 01.04.11 | B35: FITA ZEBRADA AMARELA PARA SINALIZAÇAO L= 7CM | C35: M | D35: 2.94 | E35: 3.3
A36: 01.04.16 | B36: TAPUME METÁLICO COM BASE DE CONCRETO (M) | C36: M | D36: 97.39 | E36: 101.46
A37: 01.04.17 | B37: TAPUME METÁLICO COM BASE ENTERRADA (M) | C37: M | D37: 84.13 | E37: 87.87
A38: 01.04.18 | B38: TAPUME METÁLICO COM TELA E BASE DE CONCRETO (M) | C38: M | D38: 116.5 | E38: 120.57
A39: 01.04.19 | B39: TAPUME METÁLICO COM TELA E BASE ENTERRADA (M) | C39: M | D39: 103.21 | E39: 106.95
A40: 01.04.20 | B40: REMANEJAMENTO DE TAPUME | C40: M | D40: 7.71 | E40: 8.66
A41: 01.06 | B41: INSTALAÇAO PROVISORIA - CONCESSIONARIA
A42: 01.06.01 | B42: PADRÃO CEMIG PROVISÓRIO TIPO C3, DEMANDA PROVÁVEL DE 23,1 ATÉ 27,0KW (3F+N) | C42: UN | D42: 722.53 | E42: 736.33
A43: 01.06.05 | B43: PADRAO COPASA - KIT CAVALTE METAL E REGISTRO 3/4" | C43: UN | D43: 314.23 | E43: 336.04
A44: 01.07 | B44: FOSSA E SUMIDOURO
A45: 01.07.02 | B45: FOSSA SEPTICA E SUMIDOURO DN=1,20M H=4,00M | C45: UN | D45: 7037.72 | E45: 7064.76
A46: 01.08 | B46: REDE INTERNA E PROVISORIA DE AGUA E ESGOTO
A47: 01.08.01 | B47: TUBO PVC D= 100 MM | C47: M | D47: 19.86 | E47: 20.65
A48: 01.08.02 | B48: TUBO PVC D= 150 MM | C48: M | D48: 45.61 | E48: 46.73
A49: 01.08.03 | B49: TUBO PVC D= 200 MM | C49: M | D49: 123.85 | E49: 124.97
A50: 01.08.04 | B50: TUBO PVC D= 250 MM | C50: M | D50: 161.43 | E50: 162.55
A51: 01.08.20 | B51: TUBO PVC AGUA SOLDA E CONEXOES D=20MM (1/2") | C51: M | D51: 5.25 | E51: 5.63
A52: 01.08.21 | B52: TUBO PVC AGUA SOLDA E CONEXOES D=25MM (3/4") | C52: M | D52: 5.99 | E52: 6.37
A53: 01.09 | B53: CONTAINER 6,0X2,40X2,82 M COM ISOLAMENTO TERMICO
A54: 01.09.01 | B54: MOBILIZACAO DE CONTAINER | C54: UN | D54: 1400 | E54: 1400
A55: 01.09.02 | B55: CONTAINER SIMPLES COM AR CONDICIONADO PARA ESCRITÓRIO | C55: MES | D55: 1690 | E55: 1690
A56: 01.09.03 | B56: CONTAINER COM SANITÁRIO E AR CONDICIONADO PARA ESCRITÓRIO | C56: MES | D56: 1790 | E56: 1790
A57: 01.09.11 | B57: DESMOBILIZAÇÃO DE CONTAINER | C57: UN | D57: 1400 | E57: 1400
A58: 01.09.12 | B58: INSTALAÇÕES DE MOBILIÁRIOS PARA CONTAINER TIPO ESCRITÓRIO COM SANITÁRIO | C58: UN | D58: 537.98 | E58: 540.28
A59: 01.09.14 | B59: INSTALAÇÕES DE MOBILIÁRIOS PARA CONTAINER TIPO REFEITÓRIO | C59: UN | D59: 195.31 | E59: 200
A60: 01.09.15 | B60: INSTALAÇÕES DE MOBILIÁRIOS PARA CONTAINER TIPO DEPÓSITO E FERRAMENTARIA COM LAVATÓRIO | C60: UN | D60: 909.91 | E60: 914.82
A61: 01.09.17 | B61: INSTALAÇÕES DE MOBILIÁRIOS PARA CONTAINER TIPO ESCRITÓRIO SEM SANITÁRIO | C61: UN | D61: 680.67 | E61: 683.58
A62: 01.09.18 | B62: CONTAINER VESTIÁRIO TIPO I | C62: MES | D62: 1500 | E62: 1500
A63: 01.09.19 | B63: CONTAINER VESTIÁRIO TIPO II | C63: MES | D63: 2500 | E63: 2500
A64: 01.09.20 | B64: CONTAINER VESTIÁRIO TIPO III | C64: MES | D64: 5175 | E64: 5175
A65: 01.09.21 | B65: CONTAINER SIMPLES | C65: MES | D65: 890 | E65: 890
... A71: 01.09.27 | B71: CONTAINER PARA 2 VESTIÁRIOS E SANITÁRIOS | C71: MES | D71: 1800 | E71: 1800
A72: 01.10 | B72: BANHEIRO QUIMICO
A73: 01.10.01 | B73: BANHEIRO QUIMICO 110X120X230CM COM MANUTENCAO | C73: MES | D73: 980 | E73: 980
A74: 01.10.02 | B74: BANHEIRO QUÍMICO E REBOQUE PARA TRANSPORTE DE BANHEIRO QUÍMICO | C74: MES | D74: 1357.63 | E74: 1357.63
A75: 01.11 | B75: SINALIZAÇAO
A76: 01.11.01 | B76: PLACA 1,0X0,60M DUPLA FACE CH.GALV. 26 EM CAVALETE | C76: UNMES | D76: 25.08 | E76: 25.44
A77: 01.11.02 | B77: PLACA 1,0X0,60M CH.26 EM CAVALETE METALON 20X20MM | C77: UNMES | D77: 21.08 | E77: 21.44
A78: 01.11.03 | B78: PLACA 0,50X0,50M DUPLA FACE CH.GALV.22 EM CAVALETE | C78: UNMES | D78: 22.28 | E78: 22.64
A79: 01.11.04 | B79: PLACA 0,50X0,50M CH.GALV.22 CAVALETE METALON 20X20 | C79: UNMES | D79: 19.48 | E79: 19.84
A80: 01.11.05 | B80: INSTALAÇÃO DE FAIXA MORIM 6,00M X 0,80M EM TECIDO COMUM E EUCALIPTO | C80: UN | D80: 114.31 | E80: 115.23
A81: 01.11.06 | B81: CONE MASTER 75CM BASE DE BORRACHA CORPO POLIETILEN | C81: UN | D81: 79.21 | E81: 79.39
A82: 01.11.07 | B82: CONE EM PVC H= 75 CM | C82: UN | D82: 30.66 | E82: 30.84
A83: 01.11.08 | B83: SINALIZADOR ELET.MONOLIGHT LED 60 A 70 FLASHES/MIN | C83: UN | D83: 76.16 | E83: 76.62
A84: 01.12 | B84: VISTORIA CAUTELAR
A85: 01.12.01 | B85: VISTORIA CAUTELAR - ÁREA CONSTRUÍDA <= 100M2 | C85: UN | D85: 299.44 | E85: 334.79
A86: 01.12.02 | B86: VISTORIA CAUTELAR - 101M2 < ÁREA CONSTRUÍDA <= 200M2 | C86: UN | D86: 375.82 | E86: 421.01
A87: 01.12.03 | B87: VISTORIA CAUTELAR - 201M2 < ÁREA CONSTRUÍDA <= 500M2 | C87: UN | D87: 497.4 | E87: 558.75
A88: 01.12.04 | B88: VISTORIA CAUTELAR - 501M2 < ÁREA CONSTRUÍDA <= 2000M2 | C88: UN | D88: 718.8 | E88: 810.66
A89: 01.12.05 | B89: VISTORIA CAUTELAR - 2001M2 < ÁREA CONSTRUÍDA <= 7000M2 | C89: UN | D89: 1189.36 | E89: 1348.99
A90: 01.12.06 | B90: VISTORIA CAUTELAR - ÁREA CONSTRUÍDA > 7001M2 | C90: UN | D90: 1665.64 | E90: 1893.76
A91: 01.13 | B91: GERENCIAMENTO DE RESÍDUOS DA CONSTRUÇÃO CIVIL
A92: 01.13.01 | B92: BAIA SIMPLES PARA RESÍDUOS DA CONSTRUÇÃO CIVIL | C92: UN | D92: 1537.96 | E92: 1598.94
A93: 01.13.02 | B93: BAIA DUPLA PARA RESÍDUOS DA CONSTRUÇÃO CIVIL | C93: UN | D93: 2642.91 | E93: 2744.21
A94: 01.13.03 | B94: PLACA IDENTIFCAÇÃO RESÍDUOS-PGRCC, CONFORME RESOLUÇÃO CONAMA-RDC Nº 275/01,EM LONA (BANNER), (30X30)CM | C94: UN | D94: 273.13 | E94: 273.44
A96: 01.13.04 | B96: FORNECIMENTO BIG BAG P/ RESÍDUOS COMUNS-CAP. APROX.1M3, PADRÃO CLUB FARM OU EQUIVALENTE | C96: UN | D96: 53.24 | E96: 53.24
A97: 01.13.05 | B97: FORNECIMENTO LIXEIRA PLÁSTICA C/ TAMPA VAI-VEM - 100 LITROS, PADRÃO Q100 WEBPLASTICO/EQUIVALENTE | C97: UN | D97: 179.24 | E97: 179.24
A98: 01.13.06 | B98: FORNECIMENTO DE LONA REFORÇADA DE POLIETILENO PARA COBERTURA DE CAÇAMBA (4Mx4M), 600 MICRA | C98: UN | D98: 183 | E98: 183
A99: 01.13.07 | B99: FORNECIMENTO DE BOMBONA BOCA LARGA PARA RESÍDUOS CLASSE B - 100 LITROS | C99: UN | D99: 319.9 | E99: 319.9
A100: 01.14 | B100: SERVIÇOS AUXILIARES DE INSTALAÇÃO DE OBRA
A101: 01.14.01 | B101: PORTA EM COMPENSADO RESINADO 10MM 80X210CM | C101: UN | D101: 105.25 | E101: 108.27
A102: 01.14.02 | B102: CONJUNTO MESA (130X60CM) E 2 BANCOS (130X40CM) EM MADEIRITE | C102: CJ | D102: 351.71 | E102: 369.79
A103: 01.14.03 | B103: BANCO (130X40CM) EM MADEIRITE, PARA VESTIARIO | C103: UN | D103: 98.58 | E103: 105.36
A104: 01.14.04 | B104: MAPOTECA PARA PROJETO 1,40X1,10X1,40M E PEÇA 8X8 CM | C104: UN | D104: 151.54 | E104: 160.56
A105: 01.14.05 | B105: JANELA DE CORRER DE FERRO 1x1/8", AREA > 1,0 M2 | C105: UN | D105: 364.79 | E105: 393.13
A106: 01.14.06 | B106: BANCO (200X35CM) EM MADEIRITE, PARA VESTIARIO | C106: UN | D106: 121.39 | E106: 128.17
...

Sheet SINAPI-INSUMOS-DESONERADO
A1: CODIGO | B1: DESCRICAO DO INSUMO | C1: UNIDADE DE MEDIDA | D1: PRECO MEDIANO R$
A2: 38605 | B2: ABERTURA PARA ENCAIXE DE CUBA OU LAVATORIO EM BANCADA DE MARMORE/ GRANITO OU OUTRO TIPO DE PEDRA NATURAL | C2: UN | D2: 118,65
A3: 11270 | B3: ABRACADEIRA DE LATAO PARA FIXACAO DE CABO PARA-RAIO, DIMENSOES 32 X 24 X 24 MM | C3: UN | D3: 3,54
A4: 412 | B4: ABRACADEIRA DE NYLON PARA AMARRACAO DE CABOS, COMPRIMENTO DE *230* X *7,6* MM | C4: UN | D4: 0,97
A5: 414 | B5: ABRACADEIRA DE NYLON PARA AMARRACAO DE CABOS, COMPRIMENTO DE 100 X 2,5 MM | C5: UN | D5: 0,06
A6: 410 | B6: ABRACADEIRA DE NYLON PARA AMARRACAO DE CABOS, COMPRIMENTO DE 150 X *3,6* MM | C6: UN | D6: 0,15
A7: 411 | B7: ABRACADEIRA DE NYLON PARA AMARRACAO DE CABOS, COMPRIMENTO DE 200 X *4,6* MM | C7: UN | D7: 0,19
A8: ED-50391 | B8: ABRACADEIRA DE NYLON PARA AMARRACAO DE CABOS, COMPRIMENTO DE 390 X *4,6* MM | C8: UN | D8: 0,94
A9: 39131 | B9: ABRACADEIRA EM ACO PARA AMARRACAO DE ELETRODUTOS, TIPO D, COM 1 1/2" E CUNHA DE FIXACAO | C9: UN | D9: 3,16
A10: 394 | B10: ABRACADEIRA EM ACO PARA AMARRACAO DE ELETRODUTOS, TIPO D, COM 1 1/2" E PARAFUSO DE FIXACAO | C10: UN | D10: 3,20
A11: 39130 | B11: ABRACADEIRA EM ACO PARA AMARRACAO DE ELETRODUTOS, TIPO D, COM 1 1/4" E CUNHA DE FIXACAO | C11: UN | D11: 2,88
A12: 395 | B12: ABRACADEIRA EM ACO PARA AMARRACAO DE ELETRODUTOS, TIPO D, COM 1 1/4" E PARAFUSO DE FIXACAO | C12: UN | D12: 3,08
A13: 39127 | B13: ABRACADEIRA EM ACO PARA AMARRACAO DE ELETRODUTOS, TIPO D, COM 1/2" E CUNHA DE FIXACAO | C13: UN | D13: 1,52
A14: 392 | B14: ABRACADEIRA EM ACO PARA AMARRACAO DE ELETRODUTOS, TIPO D, COM 1/2" E PARAFUSO DE FIXACAO | C14: UN | D14: 1,56
A15: 39129 | B15: ABRACADEIRA EM ACO PARA AMARRACAO DE ELETRODUTOS, TIPO D, COM 1" E CUNHA DE FIXACAO | C15: UN | D15: 1,78
A16: 393 | B16: ABRACADEIRA EM ACO PARA AMARRACAO DE ELETRODUTOS, TIPO D, COM 1" E PARAFUSO DE FIXACAO | C16: UN | D16: 1,86
A17: 39133 | B17: ABRACADEIRA EM ACO PARA AMARRACAO DE ELETRODUTOS, TIPO D, COM 2 1/2" E CUNHA DE FIXACAO | C17: UN | D17: 4,15
A18: 397 | B18: ABRACADEIRA EM ACO PARA AMARRACAO DE ELETRODUTOS, TIPO D, COM 2 1/2" E PARAFUSO DE FIXACAO | C18: UN | D18: 4,59
A19: 39132 | B19: ABRACADEIRA EM ACO PARA AMARRACAO DE ELETRODUTOS, TIPO D, COM 2" E CUNHA DE FIXACAO | C19: UN | D19: 3,32
A20: 396 | B20: ABRACADEIRA EM ACO PARA AMARRACAO DE ELETRODUTOS, TIPO D, COM 2" E PARAFUSO DE FIXACAO | C20: UN | D20: 3,56
... A4911: 41096 | B4911: VIGIA DIURNO (MENSALISTA) | C4911: MES | D4911: 2.569,71
A4913: TOTAL DE INSUMOS : 4910

Sheet SINAPI-INSUMOS-NAO DESONERADO
A1: PRECOS DE INSUMOS - BANCO NACIONAL
A3: MES DE COLETA: 01/2024
A4: LOCALIDADE: 1950 - BELO HORIZONTE
A5: ENCARGOS SOCIAIS (%) HORISTA 108,90 MENSALISTA 67,79
A7: CODIGO | B7: DESCRICAO DO INSUMO | C7: UNIDADE DE MEDIDA | D7: PRECO MEDIANO R$
A8: ED-50391 | B8: ABERTURA PARA ENCAIXE DE CUBA OU LAVATORIO EM BANCADA DE MARMORE/ GRANITO OU OUTRO TIPO DE PEDRA NATURAL | C8: UN | D8: 118,65
A9: 11270 | B9: ABRACADEIRA DE LATAO PARA FIXACAO DE CABO PARA-RAIO, DIMENSOES 32 X 24 X 24 MM | C9: UN | D9: 3,54
A10: 412 | B10: ABRACADEIRA DE NYLON PARA AMARRACAO DE CABOS, COMPRIMENTO DE *230* X *7,6* MM | C10: UN | D10: 0,97
A11: 414 | B11: ABRACADEIRA DE NYLON PARA AMARRACAO DE CABOS, COMPRIMENTO DE 100 X 2,5 MM | C11: UN | D11: 0,06
A12: 410 | B12: ABRACADEIRA DE NYLON PARA AMARRACAO DE CABOS, COMPRIMENTO DE 150 X *3,6* MM | C12: UN | D12: 0,15
A13: 411 | B13: ABRACADEIRA DE NYLON PARA AMARRACAO DE CABOS, COMPRIMENTO DE 200 X *4,6* MM | C13: UN | D13: 0,19
A14: 408 | B14: ABRACADEIRA DE NYLON PARA AMARRACAO DE CABOS, COMPRIMENTO DE 390 X *4,6* MM | C14: UN | D14: 0,94
A15: 39131 | B15: ABRACADEIRA EM ACO PARA AMARRACAO DE ELETRODUTOS, TIPO D, COM 1 1/2" E CUNHA DE FIXACAO | C15: UN | D15: 3,16
A16: 394 | B16: ABRACADEIRA EM ACO PARA AMARRACAO DE ELETRODUTOS, TIPO D, COM 1 1/2" E PARAFUSO DE FIXACAO | C16: UN | D16: 3,20
A17: 39130 | B17: ABRACADEIRA EM ACO PARA AMARRACAO DE ELETRODUTOS, TIPO D, COM 1 1/4" E CUNHA DE FIXACAO | C17: UN | D17: 2,88
A18: 395 | B18: ABRACADEIRA EM ACO PARA AMARRACAO DE ELETRODUTOS, TIPO D, COM 1 1/4" E PARAFUSO DE FIXACAO | C18: UN | D18: 3,08
A19: 39127 | B19: ABRACADEIRA EM ACO PARA AMARRACAO DE ELETRODUTOS, TIPO D, COM 1/2" E CUNHA DE FIXACAO | C19: UN | D19: 1,52
A20: 392 | B20: ABRACADEIRA EM ACO PARA AMARRACAO DE ELETRODUTOS, TIPO D, COM 1/2" E PARAFUSO DE FIXACAO | C20: UN | D20: 1,56
... A4917: 41096 | B4917: VIGIA DIURNO (MENSALISTA) | C4917: MES | D4917: 2.956,67
A4919: TOTAL DE INSUMOS : 4910

Sheet CAPA
A1: Cliente
A2: PREFEITURA MUNICIPAL DE TUNÁPOLIS - SC
A3: Empreendimento
A4: ENDEREÇO: RUA JOÃO CASTILHO, 298, CENTRO, TUNÁPOLIS - SC
A5: Especialidade | D5: ENTIDADE | F5: Revisão
A6: Reforma / Obra | F6: 0
A7: Título do Projeto: REFORMA DO MUSEU PÚBLICO MUNICIPAL IDA SCHNEIDER
E8: VALOR TOTAL PREVISTO | G8: ='ORÇAMENTO SINTETICO'!H77 -> 0
A9: Leis Sociais | E9: Data:
A10: Horista | D10: Mensalista | E10: 46161
A11: ='Leis Sociais'!C9 -> 0.8444 | D11: ='Leis Sociais'!F9 -> 0.4748
A12: Título do Documento
A13: Tabelas Referenciais (Nome e Data Base): | E13: Data Base do Orçamento:
A14: SINAPI desonerada 03/2026
A15: SICRO desonerada 03/2026
A21: Controle de Revisões
A22: Revisão | B22: Data | C22: Histórico
A23: 0 | B23: XX/XX/XX | C23: CAPA
A24: 0 | B24: XX/XX/XX | C24: BDI
A25: 0 | B25: XX/XX/XX | C25: LEIS SOCIAIS
A26: 0 | B26: XX/XX/XX | C26: PLANILHA ORÇAMENTÁRIA SINTÉTICA
A27: 0 | B27: XX/XX/XX | C27: CRONOGRAMA
A28: 0 | B28: XX/XX/XX | C28: PLANILHA ORÇAMENTÁRIA ANALÍTICA - COMPOSIÇÕES
A29: 0 | B29: XX/XX/XX | C29: PLANILHA ORÇAMENTÁRIA ANALÍTICA - COMPOSIÇÕES TABELAS
A30: 0 | B30: XX/XX/XX | C30: COTAÇÕES
A34: Observação:

Sheet RESUMO
B1: #VALUE! | F1: SERIVÇO SOCIAL DO TRANSPORTE SERVIÇO NACIONAL DE APRENDIZAGEM DO TRANSPORTE | G1: REVISÃO: | I1: =CAPA!F6 -> 0
G2: DATA: | I2: =CAPA!E10 -> 46161
G3: BASE ORÇAMENTO: | I3: =CAPA!G13 -> 0
B5: OBRA: | F5: =CAPA!A6&" - "&CAPA!A2 -> Reforma / Obra - PREFEITURA MUNICIPAL DE TUNÁPOLIS - SC | G5: RESPONSÁVEL TÉCNICO ORÇAMENTO:
B6: ENDEREÇO: | F6: =CAPA!A4 -> ENDEREÇO: RUA JOÃO CASTILHO, 298, CENTRO, TUNÁPOLIS - SC
G7: NASSER - CREA/MG
B8: PLANILHA ORÇAMENTÁRIA - RESUMO | G8: ART:
A9: l | B9: ITEM | F9: DESCRIÇÃO DO SERVIÇO | I9: VALOR TOTAL | J9: PESO
A10: l
B11: 01. | F11: SERVICIOS GERAIS | I11: =VLOOKUP(F11,'ORÇAMENTO SINTETICO'!$D$12:$H$12,5,FALSE) -> #N/A | J11: =I11/$I$42 -> #N/A
B12: 02. | F12: SERVICOS PRELIMINARES | I12: =VLOOKUP(F12,'ORÇAMENTO SINTETICO'!$D$12:$H$12,5,FALSE) -> #N/A | J12: =I12/$I$42 -> #N/A
B13: 03. | F13: SERVICOS COMPLEMENTARES | I13: =VLOOKUP(F13,'ORÇAMENTO SINTETICO'!$D$12:$H$12,5,FALSE) -> #N/A | J13: =I13/$I$42 -> #N/A
B14: 04. | F14: SERVICOS AUXILIARES ADMINISTRA TIVOS | I14: =VLOOKUP(F14,'ORÇAMENTO SINTETICO'!$D$12:$H$12,5,FALSE) -> #N/A | J14: =I14/$I$42 -> #N/A
B15: 05. | F15: DEPOSITO E OFICINA 02 | I15: =VLOOKUP(F15,'ORÇAMENTO SINTETICO'!$D$12:$H$12,5,FALSE) -> #N/A | J15: =I15/$I$42 -> #N/A
B16: 06. | F16: BIBLIOTECA, LABORATÓRIO INFORMÁTICA, SALAS DE TREINAMENTO, SALA SIMULADOR EMPILHADEIRA E OFICINA 01 | I16: =VLOOKUP(F16,'ORÇAMENTO SINTETICO'!$D$12:$H$12,5,FALSE) -> #N/A | J16: =I16/$I$42 -> #N/A
B17: 07. | F17: SALA DO SIMULADOR | I17: =VLOOKUP(F17,'ORÇAMENTO SINTETICO'!$D$12:$H$12,5,FALSE) -> #N/A | J17: =I17/$I$42 -> #N/A
B18: 08. | F18: COFFEE BREACK | I18: =VLOOKUP(F18,'ORÇAMENTO SINTETICO'!$D$12:$H$12,5,FALSE) -> #N/A | J18: =I18/$I$42 -> #N/A
B19: 09. | F19: BANHEIRO PCD | I19: =VLOOKUP(F19,'ORÇAMENTO SINTETICO'!$D$12:$H$12,5,FALSE) -> #N/A | J19: =I19/$I$42 -> #N/A
B20: 10. | F20: HALL ACESSO / BANHEIRO PCD | I20: =VLOOKUP(F20,'ORÇAMENTO SINTETICO'!$D$12:$H$12,5,FALSE) -> #N/A | J20: =I20/$I$42 -> #N/A
B21: 11. | F21: BANHEIRO MASCULINO | I21: =VLOOKUP(F21,'ORÇAMENTO SINTETICO'!$D$12:$H$12,5,FALSE) -> #N/A | J21: =I21/$I$42 -> #N/A
B22: 12. | F22: BANHEIRO FEMININO | I22: =VLOOKUP(F22,'ORÇAMENTO SINTETICO'!$D$12:$H$12,5,FALSE) -> #N/A | J22: =I22/$I$42 -> #N/A
... B40: 30. | F40: INSTALACOES | I40: =VLOOKUP(F40,'ORÇAMENTO SINTETICO'!$D$12:$H$12,5,FALSE) -> #N/A | J40: =I40/$I$42 -> #N/A
G42: TOTAL: | I42: =SUM(I11:I40) -> #N/A
G43: BDI: | H43: 0.3541 | I43: =TRUNC((I42*$H$43),2) -> #N/A
G44: TOTAL GERAL: | I44: =I42+I43 -> #N/A

Sheet Leis Sociais
A5: =CAPA!A2 -> PREFEITURA MUNICIPAL DE TUNÁPOLIS - SC
A6: ENCARGOS SOCIAIS
A8: Leis Sociais Desoneradas (referência horista e mensalista SINAPI): LS
B9: Horista: | C9: 0.8444 | E9: Mensalista: | F9: 0.4748
A10: Benefícios e Despesas Indiretas: BDI | H10: ='Anexo BDI'!D26 -> 0.23535496

Sheet Anexo BDI
A5: PREFEITURA MUNICIPAL DE TUNÁPOLIS - SC
A6: REFORMA DO MUSEU PÚBLICO MUNICIPAL IDA SCHNEIDER
A7: TAXAS: COMPOSIÇÃO - LEIS SOCIAIS E BDI
A9: BONIFICAÇÃO E DESPESAS INDIRETAS - BDI
A12: Item | B12: LEIS SOCIAIS (LS) - SINAPI
A13: 1 | B13: HORISTA (taxa já inclusa nos valores unitários de mão-de-obra) | C13: LS | D13: ='Leis Sociais'!C9 -> 0.8444
A14: 2 | B14: MENSALISTA (taxa já inclusa nos valores unitários de mão-de-obra) | D14: ='Leis Sociais'!F9 -> 0.4748
A16: Item | B16: BONIFICAÇÃO DE DESPESAS INDIRETAS - BDI
A17: 1 | B17: RISCO | C17: R | D17: 0.0127
A18: 2 | B18: SEGUROS + GARANTIAS | C18: SG | D18: 0.008
A19: 3 | B19: DESPESAS FINANCEIRAS | C19: DF | D19: 0.0123
A20: 4 | B20: ADMINISTRAÇÃO CENTRAL | C20: AC | D20: 0.04
A21: 5 | B21: LUCRO | C21: L | D21: 0.074
A22: 6 | B22: COFINS | C22: I | D22: 0.03
A23: 7 | B23: PIS | D23: 0.0065
A24: 8 | B24: CPRB | D24: 0
A25: 9 | B25: ISS | D25: 0.03
A26: Fórmula: | B26: BDI = { [ (1+(R+S+G+AC)).(1+DF).(1+L) ] -1 } x 100 1 - ( I ) | C26: BDI = | D26: =(((1+(D17+D18+D20))*(1+D19)*(1+D21))/(1-(SUM(D22:D25))))-1 -> 0.23535496

Sheet ORÇAMENTO SINTETICO
A1: #VALUE! | C1: PREFEITURA MUNICIPAL DE TUNÁPOLIS - SC
A5: OBRA: | D5: PROJETO DE REFORMA DO MUSEU PÚBLICO MUNICIPAL IDA SCHNEIDER
A6: ENDEREÇO: | D6: RUA JOÃO CASTILHO, 298, CENTRO | E6: REVISÃO: | G6: =CAPA!F11 -> 0
A7: RESPONSÁVEL TÉCNICO ORÇAMENTO: | D7: =RESUMO!G7 -> NASSER - CREA/MG | E7: DATA: | G7: 46161
A8: ART: | D8: =RESUMO!H8 -> 0 | E8: BASE ORÇAMENTO: | G8: SINAPI SINCRO DESONERADA
A9: PLANILHA ORÇAMENTÁRIA SINTÉTICA - MUSEU PÚBLICO MUNICIPAL IDA SCHNEIDER | E9: TABELAS REFERÊNCIAS: SINAPI, SICRO DESONERADA
A10: ITEM | B10: BASE COMP. | C10: CÓDIGO | D10: DESCRIÇÃO DO SERVIÇO | E10: UND | F10: QUANT. | G10: R$ UNIT | H10: VALOR TOTAL
A12: 01. | D12: CUSTOS GERAIS | H12: =SUM(,H13,H15,H41,H65) -> 63377.527
A13: 01.02 | D13: PLACA DA OBRA | H13: =H14 -> 1437.47
A14: 01.02.01 | B14: SINAPI | C14: 103689 | D14: FORNECIMENTO E INSTALAÇÃO DE PLACA DE OBRA COM CHAPA GALVANIZADA E ESTRUTURA DE MADEIRA. AF_03/2022_PS | E14: M2 | F14: 2.88 | G14: 499.12 | H14: =ROUND(F14*G14,2) -> 1437.47
A15: 02. | D15: SALA 1 | H15: =SUM(H16,H20,H24,H29,H36,) -> 27775.191
A16: 02.01.01 | D16: PORTAS | H16: =SUM(H17:H19) -> 5852.8662
A17: 02.01.02 | B17: SINAPI | C17: 97644 | D17: REMOÇÃO DE PORTAS, DE FORMA MANUAL, SEM REAPROVEITAMENTO. AF_09/2023 | E17: M2 | F17: 2.1 | G17: 11.39 | H17: =F17*G17 -> 23.919
A18: 02.01.03 | B18: SINAPI | C18: 100702 | D18: PORTA DE CORRER DE ALUMÍNIO, COM DUAS FOLHAS PARA VIDRO, INCLUSO VIDRO LISO INCOLOR, FECHADURA E PUXADOR, SEM ALIZAR. AF_10/2025 | E18: M2 | F18: 4.8 | G18: 818.71 | H18: =F18*G18 -> 3929.808
A19: 02.01.04 | B19: SINAPI | C19: 4914 | D19: PORTA DE ABRIR EM ALUMINIO COM LAMBRI HORIZONTAL/LAMINADA, ACABAMENTO ANODIZADO NATURAL, SEM GUARNICAO/ALIZAR/VISTA | E19: M2 | F19: 1.68 | G19: 1130.44 | H19: =F19*G19 -> 1899.1392
A20: 02.02 | D20: JANELAS | H20: =SUM(H21:H23) -> 7036.137
A21: 02.02.01 | B21: SINAPI | C21: 97645 | D21: REMOÇÃO DE JANELAS, DE FORMA MANUAL, SEM REAPROVEITAMENTO. AF_09/2023 | E21: M2 | F21: 12.5 | G21: 29.41 | H21: =F21*G21 -> 367.625
A22: 02.02.02 | B22: SINAPI | C22: 94570 | D22: JANELA DE ALUMÍNIO DE CORRER COM 2 FOLHAS PARA VIDROS (VIDROS INCLUSOS), BATENTE/ REQUADRO 6 A 14 CM, ACABAMENTO COM ACETATO OU BRILHANTE, FIXAÇÃO COM PARAFUSO, SEM GUARNIÇÃO/ ALIZAR, DIMENSÕES 100X120 CM, VEDAÇÃO COM SILICONE, EXCLUSIVE CONTRAMARCO - FORNECIMENTO E INSTALAÇÃO. AF_11/2024 | E22: M2 | F22: 12.8 | G22: 406.54 | H22: =F22*G22 -> 5203.712
A23: 02.02.03 | B23: SINAPI | C23: 101965 | D23: PEITORIL LINEAR EM GRANITO OU MÁRMORE, L = 15CM, ASSENTADO COM ARGAMASSA 1:6 COM ADITIVO. AF_11/2020 | E23: M | F23: 8 | G23: 183.1 | H23: =F23*G23 -> 1464.8
A24: 02.03 | D24: PISO | H24: =SUM(H25:H28) -> 8433.6935
A25: 02.03.01 | B25: SINAPI | C25: 97633 | D25: DEMOLIÇÃO DE REVESTIMENTO CERÂMICO, DE FORMA MANUAL, SEM REAPROVEITAMENTO. AF_09/2023 | E25: M2 | F25: 46.65 | G25: 27.16 | H25: =F25*G25 -> 1267.014
A26: 02.03.02 | B26: SINAPI | C26: 87622 | D26: CONTRAPISO EM ARGAMASSA TRAÇO 1:4 (CIMENTO E AREIA), PREPARO MANUAL, APLICADO EM ÁREAS SECAS SOBRE LAJE, ADERIDO, ACABAMENTO NÃO REFORÇADO, ESPESSURA 2CM. AF_07/2021 | E26: M2 | F26: 46.65 | G26: 41.66 | H26: =F26*G26 -> 1943.439
A27: 02.03.03 | B27: SINAPI | C27: 87263 | D27: REVESTIMENTO CERÂMICO PARA PISO COM PLACAS TIPO PORCELANATO DE DIMENSÕES 60X60 CM APLICADA EM AMBIENTES DE ÁREA MAIOR QUE 10 M². AF_02/2023_PE | E27: M2 | F27: 46.65 | G27: 105.97 | H27: =F27*G27 -> 4943.5005
A28: 02.03.04 | B28: SINAPI | C28: 98689 | D28: SOLEIRA EM GRANITO, LARGURA 15 CM, ESPESSURA 2,0 CM. AF_02/2026 | E28: M | F28: 2 | G28: 139.87 | H28: =F28*G28 -> 279.74
A29: 02.04 | D29: VEDAÇÕES | H29: =SUM(H30:H35) -> 2686.2646
A30: 02.04.01 | B30: SINAPI | C30: 97622 | D30: DEMOLIÇÃO DE ALVENARIA DE BLOCO FURADO, DE FORMA MANUAL, SEM REAPROVEITAMENTO. AF_09/2023 | E30: M3 | F30: 1.31 | G30: 67.08 | H30: =F30*G30 -> 87.8748
A31: 02.04.02 | B31: SINAPI | C31: 103355 | D31: ALVENARIA DE VEDAÇÃO DE BLOCOS CERÂMICOS FURADOS NA HORIZONTAL DE 11,5X14X24 CM (ESPESSURA 11,5 CM) E ARGAMASSA DE ASSENTAMENTO COM PREPARO MANUAL. AF_12/2021 | E31: M2 | F31: 6.85 | G31: 107.69 | H31: =F31*G31 -> 737.6765
A32: 02.04.03 | B32: SINAPI | C32: 87878 | D32: CHAPISCO APLICADO EM ALVENARIAS E ESTRUTURAS DE CONCRETO INTERNAS, COM COLHER DE PEDREIRO. ARGAMASSA TRAÇO 1:3 COM PREPARO MANUAL. AF_10/2022 | E32: M2 | F32: 13.7 | G32: 5.86 | H32: =F32*G32 -> 80.282
A33: 02.04.04 | B33: SINAPI | C33: 87368 | D33: ARGAMASSA TRAÇO 1:1,5:7,5 (EM VOLUME DE CIMENTO, CAL E AREIA MÉDIA ÚMIDA) PARA EMBOÇO/MASSA ÚNICA/ASSENTAMENTO DE ALVENARIA DE VEDAÇÃO, PREPARO MANUAL. AF_08/2019 | E33: M3 | F33: 0.274 | G33: 781.61 | H33: =G33*F33 -> 214.16114
A34: 02.04.05 | B34: SINAPI | C34: 88495 | D34: EMASSAMENTO COM MASSA LÁTEX, APLICAÇÃO EM PAREDE, UMA DEMÃO, LIXAMENTO MANUAL. AF_04/2023 | E34: M2 | F34: 57.86 | G34: 13.49 | H34: =F34*G34 -> 780.5314
A35: 02.04.06 | B35: SINAPI | C35: 88489 | D35: PINTURA LÁTEX ACRÍLICA PREMIUM, APLICAÇÃO MANUAL EM PAREDES, DUAS DEMÃOS. AF_04/2023 | E35: M2 | F35: 57.86 | G35: 13.58 | H35: =F35*G35 -> 785.7388
A36: 02.05 | D36: TETO | H36: =SUM(H37:H40) -> 3766.23
A37: 02.05.01 | B37: SINAPI | C37: 97640 | D37: REMOÇÃO DE FORROS DE DRYWALL, PVC E FIBROMINERAL, DE FORMA MANUAL, SEM REAPROVEITAMENTO. AF_09/2023 | E37: M2 | F37: 46.65 | G37: 2.35 | H37: =F37*G37 -> 109.6275
A38: 02.05.02 | B38: SINAPI | C38: 96486 | D38: FORRO EM RÉGUAS DE PVC, LISO, PARA AMBIENTES COMERCIAIS, INCLUSIVE ESTRUTURA BIDIRECIONAL DE FIXAÇÃO. AF_08/2023_PS | E38: M2 | F38: 46.65 | G38: 74.65 | H38: =F38*G38 -> 3482.4225
A39: 02.05.03 | B39: SINAPI | C39: 97665 | D39: REMOÇÃO DE LUMINÁRIAS, DE FORMA MANUAL, SEM REAPROVEITAMENTO. AF_09/2023 | E39: UN | F39: 4 | G39: 2.34 | H39: =F39*G39 -> 9.36
A40: 02.05.04 | B40: SINAPI | C40: 103785 | D40: LUMINÁRIA TIPO PLAFON QUADRADA, DE SOBREPOR, COM LED DE 24 W - FORNECIMENTO E INSTALAÇÃO. AF_09/2024 | E40: UN | F40: 6 | G40: 27.47 | H40: =F40*G40 -> 164.82
A41: 03. | D41: SALA 2 | H41: =SUM(H42,H45,H49,H53,H60) -> 19717.563
A42: 03.01 | D42: PORTAS | H42: =SUM(H43:H44) -> 1918.2744
A43: 03.01.01 | B43: SINAPI | C43: 97644 | D43: REMOÇÃO DE PORTAS, DE FORMA MANUAL, SEM REAPROVEITAMENTO. AF_09/2023 | E43: M2 | F43: 1.68 | G43: 11.39 | H43: =F43*G43 -> 19.1352
A44: 03.01.02 | B44: SINAPI | C44: 4914 | D44: PORTA DE ABRIR EM ALUMINIO COM LAMBRI HORIZONTAL/LAMINADA, ACABAMENTO ANODIZADO NATURAL, SEM GUARNICAO/ALIZAR/VISTA | E44: M2 | F44: 1.68 | G44: 1130.44 | H44: =F44*G44 -> 1899.1392
A45: 03.02 | D45: JANELAS | H45: =SUM(H46:H48) -> 3184.2195
A46: 03.02.01 | B46: SINAPI | C46: 97645 | D46: REMOÇÃO DE JANELAS, DE FORMA MANUAL, SEM REAPROVEITAMENTO. AF_09/2023 | E46: M2 | F46: 7.35 | G46: 29.41 | H46: =F46*G46 -> 216.1635
A47: 03.02.02 | B47: SINAPI | C47: 94570 | D47: JANELA DE ALUMÍNIO DE CORRER COM 2 FOLHAS PARA VIDROS (VIDROS INCLUSOS), BATENTE/ REQUADRO 6 A 14 CM, ACABAMENTO COM ACETATO OU BRILHANTE, FIXAÇÃO COM PARAFUSO, SEM GUARNIÇÃO/ ALIZAR, DIMENSÕES 100X120 CM, VEDAÇÃO COM SILICONE, EXCLUSIVE CONTRAMARCO - FORNECIMENTO E INSTALAÇÃO. AF_11/2024 | E47: M2 | F47: 6.4 | G47: 406.54 | H47: =F47*G47 -> 2601.856
A48: 03.02.03 | B48: SINAPI | C48: 101965 | D48: PEITORIL LINEAR EM GRANITO OU MÁRMORE, L = 15CM, ASSENTADO COM ARGAMASSA 1:6 COM ADITIVO. AF_11/2020 | E48: M | F48: 2 | G48: 183.1 | H48: =F48*G48 -> 366.2
A49: 03.03 | D49: PISO | H49: =SUM(H50:H52) -> 8320.004
A50: 03.03.01 | B50: SINAPI | C50: 97633 | D50: DEMOLIÇÃO DE REVESTIMENTO CERÂMICO, DE FORMA MANUAL, SEM REAPROVEITAMENTO. AF_09/2023 | E50: M2 | F50: 47.6 | G50: 27.16 | H50: =F50*G50 -> 1292.816
A51: 03.03.02 | B51: SINAPI | C51: 87622 | D51: CONTRAPISO EM ARGAMASSA TRAÇO 1:4 (CIMENTO E AREIA), PREPARO MANUAL, APLICADO EM ÁREAS SECAS SOBRE LAJE, ADERIDO, ACABAMENTO NÃO REFORÇADO, ESPESSURA 2CM. AF_07/2021 | E51: M2 | F51: 47.6 | G51: 41.66 | H51: =F51*G51 -> 1983.016
A52: 03.03.03 | B52: SINAPI | C52: 87263 | D52: REVESTIMENTO CERÂMICO PARA PISO COM PLACAS TIPO PORCELANATO DE DIMENSÕES 60X60 CM APLICADA EM AMBIENTES DE ÁREA MAIOR QUE 10 M². AF_02/2023_PE | E52: M2 | F52: 47.6 | G52: 105.97 | H52: =F52*G52 -> 5044.172
A53: 03.04 | D53: VEDAÇÕES | H53: =SUM(H54:H59) -> 2474.885
A54: 03.04.01 | B54: SINAPI | C54: 97622 | D54: DEMOLIÇÃO DE ALVENARIA DE BLOCO FURADO, DE FORMA MANUAL, SEM REAPROVEITAMENTO. AF_09/2023 | E54: M3 | F54: 0.99 | G54: 67.08 | H54: =F54*G54 -> 66.4092
A55: 03.04.02 | B55: SINAPI | C55: 103355 | D55: ALVENARIA DE VEDAÇÃO DE BLOCOS CERÂMICOS FURADOS NA HORIZONTAL DE 11,5X14X24 CM (ESPESSURA 11,5 CM) E ARGAMASSA DE ASSENTAMENTO COM PREPARO MANUAL. AF_12/2021 | E55: M2 | F55: 2.75 | G55: 107.69 | H55: =F55*G55 -> 296.1475
A56: 03.04.03 | B56: SINAPI | C56: 87878 | D56: CHAPISCO APLICADO EM ALVENARIAS E ESTRUTURAS DE CONCRETO INTERNAS, COM COLHER DE PEDREIRO. ARGAMASSA TRAÇO 1:3 COM PREPARO MANUAL. AF_10/2022 | E56: M2 | F56: 5.5 | G56: 5.86 | H56: =F56*G56 -> 32.23
A57: 03.04.04 | B57: SINAPI | C57: 87368 | D57: ARGAMASSA TRAÇO 1:1,5:7,5 (EM VOLUME DE CIMENTO, CAL E AREIA MÉDIA ÚMIDA) PARA EMBOÇO/MASSA ÚNICA/ASSENTAMENTO DE ALVENARIA DE VEDAÇÃO, PREPARO MANUAL. AF_08/2019 | E57: M3 | F57: 0.11 | G57: 787.85 | H57: =G57*F57 -> 86.6635
A58: 03.04.05 | B58: SINAPI | C58: 88495 | D58: EMASSAMENTO COM MASSA LÁTEX, APLICAÇÃO EM PAREDE, UMA DEMÃO, LIXAMENTO MANUAL. AF_04/2023 | E58: M2 | F58: 73.64 | G58: 13.49 | H58: =F58*G58 -> 993.4036
A59: 03.04.06 | B59: SINAPI | C59: 88489 | D59: PINTURA LÁTEX ACRÍLICA PREMIUM, APLICAÇÃO MANUAL EM PAREDES, DUAS DEMÃOS. AF_04/2023 | E59: M2 | F59: 73.64 | G59: 13.58 | H59: =F59*G59 -> 1000.0312
A60: 03.05 | D60: TETO | H60: =SUM(H61:H64) -> 3820.18
A61: 03.05.01 | B61: SINAPI | C61: 97640 | D61: REMOÇÃO DE FORROS DE DRYWALL, PVC E FIBROMINERAL, DE FORMA MANUAL, SEM REAPROVEITAMENTO. AF_09/2023 | E61: M2 | F61: 47.6 | G61: 2.35 | H61: =F61*G61 -> 111.86
A62: 03.05.02 | B62: SINAPI | C62: 96486 | D62: FORRO EM RÉGUAS DE PVC, LISO, PARA AMBIENTES COMERCIAIS, INCLUSIVE ESTRUTURA BIDIRECIONAL DE FIXAÇÃO. AF_08/2023_PS | E62: M2 | F62: 47.6 | G62: 74.65 | H62: =F62*G62 -> 3553.34
A63: 03.05.03 | B63: SINAPI | C63: 97665 | D63: REMOÇÃO DE LUMINÁRIAS, DE FORMA MANUAL, SEM REAPROVEITAMENTO. AF_09/2023 | E63: UN | F63: 4 | G63: 2.34 | H63: =F63*G63 -> 9.36
A64: 03.05.04 | B64: SINAPI | C64: 103785 | D64: LUMINÁRIA TIPO PLAFON QUADRADA, DE SOBREPOR, COM LED DE 24 W - FORNECIMENTO E INSTALAÇÃO. AF_09/2024 | E64: UN | F64: 6 | G64: 24.27 | H64: =F64*G64 -> 145.62
A65: 04. | D65: ÁREA EXTERNA | H65: =SUM(H66:H72) -> 14447.303
A66: 04.01.01 | B66: SINAPI | C66: 106004 | D66: EXECUÇÃO DE CANALETA DE CONCRETO ARMADO MOLDADA IN LOCO, ESPESSURA DE 0,1 M, GEOMETRIA QUADRADA, COM DIMENSÕES INTERNAS: L=0,20 M; H=0,20 M. AF_05/2025 | E66: M | F66: 5.04 | G66: 195.46 | H66: =F66*G66 -> 985.1184
A67: 04.01.02 | B67: SINAPI | C67: 104798 | D67: REMOÇÃO DE SUPORTE METÁLICO OU DE MADEIRA PARA PLACAS DE SINALIZAÇÃO VIÁRIA, DE FORMA MANUAL, SEM REAPROVEITAMENTO. AF_09/2023 | E67: UN | F67: 2 | G67: 16.52 | H67: =F67*G67 -> 33.04
A68: 04.01.03 | B68: SICRO | C68: 2408149* | D68: ESTRUTURA EM PERFIL DE AÇO ASTM A36 CORTE, SOLDA E MONTAGEM - FORNECIMENTO E INSTALAÇÃO | E68: KG | F68: 28 | G68: 17.7 | H68: =F68*G68 -> 495.6
A69: 04.01.04 | B69: SINAPI | C69: 100734** | D69: PINTURA COM TINTA ACRÍLICA DE FUNDO APLICADA A ROLO OU PINCEL SOBRE SUPERFÍCIES METÁLICAS (EXCETO PERFIL) EXECUTADO EM OBRA (POR DEMÃO). AF_01/2020 | E69: M2 | F69: 1.76 | G69: 18.1 | H69: =F69*G69 -> 31.856
A70: 04.01.05 | B70: COTAÇÃO | D70: FORRO METÁLICO, PARA AMBIENTES COMERCIAIS, INCLUSIVE ESTRUTURA DE FIXAÇÃO. AF_08/2023 | E70: M2 | F70: 15.76 | G70: =AVERAGE(COTAÇÕES!G10:G11) -> 660.2 | H70: =F70*G70 -> 10404.752
A71: 04.01.06 | B71: SINAPI | C71: 88495 | D71: EMASSAMENTO COM MASSA LÁTEX, APLICAÇÃO EM PAREDE, UMA DEMÃO, LIXAMENTO MANUAL. AF_04/2023 | E71: M2 | F71: 92.24 | G71: 13.49 | H71: =F71*G71 -> 1244.3176
A72: 04.01.07 | B72: SINAPI | C72: 88489 | D72: PINTURA LÁTEX ACRÍLICA PREMIUM, APLICAÇÃO MANUAL EM PAREDES, DUAS DEMÃOS. AF_04/2023 | E72: M2 | F72: 92.24 | G72: 13.58 | H72: =F72*G72 -> 1252.6192
F74: TOTAL: | G74: =H12 -> 63377.527
F75: BDI: | G75: 0.2354
F77: TOTAL GERAL: | G77: =G74*1.2354 -> 78296.597
F79: Nasser Bhering Barbosa Nasser
F80: ENG CIVIL CREA MG 426.150/D
B82: 2408149* DE ACORDO COM AS CARACTERÍSTICAS DO PERFIL CADA TUBO DE AÇO APRESENTA 14KG
B83: 100734** PERFIL METÁLICO TUBULAR COM 2,80 M E DIAMETRO IGUAL A 0,10 M

Sheet ORC ANALITICO
E1: SERIVÇO SOCIAL DO TRANSPORTE SERVIÇO NACIONAL DE APRENDIZAGEM DO TRANSPORTE | K1: REVISÃO: | M1: =CAPA!H6 -> 0
K2: DATA: | M2: =CAPA!G10 -> 0
K3: BASE ORÇAMENTO: | M3: =CAPA!I13 -> 0
B5: OBRA: | E5: =RESUMO!C5 -> 0 | K5: TABELAS REFERÊNCIAS: SINAPI, SEINFRA, ORSE, SUDECAP, SETOP, SCO, CREA, COMPESA E CELPE
B6: ENDEREÇO: | E6: =RESUMO!C6 -> 0
B7: RESPONSÁVEL TÉCNICO ORÇAMENTO: | E7: =RESUMO!D7 -> 0
B8: ART: | E8: =RESUMO!E8 -> 0
B9: PLANILHA ORÇAMENTÁRIA ANALÍTICA
A10: L | B10: ITEM | F10: UND | G10: QUANT | H10: R$ UNIT | I10: R$ CUSTO TOTAL | K10: Descricao | L10: UND | M10: R$ UNIT | N10: INDICE | O10: QUANT NO ITEM | P10: TOTAL NO ITEM
A11: L
A12: L | B12: 01. | E12: SERVICIOS GERAIS
A13: L | B13: 01.01. | E13: SERVIOS TECNICOS-PROFISSIONAIS
A14: L | B14: 01.01.01. | E14: RELATORIO E MANUAL PROPRIET.
A15: L | B15: 01.01.01.01. | C15: SINAPI | D15: 90770 | E15: ARQUITETO DE OBRA SENIOR COM ENCARGOS COMPLEMENTARES | F15: H | G15: 220 | H15: 100.33 | I15: 22072.6 | J15: SINAPI - 88237 | K15: EPI (ENCARGOS COMPLEMENTARES) - HORISTA | L15: H | M15: 0.86 | N15: 0.05 | O15: 11 | P15: 8.8
A16: L | J16: SINAPI - 95396 | K16: CURSO DE CAPACITAÇÃO PARA ARQUITETO DE OBRA SÊNIOR (ENCARGOS COMPLEMENTARES) - HORISTA | L16: H | M16: 0.67 | N16: 1 | O16: 220 | P16: 147.4
A17: L | J17: SINAPI - 33953 | K17: ARQUITETO SENIOR | L17: H | M17: 99.27 | N17: 1 | O17: 220 | P17: 21839.4
A18: L | J18: SINAPI - 37372 | K18: EXAMES - HORISTA (COLETADO CAIXA) | L18: H | M18: 0.34 | N18: 1 | O18: 220 | P18: 74.8
A19: L | J19: SINAPI - 37373 | K19: SEGURO - HORISTA (COLETADO CAIXA) | L19: H | M19: 0.01 | N19: 1 | O19: 220 | P19: 2.2
A20: L
A21: L
A22: L
A23: L
A24: L
A25: L
A26: L
A27: L
A28: L
A29: L
A30: L
A31: L
... A872: L

Sheet COTAÇÕES
A1: #VALUE! | B1: MAPA DE COTAÇÃO PROJETO DE REFORMA DO MUSEU PÚBLICO MUNICIPAL IDA SCHNEIDER PREÇOS DESONERADOS
A2: CONTRATANTE: | B2: PREFEITURA MUNICIPAL DE TUNÁPOLIS - SC
A3: CONTRATADA: | B3: VERUM ENGENHARIA E CONSULTORIA
A4: N° Contrato: | D4: BDI Diferencial:
A5: Planilhas Referência: | B5: SINAPI e SINCRO | D5: Data : | E5: =TODAY() -> 46245
A6: Data Base: | B6: MARÇO/2026 | D6: Versão: | E6: R.01
A7: BDI: | B7: ='Anexo BDI'!D26 -> 0.23535496
A8: ##0001 | B8: Forro de alumínio lambri ripado - perfil 6m alumínio liga 6060 | F8: UN | G8: M2
A9: DATA | B9: EMPRESA | C9: CNPJ | D9: TIPO | E9: CONTATO | F9: OBSERVAÇÃO | G9: VALOR (R$)
A10: 46161 | B10: Bogoni Aluminios Ltda | C10: 04.224.629/0001-76 | E10: https://www.bogonialuminios.com.br/lb015-perfil-aluminio-lambri-ripado-6-metros?utm_source=google&utm_medium=shopping&utm_campaign=lb015-perfil-aluminio-lambri-ripado-6-metros&inStock&gad_source=4&gad_campaignid=21375467653&gbraid=0AAAAADkoshqYv58WvoZcf76qo__S9FAAD&gclid=EAIaIQobChMIpIyywcLFlAMVVExIAB2AmDISEAQYAiABEgLr6fD_BwE#derivacao=434 | G10: 671.14
A11: 46161 | B11: Caraíba Alumínio | C11: 25.166.424/0002-32 | E11: https://www.mercadolivre.com.br/promocao-de-painel-ripado-em-aluminio-amadeirado/up/MLBU2320017643?pdp_filters=item_id%3AMLB3698729324&from=gshop&matt_tool=77625077&matt_word=&matt_source=google&matt_campaign_id=22120855431&matt_ad_group_id=179138689131&matt_match_type=&matt_network=g&matt_device=c&matt_creative=729092955298&matt_keyword=&matt_ad_position=&matt_ad_type=pla&matt_merchant_id=666865838&matt_product_id=MLBU2320017643&matt_product_partition_id=2392813519383&matt_target_id=pla-2392813519383&cq_src=google_ads&cq_cmp=22120855431&cq_net=g&cq_plt=gp&cq_med=pla&gad_source=4&gad_campaignid=22120855431&gbraid=0AAAAAD93qcCD8p9bO3FJgqvZwAKIwiCBB&gclid=EAIaIQobChMIpIyywcLFlAMVVExIAB2AmDISEAQYASABEgLxFvD_BwE | G11: 649.26

Sheet MEMORIA
C1: SERIVIÇO SOCIAL DO TRANSPORTE SERVIÇO NACIONAL DE APRENDIZAGEM DO TRANSPORTE | E1: REVISÃO: | H1: =CAPA!F6 -> 0
E2: DATA: | H2: =CAPA!E10 -> 46161
E3: BASE ORÇAMENTO: | H3: =CAPA!G13 -> 0
A5: OBRA: | D5: =RESUMO!F5 -> Reforma / Obra - PREFEITURA MUNICIPAL DE TUNÁPOLIS - SC | E5: TABELAS REFERÊNCIAS: SINAPI, SEINFRA, ORSE, SUDECAP, SETOP, SCO, CREA, COMPESA E CELPE
A6: ENDEREÇO: | D6: =RESUMO!F6 -> ENDEREÇO: RUA JOÃO CASTILHO, 298, CENTRO, TUNÁPOLIS - SC
A7: RESPONSÁVEL TÉCNICO ORÇAMENTO: | D7: =RESUMO!G7 -> NASSER - CREA/MG
A8: ART: | D8: =RESUMO!H8 -> 0
A9: PLANILHA ORÇAMENTÁRIA SINTÉTICA
A10: ITEM | B10: BASE COMP. | C10: CÓDIGO | D10: DESCRIÇÃO DO SERVIÇO | E10: UND | F10: QUANT. | G10: MEMÓRIA | H10: OBSERVAÇÃO
A12: ='ORÇAMENTO SINTETICO'!A12 -> 01. | D12: ='ORÇAMENTO SINTETICO'!D12 -> CUSTOS GERAIS
A13: ='ORÇAMENTO SINTETICO'!#REF! -> #REF! | D13: ='ORÇAMENTO SINTETICO'!#REF! -> #REF!
A14: ='ORÇAMENTO SINTETICO'!#REF! -> #REF! | B14: ='ORÇAMENTO SINTETICO'!#REF! -> #REF! | C14: ='ORÇAMENTO SINTETICO'!#REF! -> #REF! | D14: ='ORÇAMENTO SINTETICO'!#REF! -> #REF! | E14: ='ORÇAMENTO SINTETICO'!#REF! -> #REF!
A15: ='ORÇAMENTO SINTETICO'!A13 -> 01.02 | B15: ='ORÇAMENTO SINTETICO'!B13 -> 0 | C15: ='ORÇAMENTO SINTETICO'!C13 -> 0 | D15: ='ORÇAMENTO SINTETICO'!D13 -> PLACA DA OBRA | E15: ='ORÇAMENTO SINTETICO'!E13
A16: ='ORÇAMENTO SINTETICO'!A14 -> 01.02.01 | B16: ='ORÇAMENTO SINTETICO'!B14 -> SINAPI | C16: ='ORÇAMENTO SINTETICO'!C14 -> 103689 | D16: ='ORÇAMENTO SINTETICO'!D14 -> FORNECIMENTO E INSTALAÇÃO DE PLACA DE OBRA COM CHAPA GALVANIZADA E ESTRUTURA DE MADEIRA. AF_03/2022_PS | E16: ='ORÇAMENTO SINTETICO'!E14 -> M2
A17: ='ORÇAMENTO SINTETICO'!#REF! -> #REF! | B17: ='ORÇAMENTO SINTETICO'!#REF! -> #REF! | C17: ='ORÇAMENTO SINTETICO'!#REF! -> #REF! | D17: ='ORÇAMENTO SINTETICO'!#REF! -> #REF! | E17: ='ORÇAMENTO SINTETICO'!#REF! -> #REF!
A18: ='ORÇAMENTO SINTETICO'!#REF! -> #REF! | B18: ='ORÇAMENTO SINTETICO'!#REF! -> #REF! | C18: ='ORÇAMENTO SINTETICO'!#REF! -> #REF! | D18: ='ORÇAMENTO SINTETICO'!#REF! -> #REF! | E18: ='ORÇAMENTO SINTETICO'!#REF! -> #REF!
A19: ='ORÇAMENTO SINTETICO'!#REF! -> #REF! | B19: ='ORÇAMENTO SINTETICO'!#REF! -> #REF! | C19: ='ORÇAMENTO SINTETICO'!#REF! -> #REF! | D19: ='ORÇAMENTO SINTETICO'!#REF! -> #REF! | E19: ='ORÇAMENTO SINTETICO'!#REF! -> #REF!
A20: ='ORÇAMENTO SINTETICO'!#REF! -> #REF! | B20: ='ORÇAMENTO SINTETICO'!#REF! -> #REF! | C20: ='ORÇAMENTO SINTETICO'!#REF! -> #REF! | D20: ='ORÇAMENTO SINTETICO'!#REF! -> #REF! | E20: ='ORÇAMENTO SINTETICO'!#REF! -> #REF!
A21: ='ORÇAMENTO SINTETICO'!#REF! -> #REF! | B21: ='ORÇAMENTO SINTETICO'!#REF! -> #REF! | C21: ='ORÇAMENTO SINTETICO'!#REF! -> #REF! | D21: ='ORÇAMENTO SINTETICO'!#REF! -> #REF! | E21: ='ORÇAMENTO SINTETICO'!#REF! -> #REF!
A22: ='ORÇAMENTO SINTETICO'!#REF! -> #REF! | B22: ='ORÇAMENTO SINTETICO'!#REF! -> #REF! | C22: ='ORÇAMENTO SINTETICO'!#REF! -> #REF! | D22: ='ORÇAMENTO SINTETICO'!#REF! -> #REF! | E22: ='ORÇAMENTO SINTETICO'!#REF! -> #REF!
E26: TOTAL:
E27: BDI: | F27: 0.3541
E29: TOTAL GERAL:

Sheet ITENS E MOD
A3: ITENS/MÓDULOS | B3: GUARITA | C3: MÓDULO TREINAMENTO | D3: MÓDULO CULTURAL | E3: PASSARELA | F3: MÓDULO SAÚDE | G3: MÓDULO RESTAURANTE | H3: MÓDULO ADMINISTRAÇÃO | I3: ÁREA EXTERNA | J3: CAMPO | K3: GERADOR E SUBESTAÇÃO | L3: NÚCLEO CENTRAL | M3: PISCINA | N3: OFICINA PEDAGÓGICA | O3: COBERTURA | P3: CALÇADA | Q3: RAMPA | R3: AUDITÓRIO | S3: CASTELA DÁGUA | T3: DECK
A4: CLIMATIZAÇÃO | B4: X | C4: X | D4: X | E4: X | F4: X | G4: X
A5: CONTENÇÃO
A6: DRENAGEM | G6: X | I6: X | J6: X | K6: X | L6: X | M6: X | N6: X | O6: X | P6: X
A7: ELÉTRICO
A8: ENGRADAMENTO | B8: X | C8: X | D8: X | F8: X | G8: X | H8: X | N8: X | O8: X
A9: ESTRUTURAL | B9: X | K9: X | P9: X | Q9: X | R9: X | S9: X | T9: X
A10: GÁS | B10: X | C10: X | D10: X | E10: X | F10: X | G10: X | H10: X | N10: X
A11: HIDRÁULICO | B11: X | C11: X | D11: X | E11: X | F11: X | H11: X | N11: X
A12: PCIP | B12: X | C12: X | D12: X | F12: X | G12: X | H12: X | I12: X | N12: X
A13: REDE ESTRUTURADA | C13: X | E13: X | F13: X | G13: X | H13: X | I13: X | N13: X
A14: SANITÁRIO | B14: X | C14: X | D14: X | E14: X | G14: X | H14: X | N14: X
A15: SPDA | B15: X | C15: X | D15: X | E15: X | F15: X | G15: X | H15: X | N15: X | R15: X | S15: X | T15: X

Sheet CONTROLE
A3: MÓDULOS | ITENS | B3: CLIMATIZAÇÃO | C3: CONTENÇÃO | D3: DRENAGEM | E3: ELÉTRICO | F3: ENGRADAMENTO | G3: ESTRUTURAL | H3: GÁS | I3: HIDRÁULICO | J3: PCIP | K3: REDE ESTRUTURADA | L3: SANITÁRIO | M3: SPDA | N3: ARQUITETÔNICO
A4: GUARITA | B4: X | E4: X | F4: X | I4: X | J4: X | K4: X | M4: X
A5: TREINAMENTO | B5: X | E5: X | F5: X | I5: X | J5: X | K5: X | L5: X | M5: X
A6: CULTURAL | B6: X | E6: X | F6: X | I6: X | J6: X | K6: X | L6: X | M6: X
A7: PASSARELA | B7: X | E7: X (ADM) | K7: X | M7: X
A8: SAÚDE | B8: X | E8: X | F8: X | H8: X | I8: X | J8: X | K8: X | L8: X | M8: X
A9: RESTAURANTE | B9: X | E9: X | F9: X | I9: X | J9: X | K9: X | L9: X | M9: X
A10: ADMINISTRAÇÃO | E10: X (PASSAR.) | F10: X | I10: X | J10: X | K10: X | L10: X | M10: X
A11: ÁREA EXTERNA | E11: X | J11: X | K11: X | L11: X
A12: CAMPO | E12: X (2)
A13: GERADOR E SUB
A14: CENTRAL
A15: PISCINA
A16: OFIC. PEDAGÓGICA | E16: X | F16: X | I16: X | J16: X | K16: X | L16: X
A17: COBERTURA | F17: X
A18: CALÇADA
A19: RAMPA
A20: AUDITÓRIO | M20: X
A21: CASTELO D'ÁGUA | M21: X
A22: DECK | M22: X
A23: QUIOSQUES | E23: X | I23: X
A24: I. S. QUADRA | E24: X (2) | I24: X

Sheet Plan2
C2: CA0001 | D2: 97141
C3: CA0002 | D3: 97142
C4: CA0003 | D4: 97143
C5: CA0004 | D5: 97144
C6: CA0005 | D6: 97145
C7: CA0006 | D7: 97146
C8: CA0007 | D8: 97147
C9: CA0008 | D9: 97148
C10: CA0009 | D10: 97149
C11: CA0010 | D11: 97150
C12: CA0011 | D12: 97151
C13: CA0012 | D13: 97152
... C286: CA0285 | D286: 98462
C287: CA0286 | D287: 74209/1
C288: CA0287 | D288: 5631
C289: CA0288 | D289: 5678
C290: CA0289 | D290: 5680
C291: CA0290 | D291: 5684
C292: CA0291 | D292: 5689
C293: CA0292 | D293: 5795
C294: CA0293 | D294: 5811
C295: CA0294 | D295: 5823
C296: CA0295 | D296: 5824
C297: CA0296 | D297: 5835
C298: CA0297 | D298: 5839
C299: CA0298 | D299: 5843
... C1211: CA1210 | D1211: 94218
C1212: CA1211 | D1212: 73866/4
C1213: CA1212 | D1213: 73866/5
C1214: CA1213 | D1214: 73866/6
C1215: CA1214 | D1215: 73866/7
C1216: CA1215 | D1216: 73866/8
C1217: CA1216 | D1217: 73866/9
C1218: CA1217 | D1218: 73867/1
C1219: CA1218 | D1219: 73867/2
C1220: CA1219 | D1220: 73867/3
C1221: CA1220 | D1221: 73867/4
C1222: CA1221 | D1222: 75220
C1223: CA1222 | D1223: 94213
C1224: CA1223 | D1224: 94216
C1225: CA1224 | D1225: 94219
C1226: CA1225 | D1226: 94220
C1227: CA1226 | D1227: 94221
C1228: CA1227 | D1228: 94222
C1229: CA1228 | D1229: 74045/2
C1230: CA1229 | D1230: 94223
C1231: CA1230 | D1231: 94451
C1232: CA1231 | D1232: 94230
C1233: CA1232 | D1233: 94227
C1234: CA1233 | D1234: 94228
C1235: CA1234 | D1235: 94229
C1236: CA1235 | D1236: 94231
C1237: CA1236 | D1237: 94450
C1238: CA1237 | D1238: 94449
C1239: CA1238 | D1239: 73970/1
C1240: CA1239 | D1240: 73970/2
C1241: CA1240 | D1241: 92255
C1242: CA1241 | D1242: 92256
C1243: CA1242 | D1243: 92257
C1244: CA1243 | D1244: 92258
C1245: CA1244 | D1245: 92568
C1246: CA1245 | D1246: 92569
C1247: CA1246 | D1247: 92570
C1248: CA1247 | D1248: 92571
C1249: CA1248 | D1249: 92572
C1250: CA1249 | D1250: 92573
C1251: CA1250 | D1251: 92574
C1252: CA1251 | D1252: 92575
... C1280: CA1279 | D1280: 94444
C1281: CA1280 | D1281: 73891/1
C1282: CA1281 | D1282: 73882/1
C1283: CA1282 | D1283: 73882/5
C1284: CA1283 | D1284: 73816/1
C1285: CA1284 | D1285: 73816/2
C1286: CA1285 | D1286: 73881/1
C1287: CA1286 | D1287: 73881/3
C1288: CA1287 | D1288: 73883/1
C1289: CA1288 | D1289: 73883/2
C1290: CA1289 | D1290: 73883/3
C1291: CA1290 | D1291: 73902/1
C1292: CA1291 | D1292: 73968/1
... C1296: CA1295 | D1296: 75029/1
C1297: CA1296 | D1297: 83651
C1298: CA1297 | D1298: 83656
C1299: CA1298 | D1299: 83658
C1300: CA1299 | D1300: 83661
C1301: CA1300 | D1301: 83662
C1302: CA1301 | D1302: 83664
C1303: CA1302 | D1303: 83665
C1304: CA1303 | D1304: 83667
C1305: CA1304 | D1305: 83668
C1306: CA1305 | D1306: 83669
C1307: CA1306 | D1307: 83670
C1308: CA1307 | D1308: 83671
... C1323: CA1322 | D1323: 73698
C1324: CA1323 | D1324: 73890/1
C1325: CA1324 | D1325: 73890/2
C1326: CA1325 | D1326: 92743
C1327: CA1326 | D1327: 92744
C1328: CA1327 | D1328: 92745
...

Sheet COMPOSIÇÃO
B1: #VALUE!
B6: CLIENTE: | C6: PREFEITURA MUNICIPAL DE TUNÁPOLIS - SC | H6: DATA: | I6: 46161
B7: OBRA: | C7: PROJETO DE REFORMA DO MUSEU PÚBLICO MUNICIPAL IDA SCHNEIDER | H7: REVISÃO:
B8: LOCAL: AV. | C8: RUA JOÃO CASTILHO, 298, CENTRO | H8: BDI:
B9: MUNICÍPIO: | C9: TUNÁPOLIS - SC | H9: ENCARGOS SOCIAIS:
B10: ÁREA: | M10: PLANILHA EXEMPLO DE COMPOSIÇÕES RETIRADA DE ORÇAMENTO DA UO FLORIANÓPOLIS
B12: COMPOSIÇÕES UNITÁRIAS
B14: ITEM | E14: DESCRIÇÃO | I14: UNIDADE
A15: CODIGO E BANCO BASE UTILIZADO COMO REFERÊNCIA | B15: CPU 01 | I15: UNIDADE
B16: FONTE | C16: ITEM | D16: CÓDIGO | E16: DESCRIÇÃO | F16: UNID | G16: COEF. | H16: PREÇO
H17: UNITÁRIO | I17: TOTAL
H20: CUSTO UNITÁRIO MATERIAL | I20: =SUM(I19:I19) -> 0
H24: CUSTO UNITÁRIO MDO | I24: =SUM(I22:I23) -> 0
B26: RESUMO DO CUSTO
G27: CUSTO UNITÁRIO MATERIAL | H27: CUSTO UNITÁRIO MDO | I27: TOTAL
C28: CPU 01 | G28: =I20 -> 0 | H28: =I24 -> 0 | I28: =SUM(G28:H28) -> 0
B29: Descrição de como foi feita a composição

Sheet CURVA ABC
A1: #VALUE!
E2: 20% DO TOTAL DA OBRA
E3: 21% A 40% DO TOTAL DA OBRA
E4: 40% A 100% DO TOTAL DA OBRA
A6: OBRA: REFORMA DO MUSEU PÚBLICO MUNICIPAL IDA SCHNEIDER
A7: ENDEREÇO: RUA JOÃO CASTILHO, 298, CENTRO, TUNÁPOLIS - SC
A8: RESPONSÁVEL TÉCNICO ORÇAMENTO:
A9: ART:
A10: CURVA ABC DE SERVIÇO
A11: Codigo | B11: Descricao | C11: Unid | D11: Qtde | E11: Preco Unit. | F11: Preco Tot | G11: % | H11: % Acum.
A13: ='ORÇAMENTO SINTETICO'!#REF! -> #REF! | B13: ='ORÇAMENTO SINTETICO'!#REF! -> #REF! | C13: ='ORÇAMENTO SINTETICO'!#REF! -> #REF! | D13: 0 | E13: ='ORÇAMENTO SINTETICO'!#REF! -> #REF! | F13: =D13*E13 -> #REF! | G13: =F13/'ORÇAMENTO SINTETICO'!$G$74 -> #REF!
A14: ='ORÇAMENTO SINTETICO'!#REF! -> #REF! | B14: ='ORÇAMENTO SINTETICO'!#REF! -> #REF! | C14: ='ORÇAMENTO SINTETICO'!#REF! -> #REF! | D14: 0 | E14: ='ORÇAMENTO SINTETICO'!#REF! -> #REF! | F14: =D14*E14 -> #REF! | G14: =F14/'ORÇAMENTO SINTETICO'!$G$74 -> #REF!
A15: ='ORÇAMENTO SINTETICO'!#REF! -> #REF! | B15: ='ORÇAMENTO SINTETICO'!#REF! -> #REF! | C15: ='ORÇAMENTO SINTETICO'!#REF! -> #REF! | D15: 0 | E15: ='ORÇAMENTO SINTETICO'!#REF! -> #REF! | F15: =D15*E15 -> #REF! | G15: =F15/'ORÇAMENTO SINTETICO'!$G$74 -> #REF!
A16: ='ORÇAMENTO SINTETICO'!#REF! -> #REF! | B16: ='ORÇAMENTO SINTETICO'!#REF! -> #REF! | C16: ='ORÇAMENTO SINTETICO'!#REF! -> #REF! | D16: 0 | E16: ='ORÇAMENTO SINTETICO'!#REF! -> #REF! | F16: =D16*E16 -> #REF! | G16: =F16/'ORÇAMENTO SINTETICO'!$G$74 -> #REF!
A17: ='ORÇAMENTO SINTETICO'!#REF! -> #REF! | B17: ='ORÇAMENTO SINTETICO'!#REF! -> #REF! | C17: ='ORÇAMENTO SINTETICO'!#REF! -> #REF! | D17: ='ORÇAMENTO SINTETICO'!#REF! -> #REF! | E17: ='ORÇAMENTO SINTETICO'!#REF! -> #REF! | F17: =D17*E17 -> #REF! | G17: =F17/'ORÇAMENTO SINTETICO'!$G$74 -> #REF!
A18: ='ORÇAMENTO SINTETICO'!#REF! -> #REF! | B18: ='ORÇAMENTO SINTETICO'!#REF! -> #REF! | C18: ='ORÇAMENTO SINTETICO'!#REF! -> #REF! | D18: ='ORÇAMENTO SINTETICO'!#REF! -> #REF! | E18: ='ORÇAMENTO SINTETICO'!#REF! -> #REF! | F18: =D18*E18 -> #REF! | G18: =F18/'ORÇAMENTO SINTETICO'!$G$74 -> #REF!
A19: ='ORÇAMENTO SINTETICO'!#REF! -> #REF! | B19: ='ORÇAMENTO SINTETICO'!#REF! -> #REF! | C19: ='ORÇAMENTO SINTETICO'!#REF! -> #REF! | D19: ='ORÇAMENTO SINTETICO'!#REF! -> #REF! | E19: ='ORÇAMENTO SINTETICO'!#REF! -> #REF! | F19: =D19*E19 -> #REF! | G19: =F19/'ORÇAMENTO SINTETICO'!$G$74 -> #REF!
A20: ='ORÇAMENTO SINTETICO'!#REF! -> #REF! | B20: ='ORÇAMENTO SINTETICO'!#REF! -> #REF! | C20: ='ORÇAMENTO SINTETICO'!#REF! -> #REF! | D20: ='ORÇAMENTO SINTETICO'!#REF! -> #REF! | E20: ='ORÇAMENTO SINTETICO'!#REF! -> #REF! | F20: =D20*E20 -> #REF! | G20: =F20/'ORÇAMENTO SINTETICO'!$G$74 -> #REF!
A21: ='ORÇAMENTO SINTETICO'!#REF! -> #REF! | B21: ='ORÇAMENTO SINTETICO'!#REF! -> #REF! | C21: ='ORÇAMENTO SINTETICO'!#REF! -> #REF! | D21: ='ORÇAMENTO SINTETICO'!#REF! -> #REF! | E21: ='ORÇAMENTO SINTETICO'!#REF! -> #REF! | F21: =D21*E21 -> #REF! | G21: =F21/'ORÇAMENTO SINTETICO'!$G$74 -> #REF!
A22: ='ORÇAMENTO SINTETICO'!#REF! -> #REF! | B22: ='ORÇAMENTO SINTETICO'!#REF! -> #REF! | C22: ='ORÇAMENTO SINTETICO'!#REF! -> #REF! | D22: ='ORÇAMENTO SINTETICO'!#REF! -> #REF! | E22: ='ORÇAMENTO SINTETICO'!#REF! -> #REF! | F22: =D22*E22 -> #REF! | G22: =F22/'ORÇAMENTO SINTETICO'!$G$74 -> #REF!
A23: ='ORÇAMENTO SINTETICO'!#REF! -> #REF! | B23: ='ORÇAMENTO SINTETICO'!#REF! -> #REF! | C23: ='ORÇAMENTO SINTETICO'!#REF! -> #REF! | D23: ='ORÇAMENTO SINTETICO'!#REF! -> #REF! | E23: ='ORÇAMENTO SINTETICO'!#REF! -> #REF! | F23: =D23*E23 -> #REF! | G23: =F23/'ORÇAMENTO SINTETICO'!$G$74 -> #REF!
A24: ='ORÇAMENTO SINTETICO'!#REF! -> #REF! | B24: ='ORÇAMENTO SINTETICO'!#REF! -> #REF! | C24: ='ORÇAMENTO SINTETICO'!#REF! -> #REF! | D24: ='ORÇAMENTO SINTETICO'!#REF! -> #REF! | E24: ='ORÇAMENTO SINTETICO'!#REF! -> #REF! | F24: =D24*E24 -> #REF! | G24: =F24/'ORÇAMENTO SINTETICO'!$G$74 -> #REF!
A25: ='ORÇAMENTO SINTETICO'!#REF! -> #REF! | B25: ='ORÇAMENTO SINTETICO'!#REF! -> #REF! | C25: ='ORÇAMENTO SINTETICO'!#REF! -> #REF! | D25: ='ORÇAMENTO SINTETICO'!#REF! -> #REF! | E25: ='ORÇAMENTO SINTETICO'!#REF! -> #REF! | F25: =D25*E25 -> #REF! | G25: =F25/'ORÇAMENTO SINTETICO'!$G$74 -> #REF!
A26: ='ORÇAMENTO SINTETICO'!#REF! -> #REF! | B26: ='ORÇAMENTO SINTETICO'!#REF! -> #REF! | C26: ='ORÇAMENTO SINTETICO'!#REF! -> #REF! | D26: ='ORÇAMENTO SINTETICO'!#REF! -> #REF! | E26: ='ORÇAMENTO SINTETICO'!#REF! -> #REF! | F26: =D26*E26 -> #REF! | G26: =F26/'ORÇAMENTO SINTETICO'!$G$74 -> #REF!
A27: ='ORÇAMENTO SINTETICO'!#REF! -> #REF! | B27: ='ORÇAMENTO SINTETICO'!#REF! -> #REF! | C27: ='ORÇAMENTO SINTETICO'!#REF! -> #REF! | D27: ='ORÇAMENTO SINTETICO'!#REF! -> #REF! | E27: ='ORÇAMENTO SINTETICO'!#REF! -> #REF! | F27: =D27*E27 -> #REF! | G27: =F27/'ORÇAMENTO SINTETICO'!$G$74 -> #REF!
A28: ='ORÇAMENTO SINTETICO'!#REF! -> #REF! | B28: ='ORÇAMENTO SINTETICO'!#REF! -> #REF! | C28: ='ORÇAMENTO SINTETICO'!#REF! -> #REF! | D28: ='ORÇAMENTO SINTETICO'!#REF! -> #REF! | E28: ='ORÇAMENTO SINTETICO'!#REF! -> #REF! | F28: =D28*E28 -> #REF! | G28: =F28/'ORÇAMENTO SINTETICO'!$G$74 -> #REF!
... A70: ='ORÇAMENTO SINTETICO'!#REF! -> #REF! | B70: ='ORÇAMENTO SINTETICO'!#REF! -> #REF! | C70: ='ORÇAMENTO SINTETICO'!#REF! -> #REF! | D70: ='ORÇAMENTO SINTETICO'!#REF! -> #REF! | E70: ='ORÇAMENTO SINTETICO'!#REF! -> #REF! | F70: =D70*E70 -> #REF! | G70: =F70/'ORÇAMENTO SINTETICO'!$G$74 -> #REF!
A71: ='ORÇAMENTO SINTETICO'!#REF! -> #REF! | B71: ='ORÇAMENTO SINTETICO'!#REF! -> #REF! | C71: ='ORÇAMENTO SINTETICO'!#REF! -> #REF! | D71: ='ORÇAMENTO SINTETICO'!#REF! -> #REF! | E71: ='ORÇAMENTO SINTETICO'!#REF! -> #REF! | F71: ='ORÇAMENTO SINTETICO'!#REF! -> #REF! | G71: =F71/'ORÇAMENTO SINTETICO'!$G$74 -> #REF!
A72: ='ORÇAMENTO SINTETICO'!#REF! -> #REF! | B72: ='ORÇAMENTO SINTETICO'!#REF! -> #REF! | C72: ='ORÇAMENTO SINTETICO'!#REF! -> #REF! | D72: ='ORÇAMENTO SINTETICO'!#REF! -> #REF! | E72: ='ORÇAMENTO SINTETICO'!#REF! -> #REF! | F72: =D72*E72 -> #REF! | G72: =F72/'ORÇAMENTO SINTETICO'!$G$74 -> #REF!
A73: ='ORÇAMENTO SINTETICO'!#REF! -> #REF! | B73: ='ORÇAMENTO SINTETICO'!#REF! -> #REF! | C73: ='ORÇAMENTO SINTETICO'!#REF! -> #REF! | D73: ='ORÇAMENTO SINTETICO'!#REF! -> #REF! | E73: ='ORÇAMENTO SINTETICO'!#REF! -> #REF! | F73: =D73*E73 -> #REF! | G73: =F73/'ORÇAMENTO SINTETICO'!$G$74 -> #REF!
A74: ='ORÇAMENTO SINTETICO'!#REF! -> #REF! | B74: ='ORÇAMENTO SINTETICO'!#REF! -> #REF! | C74: ='ORÇAMENTO SINTETICO'!#REF! -> #REF! | D74: ='ORÇAMENTO SINTETICO'!#REF! -> #REF! | E74: ='ORÇAMENTO SINTETICO'!#REF! -> #REF! | F74: =D74*E74 -> #REF! | G74: =F74/'ORÇAMENTO SINTETICO'!$G$74 -> #REF!
A75: ='ORÇAMENTO SINTETICO'!#REF! -> #REF! | B75: ='ORÇAMENTO SINTETICO'!#REF! -> #REF! | C75: ='ORÇAMENTO SINTETICO'!#REF! -> #REF! | D75: ='ORÇAMENTO SINTETICO'!#REF! -> #REF! | E75: ='ORÇAMENTO SINTETICO'!#REF! -> #REF! | F75: =D75*E75 -> #REF! | G75: =F75/'ORÇAMENTO SINTETICO'!$G$74 -> #REF!
A76: ='ORÇAMENTO SINTETICO'!#REF! -> #REF! | B76: ='ORÇAMENTO SINTETICO'!#REF! -> #REF! | C76: ='ORÇAMENTO SINTETICO'!#REF! -> #REF! | D76: ='ORÇAMENTO SINTETICO'!#REF! -> #REF! | E76: ='ORÇAMENTO SINTETICO'!#REF! -> #REF! | F76: =D76*E76 -> #REF! | G76: =F76/'ORÇAMENTO SINTETICO'!$G$74 -> #REF!
A77: ='ORÇAMENTO SINTETICO'!#REF! -> #REF! | B77: ='ORÇAMENTO SINTETICO'!#REF! -> #REF! | C77: ='ORÇAMENTO SINTETICO'!#REF! -> #REF! | D77: ='ORÇAMENTO SINTETICO'!#REF! -> #REF! | E77: ='ORÇAMENTO SINTETICO'!#REF! -> #REF! | F77: =D77*E77 -> #REF! | G77: =F77/'ORÇAMENTO SINTETICO'!$G$74 -> #REF!
A78: ='ORÇAMENTO SINTETICO'!#REF! -> #REF! | B78: ='ORÇAMENTO SINTETICO'!#REF! -> #REF! | C78: ='ORÇAMENTO SINTETICO'!#REF! -> #REF! | D78: ='ORÇAMENTO SINTETICO'!#REF! -> #REF! | E78: ='ORÇAMENTO SINTETICO'!#REF! -> #REF! | F78: =D78*E78 -> #REF! | G78: =F78/'ORÇAMENTO SINTETICO'!$G$74 -> #REF!
A79: ='ORÇAMENTO SINTETICO'!#REF! -> #REF! | B79: ='ORÇAMENTO SINTETICO'!#REF! -> #REF! | C79: ='ORÇAMENTO SINTETICO'!#REF! -> #REF! | D79: ='ORÇAMENTO SINTETICO'!#REF! -> #REF! | E79: ='ORÇAMENTO SINTETICO'!#REF! -> #REF! | F79: =D79*E79 -> #REF! | G79: =F79/'ORÇAMENTO SINTETICO'!$G$74 -> #REF!
A80: ='ORÇAMENTO SINTETICO'!#REF! -> #REF! | B80: ='ORÇAMENTO SINTETICO'!#REF! -> #REF! | C80: ='ORÇAMENTO SINTETICO'!#REF! -> #REF! | D80: ='ORÇAMENTO SINTETICO'!#REF! -> #REF! | E80: ='ORÇAMENTO SINTETICO'!#REF! -> #REF! | F80: =D80*E80 -> #REF! | G80: =F80/'ORÇAMENTO SINTETICO'!$G$74 -> #REF!
A81: ='ORÇAMENTO SINTETICO'!#REF! -> #REF! | B81: ='ORÇAMENTO SINTETICO'!#REF! -> #REF! | C81: ='ORÇAMENTO SINTETICO'!#REF! -> #REF! | D81: ='ORÇAMENTO SINTETICO'!#REF! -> #REF! | E81: ='ORÇAMENTO SINTETICO'!#REF! -> #REF! | F81: =D81*E81 -> #REF! | G81: =F81/'ORÇAMENTO SINTETICO'!$G$74 -> #REF!
A82: ='ORÇAMENTO SINTETICO'!#REF! -> #REF! | B82: ='ORÇAMENTO SINTETICO'!#REF! -> #REF! | C82: ='ORÇAMENTO SINTETICO'!#REF! -> #REF! | D82: ='ORÇAMENTO SINTETICO'!#REF! -> #REF! | E82: ='ORÇAMENTO SINTETICO'!#REF! -> #REF! | F82: =D82*E82 -> #REF! | G82: =F82/'ORÇAMENTO SINTETICO'!$G$74 -> #REF!
A83: ='ORÇAMENTO SINTETICO'!#REF! -> #REF! | B83: ='ORÇAMENTO SINTETICO'!#REF! -> #REF! | C83: ='ORÇAMENTO SINTETICO'!#REF! -> #REF! | D83: ='ORÇAMENTO SINTETICO'!#REF! -> #REF! | E83: ='ORÇAMENTO SINTETICO'!#REF! -> #REF! | F83: =D83*E83 -> #REF! | G83: =F83/'ORÇAMENTO SINTETICO'!$G$74 -> #REF!
... A100: ='ORÇAMENTO SINTETICO'!#REF! -> #REF! | B100: ='ORÇAMENTO SINTETICO'!#REF! -> #REF! | C100: ='ORÇAMENTO SINTETICO'!#REF! -> #REF! | D100: ='ORÇAMENTO SINTETICO'!#REF! -> #REF! | E100: ='ORÇAMENTO SINTETICO'!#REF! -> #REF! | F100: =D100*E100 -> #REF! | G100: =F100/'ORÇAMENTO SINTETICO'!$G$74 -> #REF!
A101: ='ORÇAMENTO SINTETICO'!#REF! -> #REF! | B101: ='ORÇAMENTO SINTETICO'!#REF! -> #REF! | C101: ='ORÇAMENTO SINTETICO'!#REF! -> #REF! | D101: ='ORÇAMENTO SINTETICO'!#REF! -> #REF! | E101: ='ORÇAMENTO SINTETICO'!#REF! -> #REF! | F101: ='ORÇAMENTO SINTETICO'!#REF! -> #REF! | G101: =F101/'ORÇAMENTO SINTETICO'!$G$74 -> #REF!
A102: ='ORÇAMENTO SINTETICO'!#REF! -> #REF! | B102: ='ORÇAMENTO SINTETICO'!#REF! -> #REF! | C102: ='ORÇAMENTO SINTETICO'!#REF! -> #REF! | D102: ='ORÇAMENTO SINTETICO'!#REF! -> #REF! | E102: ='ORÇAMENTO SINTETICO'!#REF! -> #REF! | F102: =D102*E102 -> #REF! | G102: =F102/'ORÇAMENTO SINTETICO'!$G$74 -> #REF!
A103: ='ORÇAMENTO SINTETICO'!#REF! -> #REF! | B103: ='ORÇAMENTO SINTETICO'!#REF! -> #REF! | C103: ='ORÇAMENTO SINTETICO'!#REF! -> #REF! | D103: ='ORÇAMENTO SINTETICO'!#REF! -> #REF! | E103: ='ORÇAMENTO SINTETICO'!#REF! -> #REF! | F103: =D103*E103 -> #REF! | G103: =F103/'ORÇAMENTO SINTETICO'!$G$74 -> #REF!
A104: ='ORÇAMENTO SINTETICO'!#REF! -> #REF! | B104: ='ORÇAMENTO SINTETICO'!#REF! -> #REF! | C104: ='ORÇAMENTO SINTETICO'!#REF! -> #REF! | D104: ='ORÇAMENTO SINTETICO'!#REF! -> #REF! | E104: ='ORÇAMENTO SINTETICO'!#REF! -> #REF! | F104: =D104*E104 -> #REF! | G104: =F104/'ORÇAMENTO SINTETICO'!$G$74 -> #REF!
A105: ='ORÇAMENTO SINTETICO'!#REF! -> #REF! | B105: ='ORÇAMENTO SINTETICO'!#REF! -> #REF! | C105: ='ORÇAMENTO SINTETICO'!#REF! -> #REF! | D105: ='ORÇAMENTO SINTETICO'!#REF! -> #REF! | E105: ='ORÇAMENTO SINTETICO'!#REF! -> #REF! | F105: =D105*E105 -> #REF! | G105: =F105/'ORÇAMENTO SINTETICO'!$G$74 -> #REF!
A106: ='ORÇAMENTO SINTETICO'!#REF! -> #REF! | B106: ='ORÇAMENTO SINTETICO'!#REF! -> #REF! | C106: ='ORÇAMENTO SINTETICO'!#REF! -> #REF! | D106: ='ORÇAMENTO SINTETICO'!#REF! -> #REF! | E106: ='ORÇAMENTO SINTETICO'!#REF! -> #REF! | F106: =D106*E106 -> #REF! | G106: =F106/'ORÇAMENTO SINTETICO'!$G$74 -> #REF!
A107: ='ORÇAMENTO SINTETICO'!#REF! -> #REF! | B107: ='ORÇAMENTO SINTETICO'!#REF! -> #REF! | C107: ='ORÇAMENTO SINTETICO'!#REF! -> #REF! | D107: ='ORÇAMENTO SINTETICO'!#REF! -> #REF! | E107: ='ORÇAMENTO SINTETICO'!#REF! -> #REF! | F107: =D107*E107 -> #REF! | G107: =F107/'ORÇAMENTO SINTETICO'!$G$74 -> #REF!
A108: ='ORÇAMENTO SINTETICO'!#REF! -> #REF! | B108: ='ORÇAMENTO SINTETICO'!#REF! -> #REF! | C108: ='ORÇAMENTO SINTETICO'!#REF! -> #REF! | D108: ='ORÇAMENTO SINTETICO'!#REF! -> #REF! | E108: ='ORÇAMENTO SINTETICO'!#REF! -> #REF! | F108: =D108*E108 -> #REF! | G108: =F108/'ORÇAMENTO SINTETICO'!$G$74 -> #REF!
A109: ='ORÇAMENTO SINTETICO'!#REF! -> #REF! | B109: ='ORÇAMENTO SINTETICO'!#REF! -> #REF! | C109: ='ORÇAMENTO SINTETICO'!#REF! -> #REF! | D109: ='ORÇAMENTO SINTETICO'!#REF! -> #REF! | E109: ='ORÇAMENTO SINTETICO'!#REF! -> #REF! | F109: =D109*E109 -> #REF! | G109: =F109/'ORÇAMENTO SINTETICO'!$G$74 -> #REF!
A110: ='ORÇAMENTO SINTETICO'!#REF! -> #REF! | B110: ='ORÇAMENTO SINTETICO'!#REF! -> #REF! | C110: ='ORÇAMENTO SINTETICO'!#REF! -> #REF! | D110: ='ORÇAMENTO SINTETICO'!#REF! -> #REF! | E110: ='ORÇAMENTO SINTETICO'!#REF! -> #REF! | F110: =D110*E110 -> #REF! | G110: =F110/'ORÇAMENTO SINTETICO'!$G$74 -> #REF!
A111: ='ORÇAMENTO SINTETICO'!#REF! -> #REF! | B111: ='ORÇAMENTO SINTETICO'!#REF! -> #REF! | C111: ='ORÇAMENTO SINTETICO'!#REF! -> #REF! | D111: ='ORÇAMENTO SINTETICO'!#REF! -> #REF! | E111: ='ORÇAMENTO SINTETICO'!#REF! -> #REF! | F111: =D111*E111 -> #REF! | G111: =F111/'ORÇAMENTO SINTETICO'!$G$74 -> #REF!
A112: ='ORÇAMENTO SINTETICO'!#REF! -> #REF! | B112: ='ORÇAMENTO SINTETICO'!#REF! -> #REF! | C112: ='ORÇAMENTO SINTETICO'!#REF! -> #REF! | D112: ='ORÇAMENTO SINTETICO'!#REF! -> #REF! | E112: ='ORÇAMENTO SINTETICO'!#REF! -> #REF! | F112: =D112*E112 -> #REF! | G112: =F112/'ORÇAMENTO SINTETICO'!$G$74 -> #REF!
A113: ='ORÇAMENTO SINTETICO'!#REF! -> #REF! | B113: ='ORÇAMENTO SINTETICO'!#REF! -> #REF! | C113: ='ORÇAMENTO SINTETICO'!#REF! -> #REF! | D113: ='ORÇAMENTO SINTETICO'!#REF! -> #REF! | E113: ='ORÇAMENTO SINTETICO'!#REF! -> #REF! | F113: =D113*E113 -> #REF! | G113: =F113/'ORÇAMENTO SINTETICO'!$G$74 -> #REF!
... A147: ='ORÇAMENTO SINTETICO'!#REF! -> #REF! | B147: ='ORÇAMENTO SINTETICO'!#REF! -> #REF! | C147: ='ORÇAMENTO SINTETICO'!#REF! -> #REF! | D147: ='ORÇAMENTO SINTETICO'!#REF! -> #REF! | E147: ='ORÇAMENTO SINTETICO'!#REF! -> #REF! | F147: =D147*E147 -> #REF! | G147: =F147/'ORÇAMENTO SINTETICO'!$G$74 -> #REF!
A148: ='ORÇAMENTO SINTETICO'!#REF! -> #REF! | B148: ='ORÇAMENTO SINTETICO'!#REF! -> #REF! | C148: ='ORÇAMENTO SINTETICO'!#REF! -> #REF! | D148: ='ORÇAMENTO SINTETICO'!#REF! -> #REF! | E148: ='ORÇAMENTO SINTETICO'!#REF! -> #REF! | F148: ='ORÇAMENTO SINTETICO'!#REF! -> #REF! | G148: =F148/'ORÇAMENTO SINTETICO'!$G$74 -> #REF!
A149: ='ORÇAMENTO SINTETICO'!#REF! -> #REF! | B149: ='ORÇAMENTO SINTETICO'!#REF! -> #REF! | C149: ='ORÇAMENTO SINTETICO'!#REF! -> #REF! | D149: ='ORÇAMENTO SINTETICO'!#REF! -> #REF! | E149: ='ORÇAMENTO SINTETICO'!#REF! -> #REF! | F149: =D149*E149 -> #REF! | G149: =F149/'ORÇAMENTO SINTETICO'!$G$74 -> #REF!
A150: ='ORÇAMENTO SINTETICO'!#REF! -> #REF! | B150: ='ORÇAMENTO SINTETICO'!#REF! -> #REF! | C150: ='ORÇAMENTO SINTETICO'!#REF! -> #REF! | D150: ='ORÇAMENTO SINTETICO'!#REF! -> #REF! | E150: ='ORÇAMENTO SINTETICO'!#REF! -> #REF! | F150: =D150*E150 -> #REF! | G150: =F150/'ORÇAMENTO SINTETICO'!$G$74 -> #REF!
A151: ='ORÇAMENTO SINTETICO'!#REF! -> #REF! | B151: ='ORÇAMENTO SINTETICO'!#REF! -> #REF! | C151: ='ORÇAMENTO SINTETICO'!#REF! -> #REF! | D151: ='ORÇAMENTO SINTETICO'!#REF! -> #REF! | E151: ='ORÇAMENTO SINTETICO'!#REF! -> #REF! | F151: =D151*E151 -> #REF! | G151: =F151/'ORÇAMENTO SINTETICO'!$G$74 -> #REF!
A152: ='ORÇAMENTO SINTETICO'!#REF! -> #REF! | B152: ='ORÇAMENTO SINTETICO'!#REF! -> #REF! | C152: ='ORÇAMENTO SINTETICO'!#REF! -> #REF! | D152: ='ORÇAMENTO SINTETICO'!#REF! -> #REF! | E152: ='ORÇAMENTO SINTETICO'!#REF! -> #REF! | F152: =D152*E152 -> #REF! | G152: =F152/'ORÇAMENTO SINTETICO'!$G$74 -> #REF!
A153: ='ORÇAMENTO SINTETICO'!#REF! -> #REF! | B153: ='ORÇAMENTO SINTETICO'!#REF! -> #REF! | C153: ='ORÇAMENTO SINTETICO'!#REF! -> #REF! | D153: ='ORÇAMENTO SINTETICO'!#REF! -> #REF! | E153: ='ORÇAMENTO SINTETICO'!#REF! -> #REF! | F153: =D153*E153 -> #REF! | G153: =F153/'ORÇAMENTO SINTETICO'!$G$74 -> #REF!
A154: ='ORÇAMENTO SINTETICO'!#REF! -> #REF! | B154: ='ORÇAMENTO SINTETICO'!#REF! -> #REF! | C154: ='ORÇAMENTO SINTETICO'!#REF! -> #REF! | D154: ='ORÇAMENTO SINTETICO'!#REF! -> #REF! | E154: ='ORÇAMENTO SINTETICO'!#REF! -> #REF! | F154: =D154*E154 -> #REF! | G154: =F154/'ORÇAMENTO SINTETICO'!$G$74 -> #REF!
A155: ='ORÇAMENTO SINTETICO'!#REF! -> #REF! | B155: ='ORÇAMENTO SINTETICO'!#REF! -> #REF! | C155: ='ORÇAMENTO SINTETICO'!#REF! -> #REF! | D155: ='ORÇAMENTO SINTETICO'!#REF! -> #REF! | E155: ='ORÇAMENTO SINTETICO'!#REF! -> #REF! | F155: =D155*E155 -> #REF! | G155: =F155/'ORÇAMENTO SINTETICO'!$G$74 -> #REF!
A156: ='ORÇAMENTO SINTETICO'!#REF! -> #REF! | B156: ='ORÇAMENTO SINTETICO'!#REF! -> #REF! | C156: ='ORÇAMENTO SINTETICO'!#REF! -> #REF! | D156: ='ORÇAMENTO SINTETICO'!#REF! -> #REF! | E156: ='ORÇAMENTO SINTETICO'!#REF! -> #REF! | F156: =D156*E156 -> #REF! | G156: =F156/'ORÇAMENTO SINTETICO'!$G$74 -> #REF!
A157: ='ORÇAMENTO SINTETICO'!#REF! -> #REF! | B157: ='ORÇAMENTO SINTETICO'!#REF! -> #REF! | C157: ='ORÇAMENTO SINTETICO'!#REF! -> #REF! | D157: ='ORÇAMENTO SINTETICO'!#REF! -> #REF! | E157: ='ORÇAMENTO SINTETICO'!#REF! -> #REF! | F157: =D157*E157 -> #REF! | G157: =F157/'ORÇAMENTO SINTETICO'!$G$74 -> #REF!
A158: ='ORÇAMENTO SINTETICO'!#REF! -> #REF! | B158: ='ORÇAMENTO SINTETICO'!#REF! -> #REF! | C158: ='ORÇAMENTO SINTETICO'!#REF! -> #REF! | D158: ='ORÇAMENTO SINTETICO'!#REF! -> #REF! | E158: ='ORÇAMENTO SINTETICO'!#REF! -> #REF! | F158: =D158*E158 -> #REF! | G158: =F158/'ORÇAMENTO SINTETICO'!$G$74 -> #REF!
A159: ='ORÇAMENTO SINTETICO'!#REF! -> #REF! | B159: ='ORÇAMENTO SINTETICO'!#REF! -> #REF! | C159: ='ORÇAMENTO SINTETICO'!#REF! -> #REF! | D159: ='ORÇAMENTO SINTETICO'!#REF! -> #REF! | E159: ='ORÇAMENTO SINTETICO'!#REF! -> #REF! | F159: =D159*E159 -> #REF! | G159: =F159/'ORÇAMENTO SINTETICO'!$G$74 -> #REF!
A160: ='ORÇAMENTO SINTETICO'!#REF! -> #REF! | B160: ='ORÇAMENTO SINTETICO'!#REF! -> #REF! | C160: ='ORÇAMENTO SINTETICO'!#REF! -> #REF! | D160: ='ORÇAMENTO SINTETICO'!#REF! -> #REF! | E160: ='ORÇAMENTO SINTETICO'!#REF! -> #REF! | F160: =D160*E160 -> #REF! | G160: =F160/'ORÇAMENTO SINTETICO'!$G$74 -> #REF!
A161: ='ORÇAMENTO SINTETICO'!C14 -> 103689 | B161: ='ORÇAMENTO SINTETICO'!D14 -> FORNECIMENTO E INSTALAÇÃO DE PLACA DE OBRA COM CHAPA GALVANIZADA E ESTRUTURA DE MADEIRA. AF_03/2022_PS | C161: ='ORÇAMENTO SINTETICO'!E14 -> M2 | D161: ='ORÇAMENTO SINTETICO'!F14 -> 2.88 | E161: ='ORÇAMENTO SINTETICO'!G14 -> 499.12 | F161: =D161*E161 -> 1437.4656 | G161: =F161/'ORÇAMENTO SINTETICO'!$G$74 -> 0.022680998
A162: ='ORÇAMENTO SINTETICO'!#REF! -> #REF! | B162: ='ORÇAMENTO SINTETICO'!#REF! -> #REF! | C162: ='ORÇAMENTO SINTETICO'!#REF! -> #REF! | D162: ='ORÇAMENTO SINTETICO'!#REF! -> #REF! | E162: ='ORÇAMENTO SINTETICO'!#REF! -> #REF! | F162: =D162*E162 -> #REF! | G162: =F162/'ORÇAMENTO SINTETICO'!$G$74 -> #REF!
A163: ='ORÇAMENTO SINTETICO'!#REF! -> #REF! | B163: ='ORÇAMENTO SINTETICO'!#REF! -> #REF! | C163: ='ORÇAMENTO SINTETICO'!#REF! -> #REF! | D163: ='ORÇAMENTO SINTETICO'!#REF! -> #REF! | E163: ='ORÇAMENTO SINTETICO'!#REF! -> #REF! | F163: =D163*E163 -> #REF! | G163: =F163/'ORÇAMENTO SINTETICO'!$G$74 -> #REF!
A164: ='ORÇAMENTO SINTETICO'!#REF! -> #REF! | B164: ='ORÇAMENTO SINTETICO'!#REF! -> #REF! | C164: ='ORÇAMENTO SINTETICO'!#REF! -> #REF! | D164: ='ORÇAMENTO SINTETICO'!#REF! -> #REF! | E164: ='ORÇAMENTO SINTETICO'!#REF! -> #REF! | F164: =D164*E164 -> #REF! | G164: =F164/'ORÇAMENTO SINTETICO'!$G$74 -> #REF!
A165: ='ORÇAMENTO SINTETICO'!#REF! -> #REF! | B165: ='ORÇAMENTO SINTETICO'!#REF! -> #REF! | C165: ='ORÇAMENTO SINTETICO'!#REF! -> #REF! | D165: ='ORÇAMENTO SINTETICO'!#REF! -> #REF! | E165: ='ORÇAMENTO SINTETICO'!#REF! -> #REF! | F165: =D165*E165 -> #REF! | G165: =F165/'ORÇAMENTO SINTETICO'!$G$74 -> #REF!
A166: ='ORÇAMENTO SINTETICO'!#REF! -> #REF! | B166: ='ORÇAMENTO SINTETICO'!#REF! -> #REF! | C166: ='ORÇAMENTO SINTETICO'!#REF! -> #REF! | D166: ='ORÇAMENTO SINTETICO'!#REF! -> #REF! | E166: ='ORÇAMENTO SINTETICO'!#REF! -> #REF! | F166: =D166*E166 -> #REF! | G166: =F166/'ORÇAMENTO SINTETICO'!$G$74 -> #REF!
A167: ='ORÇAMENTO SINTETICO'!#REF! -> #REF! | B167: ='ORÇAMENTO SINTETICO'!#REF! -> #REF! | C167: ='ORÇAMENTO SINTETICO'!#REF! -> #REF! | D167: ='ORÇAMENTO SINTETICO'!#REF! -> #REF! | E167: ='ORÇAMENTO SINTETICO'!#REF! -> #REF! | F167: =D167*E167 -> #REF! | G167: =F167/'ORÇAMENTO SINTETICO'!$G$74 -> #REF!
A168: ='ORÇAMENTO SINTETICO'!#REF! -> #REF! | B168: ='ORÇAMENTO SINTETICO'!#REF! -> #REF! | C168: ='ORÇAMENTO SINTETICO'!#REF! -> #REF! | D168: ='ORÇAMENTO SINTETICO'!#REF! -> #REF! | E168: ='ORÇAMENTO SINTETICO'!#REF! -> #REF! | F168: =D168*E168 -> #REF! | G168: =F168/'ORÇAMENTO SINTETICO'!$G$74 -> #REF!
A169: ='ORÇAMENTO SINTETICO'!#REF! -> #REF! | B169: ='ORÇAMENTO SINTETICO'!#REF! -> #REF! | C169: ='ORÇAMENTO SINTETICO'!#REF! -> #REF! | D169: ='ORÇAMENTO SINTETICO'!#REF! -> #REF! | E169: ='ORÇAMENTO SINTETICO'!#REF! -> #REF! | F169: =D169*E169 -> #REF! | G169: =F169/'ORÇAMENTO SINTETICO'!$G$74 -> #REF!
A170: ='ORÇAMENTO SINTETICO'!#REF! -> #REF! | B170: ='ORÇAMENTO SINTETICO'!#REF! -> #REF! | C170: ='ORÇAMENTO SINTETICO'!#REF! -> #REF! | D170: ='ORÇAMENTO SINTETICO'!#REF! -> #REF! | E170: ='ORÇAMENTO SINTETICO'!#REF! -> #REF! | F170: =D170*E170 -> #REF! | G170: =F170/'ORÇAMENTO SINTETICO'!$G$74 -> #REF!
A171: ='ORÇAMENTO SINTETICO'!#REF! -> #REF! | B171: ='ORÇAMENTO SINTETICO'!#REF! -> #REF! | C171: ='ORÇAMENTO SINTETICO'!#REF! -> #REF! | D171: ='ORÇAMENTO SINTETICO'!#REF! -> #REF! | E171: ='ORÇAMENTO SINTETICO'!#REF! -> #REF! | F171: =D171*E171 -> #REF! | G171: =F171/'ORÇAMENTO SINTETICO'!$G$74 -> #REF!
A172: ='ORÇAMENTO SINTETICO'!#REF! -> #REF! | B172: ='ORÇAMENTO SINTETICO'!#REF! -> #REF! | C172: ='ORÇAMENTO SINTETICO'!#REF! -> #REF! | D172: ='ORÇAMENTO SINTETICO'!#REF! -> #REF! | E172: ='ORÇAMENTO SINTETICO'!#REF! -> #REF! | F172: =D172*E172 -> #REF! | G172: =F172/'ORÇAMENTO SINTETICO'!$G$74 -> #REF!
A173: ='ORÇAMENTO SINTETICO'!#REF! -> #REF! | B173: ='ORÇAMENTO SINTETICO'!#REF! -> #REF! | C173: ='ORÇAMENTO SINTETICO'!#REF! -> #REF! | D173: ='ORÇAMENTO SINTETICO'!#REF! -> #REF! | E173: ='ORÇAMENTO SINTETICO'!#REF! -> #REF! | F173: =D173/100*E173 -> #REF! | G173: =F173/'ORÇAMENTO SINTETICO'!$G$74 -> #REF!
A174: ='ORÇAMENTO SINTETICO'!#REF! -> #REF! | B174: ='ORÇAMENTO SINTETICO'!#REF! -> #REF! | C174: ='ORÇAMENTO SINTETICO'!#REF! -> #REF! | D174: ='ORÇAMENTO SINTETICO'!#REF! -> #REF! | E174: ='ORÇAMENTO SINTETICO'!#REF! -> #REF! | F174: =D174*E174 -> #REF! | G174: =F174/'ORÇAMENTO SINTETICO'!$G$74 -> #REF!
A175: ='ORÇAMENTO SINTETICO'!#REF! -> #REF! | B175: ='ORÇAMENTO SINTETICO'!#REF! -> #REF! | C175: ='ORÇAMENTO SINTETICO'!#REF! -> #REF! | D175: ='ORÇAMENTO SINTETICO'!#REF! -> #REF! | E175: ='ORÇAMENTO SINTETICO'!#REF! -> #REF! | F175: =D175*E175 -> #REF! | G175: =F175/'ORÇAMENTO SINTETICO'!$G$74 -> #REF!
A176: ='ORÇAMENTO SINTETICO'!#REF! -> #REF! | B176: ='ORÇAMENTO SINTETICO'!#REF! -> #REF! | C176: ='ORÇAMENTO SINTETICO'!#REF! -> #REF! | D176: ='ORÇAMENTO SINTETICO'!#REF! -> #REF! | E176: ='ORÇAMENTO SINTETICO'!#REF! -> #REF! | F176: =D176*E176 -> #REF! | G176: =F176/'ORÇAMENTO SINTETICO'!$G$74 -> #REF!
A177: ='ORÇAMENTO SINTETICO'!#REF! -> #REF! | B177: ='ORÇAMENTO SINTETICO'!#REF! -> #REF! | C177: ='ORÇAMENTO SINTETICO'!#REF! -> #REF! | D177: ='ORÇAMENTO SINTETICO'!#REF! -> #REF! | E177: ='ORÇAMENTO SINTETICO'!#REF! -> #REF! | F177: =D177*E177 -> #REF! | G177: =F177/'ORÇAMENTO SINTETICO'!$G$74 -> #REF!
A178: ='ORÇAMENTO SINTETICO'!#REF! -> #REF! | B178: ='ORÇAMENTO SINTETICO'!#REF! -> #REF! | C178: ='ORÇAMENTO SINTETICO'!#REF! -> #REF! | D178: ='ORÇAMENTO SINTETICO'!#REF! -> #REF! | E178: ='ORÇAMENTO SINTETICO'!#REF! -> #REF! | F178: =D178*E178 -> #REF! | G178: =F178/'ORÇAMENTO SINTETICO'!$G$74 -> #REF!
A179: ='ORÇAMENTO SINTETICO'!#REF! -> #REF! | B179: ='ORÇAMENTO SINTETICO'!#REF! -> #REF! | C179: ='ORÇAMENTO SINTETICO'!#REF! -> #REF! | D179: ='ORÇAMENTO SINTETICO'!#REF! -> #REF! | E179: ='ORÇAMENTO SINTETICO'!#REF! -> #REF! | F179: =D179*E179 -> #REF! | G179: =F179/'ORÇAMENTO SINTETICO'!$G$74 -> #REF!
A180: ='ORÇAMENTO SINTETICO'!#REF! -> #REF! | B180: ='ORÇAMENTO SINTETICO'!#REF! -> #REF! | C180: ='ORÇAMENTO SINTETICO'!#REF! -> #REF! | D180: ='ORÇAMENTO SINTETICO'!#REF! -> #REF! | E180: ='ORÇAMENTO SINTETICO'!#REF! -> #REF! | F180: =D180*E180 -> #REF! | G180: =F180/'ORÇAMENTO SINTETICO'!$G$74 -> #REF!
A181: ='ORÇAMENTO SINTETICO'!#REF! -> #REF! | B181: ='ORÇAMENTO SINTETICO'!#REF! -> #REF! | C181: ='ORÇAMENTO SINTETICO'!#REF! -> #REF! | D181: ='ORÇAMENTO SINTETICO'!#REF! -> #REF! | E181: ='ORÇAMENTO SINTETICO'!#REF! -> #REF! | F181: =D181*E181 -> #REF! | G181: =F181/'ORÇAMENTO SINTETICO'!$G$74 -> #REF!
A182: ='ORÇAMENTO SINTETICO'!#REF! -> #REF! | B182: ='ORÇAMENTO SINTETICO'!#REF! -> #REF! | C182: ='ORÇAMENTO SINTETICO'!#REF! -> #REF! | D182: ='ORÇAMENTO SINTETICO'!#REF! -> #REF! | E182: ='ORÇAMENTO SINTETICO'!#REF! -> #REF! | F182: =D182*E182 -> #REF! | G182: =F182/'ORÇAMENTO SINTETICO'!$G$74 -> #REF!
A183: ='ORÇAMENTO SINTETICO'!#REF! -> #REF! | B183: ='ORÇAMENTO SINTETICO'!#REF! -> #REF! | C183: ='ORÇAMENTO SINTETICO'!#REF! -> #REF! | D183: ='ORÇAMENTO SINTETICO'!#REF! -> #REF! | E183: ='ORÇAMENTO SINTETICO'!#REF! -> #REF! | F183: =D183*E183 -> #REF! | G183: =F183/'ORÇAMENTO SINTETICO'!$G$74 -> #REF!
A184: ='ORÇAMENTO SINTETICO'!#REF! -> #REF! | B184: ='ORÇAMENTO SINTETICO'!#REF! -> #REF! | C184: ='ORÇAMENTO SINTETICO'!#REF! -> #REF! | D184: ='ORÇAMENTO SINTETICO'!#REF! -> #REF! | E184: ='ORÇAMENTO SINTETICO'!#REF! -> #REF! | F184: =D184*E184 -> #REF! | G184: =F184/'ORÇAMENTO SINTETICO'!$G$74 -> #REF!
A185: ='ORÇAMENTO SINTETICO'!#REF! -> #REF! | B185: ='ORÇAMENTO SINTETICO'!#REF! -> #REF! | C185: ='ORÇAMENTO SINTETICO'!#REF! -> #REF! | D185: ='ORÇAMENTO SINTETICO'!#REF! -> #REF! | E185: ='ORÇAMENTO SINTETICO'!#REF! -> #REF! | F185: =D185*E185 -> #REF! | G185: =F185/'ORÇAMENTO SINTETICO'!$G$74 -> #REF!
... A293: ='ORÇAMENTO SINTETICO'!#REF! -> #REF! | B293: ='ORÇAMENTO SINTETICO'!#REF! -> #REF! | C293: ='ORÇAMENTO SINTETICO'!#REF! -> #REF! | D293: ='ORÇAMENTO SINTETICO'!#REF! -> #REF! | E293: ='ORÇAMENTO SINTETICO'!#REF! -> #REF! | F293: =D293*E293 -> #REF! | G293: =F293/'ORÇAMENTO SINTETICO'!$G$74 -> #REF!
A294: ='ORÇAMENTO SINTETICO'!C19 -> 4914 | B294: ='ORÇAMENTO SINTETICO'!D19 -> PORTA DE ABRIR EM ALUMINIO COM LAMBRI HORIZONTAL/LAMINADA, ACABAMENTO ANODIZADO NATURAL, SEM GUARNICAO/ALIZAR/VISTA | C294: ='ORÇAMENTO SINTETICO'!E19 -> M2 | D294: ='ORÇAMENTO SINTETICO'!F19 -> 1.68 | E294: ='ORÇAMENTO SINTETICO'!G19 -> 1130.44 | F294: =D294*E294 -> 1899.1392 | G294: =F294/'ORÇAMENTO SINTETICO'!$G$74 -> 0.029965498
A295: ='ORÇAMENTO SINTETICO'!#REF! -> #REF! | B295: ='ORÇAMENTO SINTETICO'!#REF! -> #REF! | C295: ='ORÇAMENTO SINTETICO'!#REF! -> #REF! | D295: ='ORÇAMENTO SINTETICO'!#REF! -> #REF! | E295: ='ORÇAMENTO SINTETICO'!#REF! -> #REF! | F295: =D295*E295 -> #REF! | G295: =F295/'ORÇAMENTO SINTETICO'!$G$74 -> #REF!
A296: ='ORÇAMENTO SINTETICO'!#REF! -> #REF! | B296: ='ORÇAMENTO SINTETICO'!#REF! -> #REF! | C296: ='ORÇAMENTO SINTETICO'!#REF! -> #REF! | D296: ='ORÇAMENTO SINTETICO'!#REF! -> #REF! | E296: ='ORÇAMENTO SINTETICO'!#REF! -> #REF! | F296: =D296*E296 -> #REF! | G296: =F296/'ORÇAMENTO SINTETICO'!$G$74 -> #REF!
A297: ='ORÇAMENTO SINTETICO'!#REF! -> #REF! | B297: ='ORÇAMENTO SINTETICO'!#REF! -> #REF! | C297: ='ORÇAMENTO SINTETICO'!#REF! -> #REF! | D297: ='ORÇAMENTO SINTETICO'!#REF! -> #REF! | E297: ='ORÇAMENTO SINTETICO'!#REF! -> #REF! | F297: =D297*E297 -> #REF! | G297: =F297/'ORÇAMENTO SINTETICO'!$G$74 -> #REF!
A298: ='ORÇAMENTO SINTETICO'!#REF! -> #REF! | B298: ='ORÇAMENTO SINTETICO'!#REF! -> #REF! | C298: ='ORÇAMENTO SINTETICO'!#REF! -> #REF! | D298: ='ORÇAMENTO SINTETICO'!#REF! -> #REF! | E298: ='ORÇAMENTO SINTETICO'!#REF! -> #REF! | F298: =D298*E298 -> #REF! | G298: =F298/'ORÇAMENTO SINTETICO'!$G$74 -> #REF!
A299: ='ORÇAMENTO SINTETICO'!#REF! -> #REF! | B299: ='ORÇAMENTO SINTETICO'!#REF! -> #REF! | C299: ='ORÇAMENTO SINTETICO'!#REF! -> #REF! | D299: ='ORÇAMENTO SINTETICO'!#REF! -> #REF! | E299: ='ORÇAMENTO SINTETICO'!#REF! -> #REF! | F299: =D299*E299 -> #REF! | G299: =F299/'ORÇAMENTO SINTETICO'!$G$74 -> #REF!
...

Sheet SINAPI
A1: PCI.817.01 - CUSTO DE COMPOSIÇÕES - SINTÉTICO DATA DE EMISSÃO: 16/04/2019 00:11:54 DATA DE RT: 13/04/2019
A2: ENCARGOS SOCIAIS DESONERADOS: 86,01%(HORA) 47,91%(MÊS)
A3: ABRANGÊNCIA : NACIONAL LOCALIDADE : RECIFE DATA DE PREÇO : 03/2019 REFERÊNCIA COLETA : MEDIANO
A5: DESCRICAO DA CLASSE | B5: SIGLA DA CLASSE | C5: DESCRICAO DO TIPO 1 | D5: SIGLA DO TIPO 1 | E5: CODIGO DO AGRUPADOR | F5: DESCRICAO DO AGRUPADOR | G5: CODIGO DA COMPOSICAO | H5: DESCRICAO DA COMPOSICAO | I5: UNIDADE | J5: ORIGEM DE PREÇO | K5: CUSTO TOTAL | L5: VINCULO
A7: ASSENTAMENTO DE TUBOS E PECAS | B7: ASTU | C7: FORNEC E/OU ASSENT DE TUBO DE FERRO FUNDIDO JUNTA ELASTICA | D7: 0045 | G7: 97141 | H7: ASSENTAMENTO DE TUBO DE FERRO FUNDIDO PARA REDE DE ÁGUA, DN 80 MM, JUNTA ELÁSTICA, INSTALADO EM LOCAL COM NÍVEL ALTO DE INTERFERÊNCIAS (NÃO INCLUI FORNECIMENTO). AF_11/2017 | I7: M | J7: ATRIBUÍDO SÃO PAULO | K7: 6,95 | L7: CAIXA REFERENCIAL
A8: ASSENTAMENTO DE TUBOS E PECAS | B8: ASTU | C8: FORNEC E/OU ASSENT DE TUBO DE FERRO FUNDIDO JUNTA ELASTICA | D8: 0045 | G8: 97142 | H8: ASSENTAMENTO DE TUBO DE FERRO FUNDIDO PARA REDE DE ÁGUA, DN 100 MM, JUNTA ELÁSTICA, INSTALADO EM LOCAL COM NÍVEL ALTO DE INTERFERÊNCIAS (NÃO INCLUI FORNECIMENTO). AF_11/2017 | I8: M | J8: ATRIBUÍDO SÃO PAULO | K8: 7,75 | L8: CAIXA REFERENCIAL
A9: ASSENTAMENTO DE TUBOS E PECAS | B9: ASTU | C9: FORNEC E/OU ASSENT DE TUBO DE FERRO FUNDIDO JUNTA ELASTICA | D9: 0045 | G9: 97143 | H9: ASSENTAMENTO DE TUBO DE FERRO FUNDIDO PARA REDE DE ÁGUA, DN 150 MM, JUNTA ELÁSTICA, INSTALADO EM LOCAL COM NÍVEL ALTO DE INTERFERÊNCIAS (NÃO INCLUI FORNECIMENTO). AF_11/2017 | I9: M | J9: ATRIBUÍDO SÃO PAULO | K9: 9,74 | L9: CAIXA REFERENCIAL
A10: ASSENTAMENTO DE TUBOS E PECAS | B10: ASTU | C10: FORNEC E/OU ASSENT DE TUBO DE FERRO FUNDIDO JUNTA ELASTICA | D10: 0045 | G10: 97144 | H10: ASSENTAMENTO DE TUBO DE FERRO FUNDIDO PARA REDE DE ÁGUA, DN 200 MM, JUNTA ELÁSTICA, INSTALADO EM LOCAL COM NÍVEL ALTO DE INTERFERÊNCIAS (NÃO INCLUI FORNECIMENTO). AF_11/2017 | I10: M | J10: ATRIBUÍDO SÃO PAULO | K10: 11,72 | L10: CAIXA REFERENCIAL
A11: ASSENTAMENTO DE TUBOS E PECAS | B11: ASTU | C11: FORNEC E/OU ASSENT DE TUBO DE FERRO FUNDIDO JUNTA ELASTICA | D11: 0045 | G11: 97145 | H11: ASSENTAMENTO DE TUBO DE FERRO FUNDIDO PARA REDE DE ÁGUA, DN 250 MM, JUNTA ELÁSTICA, INSTALADO EM LOCAL COM NÍVEL ALTO DE INTERFERÊNCIAS (NÃO INCLUI FORNECIMENTO). AF_11/2017 | I11: M | J11: ATRIBUÍDO SÃO PAULO | K11: 13,73 | L11: CAIXA REFERENCIAL
A12: ASSENTAMENTO DE TUBOS E PECAS | B12: ASTU | C12: FORNEC E/OU ASSENT DE TUBO DE FERRO FUNDIDO JUNTA ELASTICA | D12: 0045 | G12: 97146 | H12: ASSENTAMENTO DE TUBO DE FERRO FUNDIDO PARA REDE DE ÁGUA, DN 300 MM, JUNTA ELÁSTICA, INSTALADO EM LOCAL COM NÍVEL ALTO DE INTERFERÊNCIAS (NÃO INCLUI FORNECIMENTO). AF_11/2017 | I12: M | J12: ATRIBUÍDO SÃO PAULO | K12: 15,73 | L12: CAIXA REFERENCIAL
A13: ASSENTAMENTO DE TUBOS E PECAS | B13: ASTU | C13: FORNEC E/OU ASSENT DE TUBO DE FERRO FUNDIDO JUNTA ELASTICA | D13: 0045 | G13: 97147 | H13: ASSENTAMENTO DE TUBO DE FERRO FUNDIDO PARA REDE DE ÁGUA, DN 350 MM, JUNTA ELÁSTICA, INSTALADO EM LOCAL COM NÍVEL ALTO DE INTERFERÊNCIAS (NÃO INCLUI FORNECIMENTO). AF_11/2017 | I13: M | J13: ATRIBUÍDO SÃO PAULO | K13: 17,75 | L13: CAIXA REFERENCIAL
A14: ASSENTAMENTO DE TUBOS E PECAS | B14: ASTU | C14: FORNEC E/OU ASSENT DE TUBO DE FERRO FUNDIDO JUNTA ELASTICA | D14: 0045 | G14: 97148 | H14: ASSENTAMENTO DE TUBO DE FERRO FUNDIDO PARA REDE DE ÁGUA, DN 400 MM, JUNTA ELÁSTICA, INSTALADO EM LOCAL COM NÍVEL ALTO DE INTERFERÊNCIAS (NÃO INCLUI FORNECIMENTO). AF_11/2017 | I14: M | J14: ATRIBUÍDO SÃO PAULO | K14: 19,75 | L14: CAIXA REFERENCIAL
A15: ASSENTAMENTO DE TUBOS E PECAS | B15: ASTU | C15: FORNEC E/OU ASSENT DE TUBO DE FERRO FUNDIDO JUNTA ELASTICA | D15: 0045 | G15: 97149 | H15: ASSENTAMENTO DE TUBO DE FERRO FUNDIDO PARA REDE DE ÁGUA, DN 450 MM, JUNTA ELÁSTICA, INSTALADO EM LOCAL COM NÍVEL ALTO DE INTERFERÊNCIAS (NÃO INCLUI FORNECIMENTO). AF_11/2017 | I15: M | J15: ATRIBUÍDO SÃO PAULO | K15: 21,75 | L15: CAIXA REFERENCIAL
A16: ASSENTAMENTO DE TUBOS E PECAS | B16: ASTU | C16: FORNEC E/OU ASSENT DE TUBO DE FERRO FUNDIDO JUNTA ELASTICA | D16: 0045 | G16: 97150 | H16: ASSENTAMENTO DE TUBO DE FERRO FUNDIDO PARA REDE DE ÁGUA, DN 500 MM, JUNTA ELÁSTICA, INSTALADO EM LOCAL COM NÍVEL ALTO DE INTERFERÊNCIAS (NÃO INCLUI FORNECIMENTO). AF_11/2017 | I16: M | J16: ATRIBUÍDO SÃO PAULO | K16: 25,99 | L16: CAIXA REFERENCIAL
A17: ASSENTAMENTO DE TUBOS E PECAS | B17: ASTU | C17: FORNEC E/OU ASSENT DE TUBO DE FERRO FUNDIDO JUNTA ELASTICA | D17: 0045 | G17: 97151 | H17: ASSENTAMENTO DE TUBO DE FERRO FUNDIDO PARA REDE DE ÁGUA, DN 600 MM, JUNTA ELÁSTICA, INSTALADO EM LOCAL COM NÍVEL ALTO DE INTERFERÊNCIAS (NÃO INCLUI FORNECIMENTO). AF_11/2017 | I17: M | J17: ATRIBUÍDO SÃO PAULO | K17: 30,34 | L17: CAIXA REFERENCIAL
A18: ASSENTAMENTO DE TUBOS E PECAS | B18: ASTU | C18: FORNEC E/OU ASSENT DE TUBO DE FERRO FUNDIDO JUNTA ELASTICA | D18: 0045 | G18: 97152 | H18: ASSENTAMENTO DE TUBO DE FERRO FUNDIDO PARA REDE DE ÁGUA, DN 700 MM, JUNTA ELÁSTICA, INSTALADO EM LOCAL COM NÍVEL ALTO DE INTERFERÊNCIAS (NÃO INCLUI FORNECIMENTO). AF_11/2017 | I18: M | J18: ATRIBUÍDO SÃO PAULO | K18: 34,54 | L18: CAIXA REFERENCIAL
... A291: CANTEIRO DE OBRAS | B291: CANT | C291: CONSTRUCAO DO CANTEIRO | D291: 0001 | G291: 98462 | H291: ESTRUTURA DE MADEIRA PROVISÓRIA PARA SUPORTE DE CAIXA DÁGUA ELEVADA DE 3000 LITROS. AF_05/2018 | I291: UN | J291: ATRIBUÍDO SÃO PAULO | K291: 4.871,24 | L291: CAIXA REFERENCIAL
A292: CANTEIRO DE OBRAS | B292: CANT | C292: PLACA DE OBRA | D292: 0002 | E292: 74209 | F292: AQUISICAO E ASSENTAMENTO PLACA DE OBRA | G292: 74209/1 | H292: PLACA DE OBRA EM CHAPA DE ACO GALVANIZADO | I292: M2 | J292: ATRIBUÍDO SÃO PAULO | K292: 314,52 | L292: CAIXA REFERENCIAL
A293: CUSTOS HORÁRIOS DE MÁQUINAS E EQUIPAMENTOS | B293: CHOR | C293: CUSTO HORÁRIO PRODUTIVO DIURNO | D293: 0325 | G293: 5631 | H293: ESCAVADEIRA HIDRÁULICA SOBRE ESTEIRAS, CAÇAMBA 0,80 M3, PESO OPERACIONAL 17 T, POTENCIA BRUTA 111 HP - CHP DIURNO. AF_06/2014 | I293: CHP | J293: ATRIBUÍDO SÃO PAULO | K293: 143,76 | L293: CAIXA REFERENCIAL
A294: CUSTOS HORÁRIOS DE MÁQUINAS E EQUIPAMENTOS | B294: CHOR | C294: CUSTO HORÁRIO PRODUTIVO DIURNO | D294: 0325 | G294: 5678 | H294: RETROESCAVADEIRA SOBRE RODAS COM CARREGADEIRA, TRAÇÃO 4X4, POTÊNCIA LÍQ. 88 HP, CAÇAMBA CARREG. CAP. MÍN. 1 M3, CAÇAMBA RETRO CAP. 0,26 M3, PESO OPERACIONAL MÍN. 6.674 KG, PROFUNDIDADE ESCAVAÇÃO MÁX. 4,37 M - CHP DIURNO. AF_06/2014 | I294: CHP | J294: ATRIBUÍDO SÃO PAULO | K294: 110,47 | L294: CAIXA REFERENCIAL
A295: CUSTOS HORÁRIOS DE MÁQUINAS E EQUIPAMENTOS | B295: CHOR | C295: CUSTO HORÁRIO PRODUTIVO DIURNO | D295: 0325 | G295: 5680 | H295: RETROESCAVADEIRA SOBRE RODAS COM CARREGADEIRA, TRAÇÃO 4X2, POTÊNCIA LÍQ. 79 HP, CAÇAMBA CARREG. CAP. MÍN. 1 M3, CAÇAMBA RETRO CAP. 0,20 M3, PESO OPERACIONAL MÍN. 6.570 KG, PROFUNDIDADE ESCAVAÇÃO MÁX. 4,37 M - CHP DIURNO. AF_06/2014 | I295: CHP | J295: ATRIBUÍDO SÃO PAULO | K295: 103,22 | L295: CAIXA REFERENCIAL
A296: CUSTOS HORÁRIOS DE MÁQUINAS E EQUIPAMENTOS | B296: CHOR | C296: CUSTO HORÁRIO PRODUTIVO DIURNO | D296: 0325 | G296: 5684 | H296: ROLO COMPACTADOR VIBRATÓRIO DE UM CILINDRO AÇO LISO, POTÊNCIA 80 HP, PESO OPERACIONAL MÁXIMO 8,1 T, IMPACTO DINÂMICO 16,15 / 9,5 T, LARGURA DE TRABALHO 1,68 M - CHP DIURNO. AF_06/2014 | I296: CHP | J296: ATRIBUÍDO SÃO PAULO | K296: 105,55 | L296: CAIXA REFERENCIAL
A297: CUSTOS HORÁRIOS DE MÁQUINAS E EQUIPAMENTOS | B297: CHOR | C297: CUSTO HORÁRIO PRODUTIVO DIURNO | D297: 0325 | G297: 5689 | H297: GRADE DE DISCO CONTROLE REMOTO REBOCÁVEL, COM 24 DISCOS 24 X 6 MM COM PNEUS PARA TRANSPORTE - CHP DIURNO. AF_06/2014 | I297: CHP | J297: ATRIBUÍDO SÃO PAULO | K297: 3,33 | L297: CAIXA REFERENCIAL
A298: CUSTOS HORÁRIOS DE MÁQUINAS E EQUIPAMENTOS | B298: CHOR | C298: CUSTO HORÁRIO PRODUTIVO DIURNO | D298: 0325 | G298: 5795 | H298: MARTELETE OU ROMPEDOR PNEUMÁTICO MANUAL, 28 KG, COM SILENCIADOR - CHP DIURNO. AF_07/2016 | I298: CHP | J298: COEFICIENTE DE REPRESENTATIVIDADE | K298: 27,41 | L298: CAIXA REFERENCIAL
A299: CUSTOS HORÁRIOS DE MÁQUINAS E EQUIPAMENTOS | B299: CHOR | C299: CUSTO HORÁRIO PRODUTIVO DIURNO | D299: 0325 | G299: 5811 | H299: CAMINHÃO BASCULANTE 6 M3, PESO BRUTO TOTAL 16.000 KG, CARGA ÚTIL MÁXIMA 13.071 KG, DISTÂNCIA ENTRE EIXOS 4,80 M, POTÊNCIA 230 CV INCLUSIVE CAÇAMBA METÁLICA - CHP DIURNO. AF_06/2014 | I299: CHP | J299: ATRIBUÍDO SÃO PAULO | K299: 173,61 | L299: CAIXA REFERENCIAL
A300: CUSTOS HORÁRIOS DE MÁQUINAS E EQUIPAMENTOS | B300: CHOR | C300: CUSTO HORÁRIO PRODUTIVO DIURNO | D300: 0325 | G300: 5823 | H300: USINA DE CONCRETO FIXA, CAPACIDADE NOMINAL DE 90 A 120 M3/H, SEM SILO - CHP DIURNO. AF_07/2016 | I300: CHP | J300: ATRIBUÍDO SÃO PAULO | K300: 176,29 | L300: CAIXA REFERENCIAL
A301: CUSTOS HORÁRIOS DE MÁQUINAS E EQUIPAMENTOS | B301: CHOR | C301: CUSTO HORÁRIO PRODUTIVO DIURNO | D301: 0325 | G301: 5824 | H301: CAMINHÃO TOCO, PBT 16.000 KG, CARGA ÚTIL MÁX. 10.685 KG, DIST. ENTRE EIXOS 4,8 M, POTÊNCIA 189 CV, INCLUSIVE CARROCERIA FIXA ABERTA DE MADEIRA P/ TRANSPORTE GERAL DE CARGA SECA, DIMEN. APROX. 2,5 X 7,00 X 0,50 M - CHP DIURNO. AF_06/2014 | I301: CHP | J301: ATRIBUÍDO SÃO PAULO | K301: 141,03 | L301: CAIXA REFERENCIAL
A302: CUSTOS HORÁRIOS DE MÁQUINAS E EQUIPAMENTOS | B302: CHOR | C302: CUSTO HORÁRIO PRODUTIVO DIURNO | D302: 0325 | G302: 5835 | H302: VIBROACABADORA DE ASFALTO SOBRE ESTEIRAS, LARGURA DE PAVIMENTAÇÃO 1,90 M A 5,30 M, POTÊNCIA 105 HP CAPACIDADE 450 T/H - CHP DIURNO. AF_11/2014 | I302: CHP | J302: ATRIBUÍDO SÃO PAULO | K302: 234,94 | L302: CAIXA REFERENCIAL
A303: CUSTOS HORÁRIOS DE MÁQUINAS E EQUIPAMENTOS | B303: CHOR | C303: CUSTO HORÁRIO PRODUTIVO DIURNO | D303: 0325 | G303: 5839 | H303: VASSOURA MECÂNICA REBOCÁVEL COM ESCOVA CILÍNDRICA, LARGURA ÚTIL DE VARRIMENTO DE 2,44 M - CHP DIURNO. AF_06/2014 | I303: CHP | J303: ATRIBUÍDO SÃO PAULO | K303: 4,93 | L303: CAIXA REFERENCIAL
A304: CUSTOS HORÁRIOS DE MÁQUINAS E EQUIPAMENTOS | B304: CHOR | C304: CUSTO HORÁRIO PRODUTIVO DIURNO | D304: 0325 | G304: 5843 | H304: TRATOR DE PNEUS, POTÊNCIA 122 CV, TRAÇÃO 4X4, PESO COM LASTRO DE 4.510 KG - CHP DIURNO. AF_06/2014 | I304: CHP | J304: ATRIBUÍDO SÃO PAULO | K304: 109,71 | L304: CAIXA REFERENCIAL
... A1216: COBERTURA | B1216: COBE | C1216: TELHAMENTO COM TELHA DE FIBROCIMENTO | D1216: 0075 | G1216: 94218 | H1216: TELHAMENTO COM TELHA ESTRUTURAL DE FIBROCIMENTO E= 6 MM, COM ATÉ 2 ÁGUAS, INCLUSO IÇAMENTO. AF_06/2016 | I1216: M2 | J1216: ATRIBUÍDO SÃO PAULO | K1216: 111,97 | L1216: CAIXA REFERENCIAL
A1217: COBERTURA | B1217: COBE | C1217: TELHAMENTO COM TELHA METALICA | D1217: 0076 | E1217: 73866 | F1217: ESTRUTURA DE ACO | G1217: 73866/4 | H1217: ESTRUTURA PARA COBERTURA EM ARCO, EM ALUMINIO ANODIZADO, VAO DE 20M, ESPACAMENTO DE 5M ATE 6,5M | I1217: M2 | J1217: ATRIBUÍDO SÃO PAULO | K1217: 365,97 | L1217: CAIXA REFERENCIAL
A1218: COBERTURA | B1218: COBE | C1218: TELHAMENTO COM TELHA METALICA | D1218: 0076 | E1218: 73866 | F1218: ESTRUTURA DE ACO | G1218: 73866/5 | H1218: ESTRUTURA PARA COBERTURA EM ARCO, EM ALUMINIO ANODIZADO, VAO DE 30M, ESPACAMENTO DE 5M ATE 6,5M | I1218: M2 | J1218: ATRIBUÍDO SÃO PAULO | K1218: 389,20 | L1218: CAIXA REFERENCIAL
A1219: COBERTURA | B1219: COBE | C1219: TELHAMENTO COM TELHA METALICA | D1219: 0076 | E1219: 73866 | F1219: ESTRUTURA DE ACO | G1219: 73866/6 | H1219: ESTRUTURA PARA COBERTURA EM ARCO, EM ALUMINIO ANODIZADO, VAO DE 40M, ESPACAMENTO DE 5M ATE 6,5M | I1219: M2 | J1219: ATRIBUÍDO SÃO PAULO | K1219: 407,90 | L1219: CAIXA REFERENCIAL
A1220: COBERTURA | B1220: COBE | C1220: TELHAMENTO COM TELHA METALICA | D1220: 0076 | E1220: 73866 | F1220: ESTRUTURA DE ACO | G1220: 73866/7 | H1220: ESTRUTURA PARA COBERTURA TIPO SHED, EM ALUMINIO ANODIZADO, VAO DE 20M, ESPACAMENTO DAS TESOURAS DE 5M ATE 6,5M | I1220: M2 | J1220: ATRIBUÍDO SÃO PAULO | K1220: 443,68 | L1220: CAIXA REFERENCIAL
A1221: COBERTURA | B1221: COBE | C1221: TELHAMENTO COM TELHA METALICA | D1221: 0076 | E1221: 73866 | F1221: ESTRUTURA DE ACO | G1221: 73866/8 | H1221: ESTRUTURA PARA COBERTURA TIPO SHED, EM ALUMINIO ANODIZADO, VAO DE 30M, ESPACAMENTO DAS TESOURAS DE 5M ATE 6,5M | I1221: M2 | J1221: ATRIBUÍDO SÃO PAULO | K1221: 528,35 | L1221: CAIXA REFERENCIAL
A1222: COBERTURA | B1222: COBE | C1222: TELHAMENTO COM TELHA METALICA | D1222: 0076 | E1222: 73866 | F1222: ESTRUTURA DE ACO | G1222: 73866/9 | H1222: ESTRUTURA PARA COBERTURA TIPO SHED, EM ALUMINIO ANODIZADO, VAO DE 40M, ESPACAMENTO DAS TESOURAS DE 5M ATE 6,5M | I1222: M2 | J1222: ATRIBUÍDO SÃO PAULO | K1222: 547,82 | L1222: CAIXA REFERENCIAL
A1223: COBERTURA | B1223: COBE | C1223: TELHAMENTO COM TELHA METALICA | D1223: 0076 | E1223: 73867 | F1223: ESTRUTURA ESPACIAL | G1223: 73867/1 | H1223: ESTRUTURA TIPO ESPACIAL EM ALUMINIO ANODIZADO, VAO DE 20M | I1223: M2 | J1223: ATRIBUÍDO SÃO PAULO | K1223: 197,57 | L1223: CAIXA REFERENCIAL
A1224: COBERTURA | B1224: COBE | C1224: TELHAMENTO COM TELHA METALICA | D1224: 0076 | E1224: 73867 | F1224: ESTRUTURA ESPACIAL | G1224: 73867/2 | H1224: ESTRUTURA TIPO ESPACIAL EM ALUMINIO ANODIZADO, VAO DE 30M | I1224: M2 | J1224: ATRIBUÍDO SÃO PAULO | K1224: 217,03 | L1224: CAIXA REFERENCIAL
A1225: COBERTURA | B1225: COBE | C1225: TELHAMENTO COM TELHA METALICA | D1225: 0076 | E1225: 73867 | F1225: ESTRUTURA ESPACIAL | G1225: 73867/3 | H1225: ESTRUTURA TIPO ESPACIAL EM ALUMINIO ANODIZADO, VAO DE 40M | I1225: M2 | J1225: ATRIBUÍDO SÃO PAULO | K1225: 260,27 | L1225: CAIXA REFERENCIAL
A1226: COBERTURA | B1226: COBE | C1226: TELHAMENTO COM TELHA METALICA | D1226: 0076 | E1226: 73867 | F1226: ESTRUTURA ESPACIAL | G1226: 73867/4 | H1226: ESTRUTURA TIPO ESPACIAL EM ALUMINIO ANODIZADO, VAO DE 50M | I1226: M2 | J1226: ATRIBUÍDO SÃO PAULO | K1226: 268,92 | L1226: CAIXA REFERENCIAL
A1227: COBERTURA | B1227: COBE | C1227: TELHAMENTO COM TELHA METALICA | D1227: 0076 | G1227: 75220 | H1227: CUMEEIRA EM PERFIL ONDULADO DE ALUMÍNIO | I1227: M | J1227: COEFICIENTE DE REPRESENTATIVIDADE | K1227: 46,15 | L1227: CAIXA REFERENCIAL
A1228: COBERTURA | B1228: COBE | C1228: TELHAMENTO COM TELHA METALICA | D1228: 0076 | G1228: 94213 | H1228: TELHAMENTO COM TELHA DE AÇO/ALUMÍNIO E = 0,5 MM, COM ATÉ 2 ÁGUAS, INCLUSO IÇAMENTO. AF_06/2016 | I1228: M2 | J1228: ATRIBUÍDO SÃO PAULO | K1228: 35,08 | L1228: CAIXA REFERENCIAL
A1229: COBERTURA | B1229: COBE | C1229: TELHAMENTO COM TELHA METALICA | D1229: 0076 | G1229: 94216 | H1229: TELHAMENTO COM TELHA METÁLICA TERMOACÚSTICA E = 30 MM, COM ATÉ 2 ÁGUAS, INCLUSO IÇAMENTO. AF_06/2016 | I1229: M2 | J1229: ATRIBUÍDO SÃO PAULO | K1229: 147,82 | L1229: CAIXA REFERENCIAL
A1230: COBERTURA | B1230: COBE | C1230: CUMEEIRA CERAMICA | D1230: 0079 | G1230: 94219 | H1230: CUMEEIRA E ESPIGÃO PARA TELHA CERÂMICA EMBOÇADA COM ARGAMASSA TRAÇO 1:2:9 (CIMENTO, CAL E AREIA), PARA TELHADOS COM MAIS DE 2 ÁGUAS, INCLUSO TRANSPORTE VERTICAL. AF_06/2016 | I1230: M | J1230: ATRIBUÍDO SÃO PAULO | K1230: 22,48 | L1230: CAIXA REFERENCIAL
A1231: COBERTURA | B1231: COBE | C1231: CUMEEIRA CERAMICA | D1231: 0079 | G1231: 94220 | H1231: CUMEEIRA E ESPIGÃO PARA TELHA DE CONCRETO EMBOÇADA COM ARGAMASSA TRAÇO 1:2:9 (CIMENTO, CAL E AREIA), PARA TELHADOS COM MAIS DE 2 ÁGUAS, INCLUSO TRANSPORTE VERTICAL. AF_06/2016 | I1231: M | J1231: ATRIBUÍDO SÃO PAULO | K1231: 35,26 | L1231: CAIXA REFERENCIAL
A1232: COBERTURA | B1232: COBE | C1232: CUMEEIRA CERAMICA | D1232: 0079 | G1232: 94221 | H1232: CUMEEIRA PARA TELHA CERÂMICA EMBOÇADA COM ARGAMASSA TRAÇO 1:2:9 (CIMENTO, CAL E AREIA) PARA TELHADOS COM ATÉ 2 ÁGUAS, INCLUSO TRANSPORTE VERTICAL. AF_06/2016 | I1232: M | J1232: ATRIBUÍDO SÃO PAULO | K1232: 17,73 | L1232: CAIXA REFERENCIAL
A1233: COBERTURA | B1233: COBE | C1233: CUMEEIRA CERAMICA | D1233: 0079 | G1233: 94222 | H1233: CUMEEIRA PARA TELHA DE CONCRETO EMBOÇADA COM ARGAMASSA TRAÇO 1:2:9 (CIMENTO, CAL E AREIA) PARA TELHADOS COM ATÉ 2 ÁGUAS, INCLUSO TRANSPORTE VERTICAL. AF_06/2016 | I1233: M | J1233: ATRIBUÍDO SÃO PAULO | K1233: 30,51 | L1233: CAIXA REFERENCIAL
A1234: COBERTURA | B1234: COBE | C1234: CUMEEIRA DE FIBROCIMENTO | D1234: 0080 | E1234: 74045 | F1234: CUMEEIRA FIBROCIMENTO | G1234: 74045/2 | H1234: CUMEEIRA TIPO SHED PARA TELHA DE FIBROCIMENTO ONDULADA, INCLUSO JUNTAS DE VEDACAO E ACESSORIOS DE FIXACAO | I1234: M | J1234: COEFICIENTE DE REPRESENTATIVIDADE | K1234: 59,26 | L1234: CAIXA REFERENCIAL
A1235: COBERTURA | B1235: COBE | C1235: CUMEEIRA DE FIBROCIMENTO | D1235: 0080 | G1235: 94223 | H1235: CUMEEIRA PARA TELHA DE FIBROCIMENTO ONDULADA E = 6 MM, INCLUSO ACESSÓRIOS DE FIXAÇÃO E IÇAMENTO. AF_06/2016 | I1235: M | J1235: ATRIBUÍDO SÃO PAULO | K1235: 61,75 | L1235: CAIXA REFERENCIAL
A1236: COBERTURA | B1236: COBE | C1236: CUMEEIRA DE FIBROCIMENTO | D1236: 0080 | G1236: 94451 | H1236: CUMEEIRA PARA TELHA DE FIBROCIMENTO ESTRUTURAL E = 6 MM, INCLUSO ACESSÓRIOS DE FIXAÇÃO E IÇAMENTO. AF_06/2016 | I1236: M | J1236: ATRIBUÍDO SÃO PAULO | K1236: 146,06 | L1236: CAIXA REFERENCIAL
A1237: COBERTURA | B1237: COBE | C1237: CALHA DE PVC, PECAS E ACESSORIOS | D1237: 0083 | G1237: 94230 | H1237: CALHA DE BEIRAL, SEMICIRCULAR DE PVC, DIAMETRO 125 MM, INCLUINDO CABECEIRAS, EMENDAS, BOCAIS, SUPORTES E VEDAÇÕES, EXCLUINDO CONDUTORES, INCLUSO TRANSPORTE VERTICAL. AF_06/2016 | I1237: M | J1237: ATRIBUÍDO SÃO PAULO | K1237: 70,02 | L1237: CAIXA REFERENCIAL
A1238: COBERTURA | B1238: COBE | C1238: CALHA METALICA | D1238: 0084 | G1238: 94227 | H1238: CALHA EM CHAPA DE AÇO GALVANIZADO NÚMERO 24, DESENVOLVIMENTO DE 33 CM, INCLUSO TRANSPORTE VERTICAL. AF_06/2016 | I1238: M | J1238: ATRIBUÍDO SÃO PAULO | K1238: 43,61 | L1238: CAIXA REFERENCIAL
A1239: COBERTURA | B1239: COBE | C1239: CALHA METALICA | D1239: 0084 | G1239: 94228 | H1239: CALHA EM CHAPA DE AÇO GALVANIZADO NÚMERO 24, DESENVOLVIMENTO DE 50 CM, INCLUSO TRANSPORTE VERTICAL. AF_06/2016 | I1239: M | J1239: ATRIBUÍDO SÃO PAULO | K1239: 65,18 | L1239: CAIXA REFERENCIAL
A1240: COBERTURA | B1240: COBE | C1240: CALHA METALICA | D1240: 0084 | G1240: 94229 | H1240: CALHA EM CHAPA DE AÇO GALVANIZADO NÚMERO 24, DESENVOLVIMENTO DE 100 CM, INCLUSO TRANSPORTE VERTICAL. AF_06/2016 | I1240: M | J1240: ATRIBUÍDO SÃO PAULO | K1240: 127,47 | L1240: CAIXA REFERENCIAL
A1241: COBERTURA | B1241: COBE | C1241: RUFO METALICO | D1241: 0086 | G1241: 94231 | H1241: RUFO EM CHAPA DE AÇO GALVANIZADO NÚMERO 24, CORTE DE 25 CM, INCLUSO TRANSPORTE VERTICAL. AF_06/2016 | I1241: M | J1241: ATRIBUÍDO SÃO PAULO | K1241: 32,75 | L1241: CAIXA REFERENCIAL
A1242: COBERTURA | B1242: COBE | C1242: RUFO/ESPIGAO/RINCAO DIVERSOS | D1242: 0087 | G1242: 94450 | H1242: RUFO EM FIBROCIMENTO PARA TELHA ONDULADA E = 6 MM, ABA DE 26 CM, INCLUSO TRANSPORTE VERTICAL. AF_06/2016 | I1242: M | J1242: ATRIBUÍDO SÃO PAULO | K1242: 56,61 | L1242: CAIXA REFERENCIAL
A1243: COBERTURA | B1243: COBE | C1243: TELHAMENTO COM TELHA DE FIBRA DE VIDRO | D1243: 0252 | G1243: 94449 | H1243: TELHAMENTO COM TELHA ONDULADA DE FIBRA DE VIDRO E = 0,6 MM, PARA TELHADO COM INCLINAÇÃO MAIOR QUE 10°, COM ATÉ 2 ÁGUAS, INCLUSO IÇAMENTO. AF_06/2016 | I1243: M2 | J1243: ATRIBUÍDO SÃO PAULO | K1243: 46,81 | L1243: CAIXA REFERENCIAL
A1244: COBERTURA | B1244: COBE | C1244: ESTRUTURA METALICA | D1244: 0291 | E1244: 73970 | F1244: ESTRUTURAS METALICAS DIVERSAS | G1244: 73970/1 | H1244: ESTRUTURA METALICA EM ACO ESTRUTURAL PERFIL I 12 X 5 1/4 | I1244: KG | J1244: COEFICIENTE DE REPRESENTATIVIDADE | K1244: 10,23 | L1244: CAIXA REFERENCIAL
A1245: COBERTURA | B1245: COBE | C1245: ESTRUTURA METALICA | D1245: 0291 | E1245: 73970 | F1245: ESTRUTURAS METALICAS DIVERSAS | G1245: 73970/2 | H1245: ESTRUTURA METALICA EM ACO ESTRUTURAL PERFIL I 6 X 3 3/8 | I1245: KG | J1245: COEFICIENTE DE REPRESENTATIVIDADE | K1245: 7,74 | L1245: CAIXA REFERENCIAL
A1246: COBERTURA | B1246: COBE | C1246: ESTRUTURA METALICA | D1246: 0291 | G1246: 92255 | H1246: INSTALAÇÃO DE TESOURA (INTEIRA OU MEIA), EM AÇO, PARA VÃOS MAIORES OU IGUAIS A 3,0 M E MENORES QUE 6,0 M, INCLUSO IÇAMENTO. AF_12/2015 | I1246: UN | J1246: ATRIBUÍDO SÃO PAULO | K1246: 150,20 | L1246: CAIXA REFERENCIAL
A1247: COBERTURA | B1247: COBE | C1247: ESTRUTURA METALICA | D1247: 0291 | G1247: 92256 | H1247: INSTALAÇÃO DE TESOURA (INTEIRA OU MEIA), EM AÇO, PARA VÃOS MAIORES OU IGUAIS A 6,0 M E MENORES QUE 8,0 M, INCLUSO IÇAMENTO. AF_12/2015 | I1247: UN | J1247: ATRIBUÍDO SÃO PAULO | K1247: 192,40 | L1247: CAIXA REFERENCIAL
A1248: COBERTURA | B1248: COBE | C1248: ESTRUTURA METALICA | D1248: 0291 | G1248: 92257 | H1248: INSTALAÇÃO DE TESOURA (INTEIRA OU MEIA), EM AÇO, PARA VÃOS MAIORES OU IGUAIS A 8,0 M E MENORES QUE 10,0 M, INCLUSO IÇAMENTO. AF_12/2015 | I1248: UN | J1248: ATRIBUÍDO SÃO PAULO | K1248: 233,90 | L1248: CAIXA REFERENCIAL
A1249: COBERTURA | B1249: COBE | C1249: ESTRUTURA METALICA | D1249: 0291 | G1249: 92258 | H1249: INSTALAÇÃO DE TESOURA (INTEIRA OU MEIA), EM AÇO, PARA VÃOS MAIORES OU IGUAIS A 10,0 M E MENORES QUE 12,0 M, INCLUSO IÇAMENTO. AF_12/2015 | I1249: UN | J1249: ATRIBUÍDO SÃO PAULO | K1249: 300,63 | L1249: CAIXA REFERENCIAL
A1250: COBERTURA | B1250: COBE | C1250: ESTRUTURA METALICA | D1250: 0291 | G1250: 92568 | H1250: TRAMA DE AÇO COMPOSTA POR RIPAS, CAIBROS E TERÇAS PARA TELHADOS DE ATÉ 2 ÁGUAS PARA TELHA DE ENCAIXE DE CERÂMICA OU DE CONCRETO, INCLUSO TRANSPORTE VERTICAL. AF_12/2015 | I1250: M2 | J1250: ATRIBUÍDO SÃO PAULO | K1250: 74,22 | L1250: CAIXA REFERENCIAL
A1251: COBERTURA | B1251: COBE | C1251: ESTRUTURA METALICA | D1251: 0291 | G1251: 92569 | H1251: TRAMA DE AÇO COMPOSTA POR RIPAS E CAIBROS PARA TELHADOS DE ATÉ 2 ÁGUAS PARA TELHA DE ENCAIXE DE CERÂMICA OU DE CONCRETO, INCLUSO TRANSPORTE VERTICAL. AF_12/2015 | I1251: M2 | J1251: ATRIBUÍDO SÃO PAULO | K1251: 33,58 | L1251: CAIXA REFERENCIAL
A1252: COBERTURA | B1252: COBE | C1252: ESTRUTURA METALICA | D1252: 0291 | G1252: 92570 | H1252: TRAMA DE AÇO COMPOSTA POR RIPAS PARA TELHADOS DE ATÉ 2 ÁGUAS PARA TELHA DE ENCAIXE DE CERÂMICA OU DE CONCRETO, INCLUSO TRANSPORTE VERTICAL. AF_12/2015 | I1252: M2 | J1252: ATRIBUÍDO SÃO PAULO | K1252: 15,17 | L1252: CAIXA REFERENCIAL
A1253: COBERTURA | B1253: COBE | C1253: ESTRUTURA METALICA | D1253: 0291 | G1253: 92571 | H1253: TRAMA DE AÇO COMPOSTA POR RIPAS, CAIBROS E TERÇAS PARA TELHADOS DE MAIS DE 2 ÁGUAS PARA TELHA DE ENCAIXE DE CERÂMICA OU DE CONCRETO, INCLUSO TRANSPORTE VERTICAL. AF_12/2015 | I1253: M2 | J1253: ATRIBUÍDO SÃO PAULO | K1253: 81,93 | L1253: CAIXA REFERENCIAL
A1254: COBERTURA | B1254: COBE | C1254: ESTRUTURA METALICA | D1254: 0291 | G1254: 92572 | H1254: TRAMA DE AÇO COMPOSTA POR RIPAS E CAIBROS PARA TELHADOS DE MAIS DE 2 ÁGUAS PARA TELHA DE ENCAIXE DE CERÂMICA OU DE CONCRETO, INCLUSO TRANSPORTE VERTICAL. AF_12/2015 | I1254: M2 | J1254: ATRIBUÍDO SÃO PAULO | K1254: 38,28 | L1254: CAIXA REFERENCIAL
A1255: COBERTURA | B1255: COBE | C1255: ESTRUTURA METALICA | D1255: 0291 | G1255: 92573 | H1255: TRAMA DE AÇO COMPOSTA POR RIPAS PARA TELHADOS DE MAIS DE 2 ÁGUAS PARA TELHA DE ENCAIXE DE CERÂMICA OU DE CONCRETO, INCLUSO TRANSPORTE VERTICAL, INCLUSO TRANSPORTE VERTICAL. AF_12/2015 | I1255: M2 | J1255: ATRIBUÍDO SÃO PAULO | K1255: 18,43 | L1255: CAIXA REFERENCIAL
A1256: COBERTURA | B1256: COBE | C1256: ESTRUTURA METALICA | D1256: 0291 | G1256: 92574 | H1256: TRAMA DE AÇO COMPOSTA POR RIPAS, CAIBROS E TERÇAS PARA TELHADOS DE ATÉ 2 ÁGUAS PARA TELHA CERÂMICA CAPA-CANAL, INCLUSO TRANSPORTE VERTICAL. AF_12/2015 | I1256: M2 | J1256: ATRIBUÍDO SÃO PAULO | K1256: 81,06 | L1256: CAIXA REFERENCIAL
A1257: COBERTURA | B1257: COBE | C1257: ESTRUTURA METALICA | D1257: 0291 | G1257: 92575 | H1257: TRAMA DE AÇO COMPOSTA POR RIPAS E CAIBROS PARA TELHADOS DE ATÉ 2 ÁGUAS PARA TELHA CERÂMICA CAPA-CANAL, INCLUSO TRANSPORTE VERTICAL. AF_12/2015 | I1257: M2 | J1257: ATRIBUÍDO SÃO PAULO | K1257: 33,61 | L1257: CAIXA REFERENCIAL
... A1285: COBERTURA | B1285: COBE | C1285: TELHAMENTO COM TELHA DE VIDRO | D1285: 0302 | G1285: 94444 | H1285: TELHAMENTO COM TELHA DE ENCAIXE, TIPO FRANCESA DE VIDRO, COM ATÉ 2 ÁGUAS, INCLUSO TRANSPORTE VERTICAL. AF_06/2016 | I1285: M2 | J1285: ATRIBUÍDO SÃO PAULO | K1285: 481,37 | L1285: CAIXA REFERENCIAL
A1286: DRENAGEM/OBRAS DE CONTENCAO/POCOS DE VISITA E CAIXAS | B1286: DROP | C1286: ESGOTAMENTO COM BOMBA | D1286: 0026 | E1286: 73891 | F1286: ESGOTAMENTO COM BOMBAS | G1286: 73891/1 | H1286: ESGOTAMENTO COM MOTO-BOMBA AUTOESCOVANTE | I1286: H | J1286: ATRIBUÍDO SÃO PAULO | K1286: 5,17 | L1286: CAIXA REFERENCIAL
A1287: DRENAGEM/OBRAS DE CONTENCAO/POCOS DE VISITA E CAIXAS | B1287: DROP | C1287: REBAIXAMENTO DO LENCOL FREATICO | D1287: 0027 | E1287: 73882 | F1287: MEIA CANA DE CONCRETO | G1287: 73882/1 | H1287: CALHA EM CONCRETO SIMPLES, EM MEIA CANA, DIAMETRO 200 MM | I1287: M | J1287: COEFICIENTE DE REPRESENTATIVIDADE | K1287: 24,86 | L1287: CAIXA REFERENCIAL
A1288: DRENAGEM/OBRAS DE CONTENCAO/POCOS DE VISITA E CAIXAS | B1288: DROP | C1288: REBAIXAMENTO DO LENCOL FREATICO | D1288: 0027 | E1288: 73882 | F1288: MEIA CANA DE CONCRETO | G1288: 73882/5 | H1288: CALHA EM CONCRETO SIMPLES, EM MEIA CANA DE CONCRETO, DIAMETRO 600 MM | I1288: M | J1288: COEFICIENTE DE REPRESENTATIVIDADE | K1288: 70,16 | L1288: CAIXA REFERENCIAL
A1289: DRENAGEM/OBRAS DE CONTENCAO/POCOS DE VISITA E CAIXAS | B1289: DROP | C1289: DRENOS | D1289: 0028 | E1289: 73816 | F1289: DRENAGEM SUBTERRANEA | G1289: 73816/1 | H1289: EXECUCAO DE DRENO COM TUBOS DE PVC CORRUGADO FLEXIVEL PERFURADO - DN 100 | I1289: M | J1289: ATRIBUÍDO SÃO PAULO | K1289: 27,75 | L1289: CAIXA REFERENCIAL
A1290: DRENAGEM/OBRAS DE CONTENCAO/POCOS DE VISITA E CAIXAS | B1290: DROP | C1290: DRENOS | D1290: 0028 | E1290: 73816 | F1290: DRENAGEM SUBTERRANEA | G1290: 73816/2 | H1290: EXECUCAO DE DRENO VERTICAL COM PEDRISCO, DIAMETRO 200MM | I1290: M | J1290: ATRIBUÍDO SÃO PAULO | K1290: 23,92 | L1290: CAIXA REFERENCIAL
A1291: DRENAGEM/OBRAS DE CONTENCAO/POCOS DE VISITA E CAIXAS | B1291: DROP | C1291: DRENOS | D1291: 0028 | E1291: 73881 | F1291: DRENO COM MANTA GEOTEXTIL | G1291: 73881/1 | H1291: EXECUCAO DE DRENO COM MANTA GEOTEXTIL 200 G/M2 | I1291: M2 | J1291: COEFICIENTE DE REPRESENTATIVIDADE | K1291: 6,05 | L1291: CAIXA REFERENCIAL
A1292: DRENAGEM/OBRAS DE CONTENCAO/POCOS DE VISITA E CAIXAS | B1292: DROP | C1292: DRENOS | D1292: 0028 | E1292: 73881 | F1292: DRENO COM MANTA GEOTEXTIL | G1292: 73881/3 | H1292: EXECUCAO DE DRENO COM MANTA GEOTEXTIL 400 G/M2 | I1292: M2 | J1292: COEFICIENTE DE REPRESENTATIVIDADE | K1292: 11,87 | L1292: CAIXA REFERENCIAL
A1293: DRENAGEM/OBRAS DE CONTENCAO/POCOS DE VISITA E CAIXAS | B1293: DROP | C1293: DRENOS | D1293: 0028 | E1293: 73883 | F1293: DRENO FRANCES C/MATERIAL FILTRANTE | G1293: 73883/1 | H1293: EXECUCAO DE DRENO FRANCES COM AREIA MEDIA | I1293: M3 | J1293: COEFICIENTE DE REPRESENTATIVIDADE | K1293: 96,30 | L1293: CAIXA REFERENCIAL
A1294: DRENAGEM/OBRAS DE CONTENCAO/POCOS DE VISITA E CAIXAS | B1294: DROP | C1294: DRENOS | D1294: 0028 | E1294: 73883 | F1294: DRENO FRANCES C/MATERIAL FILTRANTE | G1294: 73883/2 | H1294: EXECUCAO DE DRENO FRANCES COM BRITA NUM 2 | I1294: M3 | J1294: COEFICIENTE DE REPRESENTATIVIDADE | K1294: 97,94 | L1294: CAIXA REFERENCIAL
A1295: DRENAGEM/OBRAS DE CONTENCAO/POCOS DE VISITA E CAIXAS | B1295: DROP | C1295: DRENOS | D1295: 0028 | E1295: 73883 | F1295: DRENO FRANCES C/MATERIAL FILTRANTE | G1295: 73883/3 | H1295: EXECUCAO DE DRENO FRANCES COM CASCALHO | I1295: M3 | J1295: COEFICIENTE DE REPRESENTATIVIDADE | K1295: 60,58 | L1295: CAIXA REFERENCIAL
A1296: DRENAGEM/OBRAS DE CONTENCAO/POCOS DE VISITA E CAIXAS | B1296: DROP | C1296: DRENOS | D1296: 0028 | E1296: 73902 | F1296: CAMADA DRENANTE COM BRITA | G1296: 73902/1 | H1296: CAMADA DRENANTE COM BRITA NUM 3 | I1296: M3 | J1296: COEFICIENTE DE REPRESENTATIVIDADE | K1296: 101,94 | L1296: CAIXA REFERENCIAL
A1297: DRENAGEM/OBRAS DE CONTENCAO/POCOS DE VISITA E CAIXAS | B1297: DROP | C1297: DRENOS | D1297: 0028 | E1297: 73968 | F1297: COLOCACAO DE MANTA - MMA | G1297: 73968/1 | H1297: MANTA IMPERMEABILIZANTE A BASE DE ASFALTO - FORNECIMENTO E INSTALACAO | I1297: M2 | J1297: COEFICIENTE DE REPRESENTATIVIDADE | K1297: 46,22 | L1297: CAIXA REFERENCIAL
... A1301: DRENAGEM/OBRAS DE CONTENCAO/POCOS DE VISITA E CAIXAS | B1301: DROP | C1301: DRENOS | D1301: 0028 | E1301: 75029 | F1301: TUBULAÇÃO EM PVC CORRUGADO RIGIDO PERFURADO P/ DRENAGEM | G1301: 75029/1 | H1301: TUBO PVC CORRUGADO RIGIDO PERFURADO DN 150 PARA DRENAGEM - FORNECIMENTO E INSTALACAO | I1301: M | J1301: ATRIBUÍDO SÃO PAULO | K1301: 44,29 | L1301: CAIXA REFERENCIAL
A1302: DRENAGEM/OBRAS DE CONTENCAO/POCOS DE VISITA E CAIXAS | B1302: DROP | C1302: DRENOS | D1302: 0028 | G1302: 83651 | H1302: TUBO PVC CORRUGADO PERFURADO 100 MM C/ JUNTA ELASTICA PARA DRENAGEM. | I1302: M | J1302: ATRIBUÍDO SÃO PAULO | K1302: 30,51 | L1302: CAIXA REFERENCIAL
A1303: DRENAGEM/OBRAS DE CONTENCAO/POCOS DE VISITA E CAIXAS | B1303: DROP | C1303: DRENOS | D1303: 0028 | G1303: 83656 | H1303: COLCHAO DRENANTE C/ 30CM PEDRA BRITADA N.3/FILTRO TRANSICAO MANTA GEOTEXTIL 100% POLIPROPILENO OU POLIESTER INCL FORNEC/COLOCMAT | I1303: M2 | J1303: COEFICIENTE DE REPRESENTATIVIDADE | K1303: 38,27 | L1303: CAIXA REFERENCIAL
A1304: DRENAGEM/OBRAS DE CONTENCAO/POCOS DE VISITA E CAIXAS | B1304: DROP | C1304: DRENOS | D1304: 0028 | G1304: 83658 | H1304: EXECUCAO DRENO PROFUNDO, COM CORTE TRAPEZOIDAL EM SOLO, DE 70X80X150CM EXCL TUBO INCL MATERIAL EXECUCAO, COM SELO ENCHIMENTO MATERIAL DRENANTE E ESCAVACAO | I1304: M | J1304: COEFICIENTE DE REPRESENTATIVIDADE | K1304: 141,32 | L1304: CAIXA REFERENCIAL
A1305: DRENAGEM/OBRAS DE CONTENCAO/POCOS DE VISITA E CAIXAS | B1305: DROP | C1305: DRENOS | D1305: 0028 | G1305: 83661 | H1305: EXECUCAO DE DRENO PROFUNDO, CORTE EM SOLO, COM TUBO POROSO D=0,20M | I1305: M | J1305: ATRIBUÍDO SÃO PAULO | K1305: 100,65 | L1305: CAIXA REFERENCIAL
A1306: DRENAGEM/OBRAS DE CONTENCAO/POCOS DE VISITA E CAIXAS | B1306: DROP | C1306: DRENOS | D1306: 0028 | G1306: 83662 | H1306: EXECUCAO DE DRENO CEGO | I1306: M3 | J1306: ATRIBUÍDO SÃO PAULO | K1306: 93,09 | L1306: CAIXA REFERENCIAL
A1307: DRENAGEM/OBRAS DE CONTENCAO/POCOS DE VISITA E CAIXAS | B1307: DROP | C1307: DRENOS | D1307: 0028 | G1307: 83664 | H1307: EXECUCAO DE DRENO DE TUBO DE CONRETO SIMPLES POROSO D=0,20 M (0,5MX0,5M) PARA GALERIAS DE AGUAS PLUVIAIS | I1307: M | J1307: COEFICIENTE DE REPRESENTATIVIDADE | K1307: 59,65 | L1307: CAIXA REFERENCIAL
A1308: DRENAGEM/OBRAS DE CONTENCAO/POCOS DE VISITA E CAIXAS | B1308: DROP | C1308: DRENOS | D1308: 0028 | G1308: 83665 | H1308: FORNECIMENTO E INSTALACAO DE MANTA BIDIM RT - 14 | I1308: M2 | J1308: COEFICIENTE DE REPRESENTATIVIDADE | K1308: 7,82 | L1308: CAIXA REFERENCIAL
A1309: DRENAGEM/OBRAS DE CONTENCAO/POCOS DE VISITA E CAIXAS | B1309: DROP | C1309: DRENOS | D1309: 0028 | G1309: 83667 | H1309: CAMADA DRENANTE COM AREIA MEDIA | I1309: M3 | J1309: COEFICIENTE DE REPRESENTATIVIDADE | K1309: 105,99 | L1309: CAIXA REFERENCIAL
A1310: DRENAGEM/OBRAS DE CONTENCAO/POCOS DE VISITA E CAIXAS | B1310: DROP | C1310: DRENOS | D1310: 0028 | G1310: 83668 | H1310: CAMADA DRENANTE COM BRITA NUM 2 | I1310: M3 | J1310: COEFICIENTE DE REPRESENTATIVIDADE | K1310: 101,23 | L1310: CAIXA REFERENCIAL
A1311: DRENAGEM/OBRAS DE CONTENCAO/POCOS DE VISITA E CAIXAS | B1311: DROP | C1311: DRENOS | D1311: 0028 | G1311: 83669 | H1311: FORNECIMENTO/INSTALACAO MANTA BIDIM RT-16 | I1311: M2 | J1311: COEFICIENTE DE REPRESENTATIVIDADE | K1311: 9,31 | L1311: CAIXA REFERENCIAL
A1312: DRENAGEM/OBRAS DE CONTENCAO/POCOS DE VISITA E CAIXAS | B1312: DROP | C1312: DRENOS | D1312: 0028 | G1312: 83670 | H1312: TUBO PVC DN 75 MM PARA DRENAGEM - FORNECIMENTO E INSTALACAO | I1312: M | J1312: COEFICIENTE DE REPRESENTATIVIDADE | K1312: 44,40 | L1312: CAIXA REFERENCIAL
A1313: DRENAGEM/OBRAS DE CONTENCAO/POCOS DE VISITA E CAIXAS | B1313: DROP | C1313: DRENOS | D1313: 0028 | G1313: 83671 | H1313: TUBO PVC DN 100 MM PARA DRENAGEM - FORNECIMENTO E INSTALACAO | I1313: M | J1313: COEFICIENTE DE REPRESENTATIVIDADE | K1313: 47,57 | L1313: CAIXA REFERENCIAL
... A1328: DRENAGEM/OBRAS DE CONTENCAO/POCOS DE VISITA E CAIXAS | B1328: DROP | C1328: ENROCAMENTOS | D1328: 0029 | G1328: 73698 | H1328: ENROCAMENTO MANUAL, COM ARRUMACAO DO MATERIAL | I1328: M3 | J1328: COEFICIENTE DE REPRESENTATIVIDADE | K1328: 198,83 | L1328: CAIXA REFERENCIAL
A1329: DRENAGEM/OBRAS DE CONTENCAO/POCOS DE VISITA E CAIXAS | B1329: DROP | C1329: ENSECADEIRAS | D1329: 0030 | E1329: 73890 | F1329: ENSECADEIRA DE MADEIRA | G1329: 73890/1 | H1329: ENSECADEIRA DE MADEIRA COM PAREDE SIMPLES | I1329: M2 | J1329: ATRIBUÍDO SÃO PAULO | K1329: 111,89 | L1329: CAIXA REFERENCIAL
...

Sheet CRONOGRAMA
C1: SERIVÇO SOCIAL DO TRANSPORTE SERVIÇO NACIONAL DE APRENDIZAGEM DO TRANSPORTE | G1: REVISÃO: | H1: =#REF! -> #REF!
G2: DATA: | H2: ='ORC ANALITICO'!M2 -> 0
G3: BASE ORÇAMENTO: | H3: =#REF! -> #REF!
A4: OBRA: | C4: =RESUMO!A4 -> 0 | G4: TABELAS REFERÊNCIAS: SINAPI, SEINFRA, ORSE, SUDECAP, SETOP, SCO, CREA, COMPESA E CELPE
A5: ENDEREÇO: | C5: =RESUMO!A5 -> 0
A6: RESPONSÁVEL TÉCNICO ORÇAMENTO: | C6: =RESUMO!B6 -> ENDEREÇO:
A7: ART: | C7: =RESUMO!C7 -> 0
A8: CRONOGRAMA FÍSICO FINANCEIRO - REFÊRENCIA
A9: ITEM | B9: DESCRIÇÃO | C9: PREÇO TOTAL (R$) | D9: MÊS 1 | E9: MÊS 2 | F9: MÊS 3 | G9: MÊS 4 | H9: TOTAL
A10: 01. | B10: SERVICIOS GERAIS | H10: =SUM(D10:G10) -> 0
H11: =SUM(D11:G11) -> 0
A12: 02. | B12: SERVICOS PRELIMINARES | H12: =SUM(D12:G12) -> 0
H13: =SUM(D13:G13) -> 0
A14: 03. | B14: SERVICOS COMPLEMENTARES | H14: =SUM(D14:G14) -> 0
H15: =SUM(D15:G15) -> 0
A16: 04. | B16: SERVICOS AUXILIARES ADMINISTRA TIVOS | H16: =SUM(D16:G16) -> 0
H17: =SUM(D17:G17) -> 0
A18: 05. | B18: DEPOSITO E OFICINA 02 | H18: =SUM(D18:G18) -> 0
H19: =SUM(D19:G19) -> 0
A20: 06. | B20: BIBLIOTECA, LABORATÓRIO INFORMÁTICA, SALAS DE TREINAMENTO, SALA SIMULADOR EMPILHADEIRA E OFICINA 01 | H20: =SUM(D20:G20) -> 0
H21: =SUM(D21:G21) -> 0
A22: 07. | B22: SALA DO SIMULADOR | H22: =SUM(D22:G22) -> 0
H23: =SUM(D23:G23) -> 0
A24: 08. | B24: COFFEE BREACK | H24: =SUM(D24:G24) -> 0
H25: =SUM(D25:G25) -> 0
A26: 09. | B26: BANHEIRO PCD | H26: =SUM(D26:G26) -> 0
H27: =SUM(D27:G27) -> 0
A28: 10. | B28: HALL ACESSO / BANHEIRO PCD | H28: =SUM(D28:G28) -> 0
H29: =SUM(D29:G29) -> 0
A30: 11. | B30: BANHEIRO MASCULINO | H30: =SUM(D30:G30) -> 0
H31: =SUM(D31:G31) -> 0
A32: 12. | B32: BANHEIRO FEMININO | H32: =SUM(D32:G32) -> 0
H33: =SUM(D33:G33) -> 0
A34: 13. | B34: CIRCULACAO BANHEIRO MASCULINO | H34: =SUM(D34:G34) -> 0
H35: =SUM(D35:G35) -> 0
A36: 14. | B36: COORDENACAO PEDAGOGICA | H36: =SUM(D36:G36) -> 0
H37: =SUM(D37:G37) -> 0
A38: 15. | B38: SALA DE TELEFONIA | H38: =SUM(D38:G38) -> 0
H39: =SUM(D39:G39) -> 0
A40: 16. | B40: ACESSO COBERTURA E CAIXA D'AGUA | H40: =SUM(D40:G40) -> 0
H41: =SUM(D41:G41) -> 0
A42: 17. | B42: SALA DE COMPRESSOR / QUADRO DE BOMBAS | H42: =SUM(D42:G42) -> 0
H43: =SUM(D43:G43) -> 0
A44: 18. | B44: CICULACAO ABERTA | H44: =SUM(D44:G44) -> 0
H45: =SUM(D45:G45) -> 0
A46: 19. | B46: ESTACIONAMENTO | H46: =SUM(D46:G46) -> 0
H47: =SUM(D47:G47) -> 0
A48: 20. | B48: GUARITA | H48: =SUM(D48:G48) -> 0
H49: =SUM(D49:G49) -> 0
A50: 21. | B50: HALL DE ACESSO | H50: =SUM(D50:G50) -> 0
H51: =SUM(D51:G51) -> 0
A52: 22. | B52: ESPERA | H52: =SUM(D52:G52) -> 0
H53: =SUM(D53:G53) -> 0
A54: 23. | B54: AUDITORIO | H54: =SUM(D54:G54) -> 0
H55: =SUM(D55:G55) -> 0
A56: 24. | B56: ODONTOLOGIA | H56: =SUM(D56:G56) -> 0
H57: =SUM(D57:G57) -> 0
A58: 25. | B58: VESTIARIO FUNCIONARIOS E FERRAMENTARIO | H58: =SUM(D58:G58) -> 0
H59: =SUM(D59:G59) -> 0
A60: 26. | B60: BANHEIROS FUNCIONARIOS | H60: =SUM(D60:G60) -> 0
H61: =SUM(D61:G61) -> 0
A62: 27. | B62: PAVIMENTO SUPERIOR - NUTRI / PSICOL/FISIO/REC/ESP/CIRC | H62: =SUM(D62:G62) -> 0
H63: =SUM(D63:G63) -> 0
A64: 28. | B64: PAVIMENTO SUPERIOR - ADM/SERV/ WC MASC/WC FEM/ARQ/ALMOX/REUN | H64: =SUM(D68:G68) -> 0
H65: =SUM(D65:G65) -> 0
A66: 29. | B66: FACHADAS | H66: =SUM(D66:G66) -> 0
H67: =SUM(D67:G67) -> 0
A68: 30. | B68: INSTALACOES | H68: =SUM(D68:G68) -> 0
H69: =SUM(D69:G69) -> 0
B70: TOTAL | C70: =SUM(C10:C68) -> 0 | D70: =D11+D13+D15+D17+D19+D21+D23+D25+D27+D29+D31+D33+D35+D37+D39+D41+D43+D45+D47+D53+D49+D51+D55+D57+D59+D61+D63+D65+D67+D69 -> 0 | E70: =E11+E13+E15+E17+E19+E21+E23+E25+E27+E29+E31+E33+E35+E37+E39+E41+E43+E45+E47+E53+E49+E51+E55+E57+E59+E61+E63+E65+E67+E69 -> 0 | F70: =F11+F13+F15+F17+F19+F21+F23+F25+F27+F29+F31+F33+F35+F37+F39+F41+F43+F45+F47+F53+F49+F51+F55+F57+F59+F61+F63+F65+F67+F69 -> 0 | G70: =G11+G13+G15+G17+G19+G21+G23+G25+G27+G29+G31+G33+G35+G37+G39+G41+G43+G45+G47+G53+G49+G51+G55+G57+G59+G61+G63+G65+G67+G69 -> 0 | H70: =SUM(D70:G70) -> 0
B71: TOTAL ACUMULADO s/ BDI | C71: =C70 -> 0 | D71: =D70 -> 0 | E71: =D71+E70 -> 0 | F71: =E71+F70 -> 0 | G71: =F71+G70 -> 0 | H71: =G71 -> 0
B72: TOTAL ACUMULADO c/ BDI (35,41%) | C72: =TRUNC(C71*1.3541,2) -> 0 | D72: =TRUNC(D70*1.3541,2) -> 0 | E72: =TRUNC((E70*1.3541)+D72,2) -> 0 | F72: =TRUNC((F70*1.3541)+E72,2) -> 0 | G72: =TRUNC((G70*1.3541)+F72,2)+0.02 -> 0.02
B73: *Conforme orientação do TCU, os serviços Auxiliares Administrativos serão medidos proporcionalemnte ao avanço físico da obra

Sheet GRAFICO
E2: 20% DO TOTAL DA OBRA
E3: 21% A 40% DO TOTAL DA OBRA
E4: 20% A 60% DO TOTAL DA OBRA
A6: OBRA: | C6: Obra de Reforma da Unidade do SEST SENAT em Recife/PE
A7: ENDEREÇO: | C7: Avenida Marechal de Moraes, Nº 4152, Quadra A - Bairro Imbiribeira
A8: RESPONSÁVEL TÉCNICO ORÇAMENTO: | C8: Engenheiro Civil Adriano Oliveira Correia
A9: ART:
A10: CURVA ABC DE SERVIÇO
A11: Codigo | B11: Descricao | C11: Unid | D11: Qtde | E11: Preco Unit. | F11: Preco Tot | G11: % | H11: % Acum. | J11: Descricao | K11: %
A13: 1 | B13: ELEVADOR SEM CASA DE MÁQUINAS, COM 3 PARADAS, CAPACIDADE 8 PESSOAS OU 600KG, MODELO SMART MRL8-DF DA ATLAS SCHINDLER OU SIMILAR. FORNECIMENTO, MONTAGEM E INSTALAÇÃO.(DESONERADO) | C13: UN | D13: 1 | E13: 120923.51 | F13: 120923.51 | G13: =F13/$F$36 -> 0.074397071 | H13: =G13 -> 0.074397071 | J13: ELEVADOR SEM CASA DE MÁQUINAS, COM 3 PARADAS, CAPACIDADE 8 PESSOAS OU 600KG, MODELO SMART MRL8-DF DA ATLAS SCHINDLER OU SIMILAR. FORNECIMENTO, MONTAGEM E INSTALAÇÃO.(DESONERADO) | K13: 0.074397071
A14: 2 | B14: ENGENHEIRO CIVIL DE OBRA SENIOR COM ENCARGOS COMPLEMENTARES | C14: MES | D14: 4 | E14: 26773.1 | F14: 107092.4 | G14: =F14/$F$36 -> 0.065887608 | H14: =G14+H13 -> 0.14028468 | J14: ENGENHEIRO CIVIL DE OBRA SENIOR COM ENCARGOS COMPLEMENTARES | K14: 0.065887608
A15: 3 | B15: LUMINARIA DE EMBUTIR EM CHAPA DE ACO 60 X 60 CM ALETADA COM 4 LAMPADAS DE LED | C15: UN | D15: 166 | E15: 602.71 | F15: 100049.86 | G15: =F15/$F$36 -> 0.061554751 | H15: =G15+H14 -> 0.20183943 | J15: LUMINARIA DE EMBUTIR EM CHAPA DE ACO 60 X 60 CM ALETADA COM 4 LAMPADAS DE LED | K15: 0.061554751
A16: 4 | B16: PISO ELEVADO DIMOPISO OU SIMILAR, EM PLACAS DE (60X60)CM COM ESPESSURA DE 40MM, ESTRUTURADO POR SUPORTES TELESCÓPICOS COM ALTURA DE 20CM, REVESTIDO COM PAVIFLEX OU SIMILAR. FORNECIMENTO E COLOCAÇÃO.(DESONERADO) - SCO RV 14.80.0050 | C16: M2 | D16: 138.66 | E16: 491.25 | F16: 68116.72 | G16: =F16/$F$36 -> 0.041908182 | H16: =G16+H15 -> 0.24374761 | J16: PISO ELEVADO DIMOPISO OU SIMILAR, EM PLACAS DE (60X60)CM COM ESPESSURA DE 40MM, ESTRUTURADO POR SUPORTES TELESCÓPICOS COM ALTURA DE 20CM, REVESTIDO COM PAVIFLEX OU SIMILAR. FORNECIMENTO E COLOCAÇÃO.(DESONERADO) - SCO RV 14.80.0050 | K16: 0.041908182
A17: 5 | B17: LIMPEZA PISO CERAMICO | C17: M2 | D17: 2300 | E17: 25.23 | F17: 58029 | G17: =F17/$F$36 -> 0.035701805 | H17: =G17+H16 -> 0.27944942 | J17: LIMPEZA PISO CERAMICO | K17: 0.035701805
A18: 6 | B18: REVESTIMENTO DE PAREDE COM PAINEL REF: MINIWAVE, DA HUNTER DOUGLAS OU SIMILIAR, INCLUSIVE INSTALACAO E ESTRUTURAS METALICAS. | C18: M2 | D18: 75.26 | E18: 582.26 | F18: 43820.88 | G18: =F18/$F$36 -> 0.026960391 | H18: =G18+H17 -> 0.30640981 | J18: REVESTIMENTO DE PAREDE COM PAINEL REF: MINIWAVE, DA HUNTER DOUGLAS OU SIMILIAR, INCLUSIVE INSTALACAO E ESTRUTURAS METALICAS. | K18: 0.026960391
A19: 7 | B19: MESTRE DE OBRAS COM ENCARGOS COMPLEMENTARES | C19: MES | D19: 4 | E19: 10821.07 | F19: 43284.28 | G19: =F19/$F$36 -> 0.026630253 | H19: =G19+H18 -> 0.33304006 | J19: MESTRE DE OBRAS COM ENCARGOS COMPLEMENTARES | K19: 0.026630253
A20: 8 | B20: ESTRUTURA METALICA EM ESPECIAL RESISTENCIA A CORROSAO (ACO USI-SAC, CORTEN OU SIMILAR), PARA TORRES ELEVADORES, ESCADAS, VIGAS E COLUNAS DE EDIFICAOES EXSITENTES (PEQUENAS INTERVENCOES) E REFORCO ESTRUTURAIS, COMPOSTA DE PERFIS "I" OU "H", CANTONEIRAS E CHAPAS, UNIFICADAS COM ELETRODO, INCLUSIVE PROTECAO ANTI-FERRUGEM. FORNECIMENTO E MONTAGEM.(DESONERADO) | C20: KG | D20: 1500.48 | E20: 26.95 | F20: 40437.93 | G20: =F20/$F$36 -> 0.024879062 | H20: =G20+H19 -> 0.35791912 | J20: ESTRUTURA METALICA EM ESPECIAL RESISTENCIA A CORROSAO (ACO USI-SAC, CORTEN OU SIMILAR), PARA TORRES ELEVADORES, ESCADAS, VIGAS E COLUNAS DE EDIFICAOES EXSITENTES (PEQUENAS INTERVENCOES) E REFORCO ESTRUTURAIS, COMPOSTA DE PERFIS "I" OU "H", CANTONEIRAS E CHAPAS, UNIFICADAS COM ELETRODO, INCLUSIVE PROTECAO ANTI-FERRUGEM. FORNECIMENTO E MONTAGEM.(DESONERADO) | K20: 0.024879062
A21: 9 | B21: DUTO PERFURADO - ELETROCALHA CHAPA DE ACO (100X300)MM | C21: M | D21: 147.08 | E21: 272.88 | F21: 40135.19 | G21: =F21/$F$36 -> 0.024692804 | H21: =G21+H20 -> 0.38261193 | J21: DUTO PERFURADO - ELETROCALHA CHAPA DE ACO (100X300)MM | K21: 0.024692804
A22: 10 | B22: VIGIA NOTURNO COM ENCARGOS COMPLEMENTARES | C22: H | D22: 1760 | E22: 22.75 | F22: 40040 | G22: =F22/$F$36 -> 0.02463424 | H22: =G22+H21 -> 0.40724617 | J22: VIGIA NOTURNO COM ENCARGOS COMPLEMENTARES | K22: 0.02463424
A23: 11 | B23: VENTILADOR DE PAREDE, COM DIAMETRO DE 400MM, VAZAO DE 5000M3/H, PRESSAO DE 5MMCA E MOTOR DE 0,33HP DE 4 POLOS/220V. FORNECIMENTO E INSTALACAO.(DESONERADO) | C23: UN | D23: 14 | E23: 2660.91 | F23: 37252.74 | G23: =F23/$F$36 -> 0.022919404 | H23: =G23+H22 -> 0.43016557 | J23: VENTILADOR DE PAREDE, COM DIAMETRO DE 400MM, VAZAO DE 5000M3/H, PRESSAO DE 5MMCA E MOTOR DE 0,33HP DE 4 POLOS/220V. FORNECIMENTO E INSTALACAO.(DESONERADO) | K23: 0.022919404
A24: 12 | B24: FORRO DE PVC, LISO, PARA AMBIENTES COMERCIAIS, INCLUSIVE ESTRUTURA DE FIXAÇÃO. AF_05/2017_P | C24: M2 | D24: 502.98 | E24: 72.62 | F24: 36526.4 | G24: =F24/$F$36 -> 0.02247253 | H24: =G24+H23 -> 0.4526381 | J24: FORRO DE PVC, LISO, PARA AMBIENTES COMERCIAIS, INCLUSIVE ESTRUTURA DE FIXAÇÃO. AF_05/2017_P | K24: 0.02247253
A25: 13 | B25: SERVENTE COM ENCARGOS COMPLEMENTARES | C25: H | D25: 1760 | E25: 19.2 | F25: 33792 | G25: =F25/$F$36 -> 0.020790215 | H25: =G25+H24 -> 0.47342832 | J25: SERVENTE COM ENCARGOS COMPLEMENTARES | K25: 0.020790215
... A34: 22 | B34: REVESTIMENTO CERÂMICO PARA PAREDES INTERNAS COM PLACAS TIPO ESMALTADA EXTRA DE DIMENSÕES 33X45 CM APLICADAS EM AMBIENTES DE ÁREA MAIOR QUE 5 M² NA ALTURA INTEIRA DAS PAREDES. AF_06/2014 | C34: M2 | D34: 306.34 | E34: 59.78 | F34: 18313 | G34: =F34/$F$36 -> 0.011266904 | H34: =G34+H33 -> 0.60792346 | J34: REVESTIMENTO CERÂMICO PARA PAREDES INTERNAS COM PLACAS TIPO ESMALTADA EXTRA DE DIMENSÕES 33X45 CM APLICADAS EM AMBIENTES DE ÁREA MAIOR QUE 5 M² NA ALTURA INTEIRA DAS PAREDES. AF_06/2014 | K34: 0.011266904
A35: 23 | B35: OUTROS | F35: 637273.37 | G35: =F35/$F$36 -> 0.39207654 | H35: =G35+H34 -> 1 | J35: OUTROS
E36: TOTAL | F36: =SUM(F13:F35) -> 1625380

Sheet Plan1 (2)
A1: PLANILHADEPRECOS
A2: OBRADEREFORMA-MERCEDES
A4: Item | B4: Descricao | C4: Unidade | D4: Quantidade | E4: Pr. Unitario | F4: Pr. Total | G4: Subtotais
A6: 01. | B6: SERVICIOS GERAIS
A7: 01.01 | B7: SERVIOS TECNICOS-PROFISSIONAIS
A8: 01.01.01 | B8: RELATORIO E MANUAL PROPRIET.
A9: 01.01.01.01 | B9: ARQUITETO DE OBRA SENIOR COM ENCARGOS COMPLEMENTARES | C9: H | D9: 220 | E9: 100.33 | F9: =ROUND((D9*E9),2) -> 22072.6
A10: 01.02 | B10: TAXAS E EMOLUMENTOS
A11: 01.02.01 | B11: ART TAXA OBRA OU SERVICO | C11: UN | D11: 2 | E11: 150 | F11: =ROUND((D11*E11),2) -> 300
B13: TOTAL DO ITEM: 01 | G13: =SUM(F6:F11) -> 22372.6
A15: 02. | B15: SERVICOS PRELIMINARES
A16: 02.01 | B16: CANTEIROS DE OBRA
A17: 02.01.01 | B17: ESCRITORIO
A18: 02.01.01.01 | B18: LOCACAO DE CONTAINER 2,30 X 6,00 M, ALT. 2,50 M, COM 1 SANITARIO, PARA ESCRITORIO, COMPLETO, SEM DIVISORIAS INTERNAS | C18: MES | D18: 4 | E18: 505 | F18: =ROUND((D18*E18),2) -> 2020
A19: 02.01.01.02 | B19: GUINDAUTO HIDRÁULICO, CAPACIDADE MÁXIMA DE CARGA 6500 KG, MOMENTO MÁXIMO DE CARGA 5,8 TM, ALCANCE MÁXIMO HORIZONTAL 7,60 M, INCLUSIVE CAMINHÃO TOCO PBT 9.700 KG, POTÊNCIA DE 160 CV - CHP DIURNO. AF_08/2015 | C19: CHP | D19: 8 | E19: 119.3 | F19: =ROUND((D19*E19),2) -> 954.4
A20: 02.01.02 | B20: DEPOSITO
A21: 02.01.02.01 | B21: LOCACAO DE CONTAINER 2.3X2.6 DEPOSITO - REFEITORIO | C21: MES | D21: 4 | E21: 394.53 | F21: =ROUND((D21*E21),2) -> 1578.12
A22: 02.01.02.02 | B22: GUINDAUTO HIDRÁULICO, CAPACIDADE MÁXIMA DE CARGA 3300 KG, MOMENTO MÁXIMO DE CARGA 5,8 TM, ALCANCE MÁXIMO HORIZONTAL 7,60 M, INCLUSIVE CAMINHÃO TOCO PBT 16.000 KG, POTÊNCIA DE 189 CV - CHP DIURNO. AF_03/2016 | C22: CHP | D22: 8 | E22: 119.3 | F22: =ROUND((D22*E22),2) -> 954.4
A23: 02.01.03 | B23: REFEITORIO
A24: 02.01.03.01 | B24: LOCACAO DE CONTAINER 2.3X2.6 DEPOSITO - REFEITORIO | C24: MES | D24: 4 | E24: 394.53 | F24: =ROUND((D24*E24),2) -> 1578.12
A25: 02.01.03.02 | B25: GUINDAUTO HIDRÁULICO, CAPACIDADE MÁXIMA DE CARGA 3300 KG, MOMENTO MÁXIMO DE CARGA 5,8 TM, ALCANCE MÁXIMO HORIZONTAL 7,60 M, INCLUSIVE CAMINHÃO TOCO PBT 16.000 KG, POTÊNCIA DE 189 CV - CHP DIURNO. AF_03/2016 | C25: CHP | D25: 8 | E25: 119.3 | F25: =ROUND((D25*E25),2) -> 954.4
A26: 02.01.04 | B26: VESTIARIO E SANITARIO
A27: 02.01.04.01 | B27: LOCACAO DE CONTAINER 2.3X2.6 VESTIARIO | C27: MES | D27: 4 | E27: 631.25 | F27: =ROUND((D27*E27),2) -> 2525
A28: 02.01.04.02 | B28: GUINDAUTO HIDRÁULICO, CAPACIDADE MÁXIMA DE CARGA 3300 KG, MOMENTO MÁXIMO DE CARGA 5,8 TM, ALCANCE MÁXIMO HORIZONTAL 7,60 M, INCLUSIVE CAMINHÃO TOCO PBT 16.000 KG, POTÊNCIA DE 189 CV - CHP DIURNO. AF_03/2016 | C28: CHP | D28: 8 | E28: 119.3 | F28: =ROUND((D28*E28),2) -> 954.4
A29: 02.02 | B29: LIGACOES PROVISORIAS
A30: 02.02.01 | B30: AGUA
A31: 02.02.01.01 | B31: LIGACAO PROVISORIA DE AGUA E SANITARIO - BASE SEINFRA / INSUMO SINAPI | C31: UN | D31: 1 | E31: 1980.68 | F31: =ROUND((D31*E31),2) -> 1980.68
A32: 02.02.02 | B32: ENERGIA ELETRICA
A33: 02.02.02.01 | B33: ENTRADA PROVISORIA DE ENERGIA ELETRICA AEREA TRIFASICA 40A EM POSTE MADEIRA | C33: UN | D33: 1 | E33: 1390.75 | F33: =ROUND((D33*E33),2) -> 1390.75
A34: 02.03 | B34: PROTECAO E SINALIZACAO
A35: 02.03.01 | B35: PLACA
A36: 02.03.01.01 | B36: PLACA DE OBRA EM CHAPA DE ACO GALVANIZADO | C36: M2 | D36: 6 | E36: 314.85 | F36: =ROUND((D36*E36),2) -> 1889.1
B38: TOTAL DO ITEM: 02 | G38: =SUM(F15:F36) -> 16779.37
A40: 03. | B40: SERVICOS COMPLEMENTARES
A41: 03.01 | B41: LIMPEZA DE OBRAS
A42: 03.01.01 | B42: LIMPEZA AZULEJO | C42: M2 | D42: 157.366 | E42: 5.44 | F42: =ROUND((D42*E42),2) -> 856.07
A43: 03.01.02 | B43: LIMPEZA DE SUPERFICIES COM JATO DE ALTA PRESSAO DE AR E AGUA | C43: M2 | D43: 1255.1 | E43: 1.46 | F43: =ROUND((D43*E43),2) -> 1832.45
A44: 03.01.03 | B44: LIMPEZA LOUCAS E METAIS | C44: UN | D44: 71 | E44: 23.23 | F44: =ROUND((D44*E44),2) -> 1649.33
A45: 03.01.04 | B45: LIMPEZA PISO CERAMICO | C45: M2 | D45: 2300 | E45: 18.63 | F45: =ROUND((D45*E45),2) -> 42849
A46: 03.01.05 | B46: LIMPEZA VIDRO COMUM | C46: M2 | D46: 111.31 | E46: 10.51 | F46: =ROUND((D46*E46),2) -> 1169.87
A47: 03.02 | B47: AS BUILT
A48: 03.02.01 | B48: AS BUILT DE PROJETOS COM AREA ATE 10.000 M2 - BASE SETOP / INSUMO SINAPI | C48: M2 | D48: 4000 | E48: 0.62 | F48: =ROUND((D48*E48),2) -> 2480
B50: TOTAL DO ITEM: 03 | G50: =SUM(F40:F48) -> 50836.72
A52: 04. | B52: SERVICOS AUXILIARES ADMINISTRA TIVOS
A53: 04.01 | B53: EQUIPE
A54: 04.01.01 | B54: ALMOXARIFE COM ENCARGOS COMPLEMENTARES | C54: MES | D54: 4 | E54: 2809.14 | F54: =ROUND((D54*E54),2) -> 11236.56
A55: 04.01.02 | B55: APONTADOR OU APROPRIADOR COM ENCARGOS COMPLEMENTARES | C55: MES | D55: 4 | E55: 2831.01 | F55: =ROUND((D55*E55),2) -> 11324.04
A56: 04.01.03 | B56: ENCARREGADO GERAL DE OBRAS COM ENCARGOS COMPLEMENTARES | C56: MES | D56: 4 | E56: 5810.89 | F56: =ROUND((D56*E56),2) -> 23243.56
A57: 04.01.04 | B57: MESTRE DE OBRAS COM ENCARGOS COMPLEMENTARES | C57: MES | D57: 4 | E57: 7991.34 | F57: =ROUND((D57*E57),2) -> 31965.36
A58: 04.01.05 | B58: ENGENHEIRO ELETRICISTA COM ENCARGOS COMPLEMENTARES | C58: H | D58: 40 | E58: 81.9 | F58: =ROUND((D58*E58),2) -> 3276
A59: 04.01.06 | B59: ENGENHEIRO CIVIL DE OBRA SENIOR COM ENCARGOS COMPLEMENTARES | C59: MES | D59: 4 | E59: 19771.88 | F59: =ROUND((D59*E59),2) -> 79087.52
A60: 04.01.07 | B60: ARQUITETO DE OBRA PLENO COM ENCARGOS COMPLEMENTARES | C60: H | D60: 110 | E60: 75.98 | F60: =ROUND((D60*E60),2) -> 8357.8
A61: 04.01.08 | B61: TECNICO DE SEGURANCA - BASE SINAPI | C61: MES | D61: 4 | E61: 3834.5 | F61: =ROUND((D61*E61),2) -> 15338
A62: 04.01.09 | B62: VIGIA NOTURNO COM ENCARGOS COMPLEMENTARES | C62: H | D62: 1760 | E62: 16.8 | F62: =ROUND((D62*E62),2) -> 29568
A63: 04.02 | B63: LIMPEZA DO CANTEIRO
A64: 04.02.01 | B64: SERVENTE COM ENCARGOS COMPLEMENTARES | C64: H | D64: 1760 | E64: 14.18 | F64: =ROUND((D64*E64),2) -> 24956.8
A65: 04.03 | B65: MATERIAIS / EQUIPAMENTOS
A66: 04.03.01 | B66: MATERIAIS DE CONSUMO
A67: 04.03.01.01 | B67: ENERGIA ELETRICA COMERCIAL, BAIXA TENSAO, INCLUINDO ICMS, PISPASEP E CONFINS | C67: KWH | D67: 21714.29 | E67: 0.77 | F67: =ROUND((D67*E67),2) -> 16720
A68: 04.03.01.02 | B68: AGUA COMERCIAL ACIMA DE 10M3 POR MES, INCLUINDO IMPOSTOS | C68: M3 | D68: 1142.86 | E68: 11.47 | F68: =ROUND((D68*E68),2) -> 13108.6
A69: 04.03.01.03 | B69: MATERIAL DE ESCRITÓRIO PARA ADMINISTRAÇÃO | C69: MÊS | D69: 4 | E69: 30 | F69: =ROUND((D69*E69),2) -> 120
A70: 04.03.01.04 | B70: MATERIAL DE LIMPEZA / HIGIENE PARA ADMNISTRAÇÃO | C70: MÊS | D70: 4 | E70: 74.9 | F70: =ROUND((D70*E70),2) -> 299.6
A71: 04.03.01.05 | B71: TELEFONE CELULAR ALUGUEL E DISPENDIO MENSAL | C71: MÊS | D71: 4 | E71: 284.78 | F71: =ROUND((D71*E71),2) -> 1139.12
A72: 04.03.01.06 | B72: PLOTAGEM EM PAPEL FORMATO A-1 | C72: UND | D72: 100 | E72: 2.7 | F72: =ROUND((D72*E72),2) -> 270
A73: 04.03.02 | B73: EQUIPAGEM DE APOIO
A74: 04.03.02.01 | B74: COMPUTADOR C/ CAD (ALUGUEL) | C74: MÊS | D74: 4 | E74: 330 | F74: =ROUND((D74*E74),2) -> 1320
A75: 04.03.02.02 | B75: COMPUTADOR DE MAO (ALUGUEL) | C75: MÊS | D75: 4 | E75: 80.96 | F75: =ROUND((D75*E75),2) -> 323.84
A76: 04.03.02.03 | B76: ALUGUEL DE IMPRESSORA COLORIDA A LASER | C76: MÊS | D76: 4 | E76: 25.69 | F76: =ROUND((D76*E76),2) -> 102.76
A77: 04.03.02.04 | B77: ALUGUEL DE RELOGIO DE PONTO | C77: MÊS | D77: 4 | E77: 12.16 | F77: =ROUND((D77*E77),2) -> 48.64
A78: 04.03.02.05 | B78: ALUGUEL DE RÁDIO COMUNICADOR - 02 UNIDADES | C78: MÊS | D78: 8 | E78: 13.75 | F78: =ROUND((D78*E78),2) -> 110
A79: 04.03.02.06 | B79: BEBEDOURO ELÉTRICO DE PRESSÃO 40 LITROS INOX 110V, MASTERFRIO OU SIMILAR - ORSE 00802 | C79: UN | D79: 1 | E79: 637.32 | F79: =ROUND((D79*E79),2) -> 637.32
A80: 04.03.02.07 | B80: EXTINTOR DE CO2 6KG - FORNECIMENTO E INSTALACAO | C80: UN | D80: 4 | E80: 525.77 | F80: =ROUND((D80*E80),2) -> 2103.08
A81: 04.03.02.08 | B81: EXTINTOR INCENDIO AGUA-PRESSURIZADA 10L INCL SUPORTE PAREDE CARGA COMPLETA FORNECIMENTO E COLOCACAO | C81: UN | D81: 2 | E81: 166.28 | F81: =ROUND((D81*E81),2) -> 332.56
A82: 04.03.03 | B82: MAQUINAS E EQUIPAMENTOS
A83: 04.03.03.01 | B83: LOCACAO DE ANDAIME METALICO TIPO FACHADEIRO, LARGURA DE 1,20 M, ALTURA POR PECA DE 2,0 M, INCLUINDO SAPATAS E ITENS NECESSARIOS A INSTALACAO | C83: M2XMES | D83: 100 | E83: 2.49 | F83: =ROUND((D83*E83),2) -> 249
A84: 04.03.03.02 | B84: LOCACAO DE ANDAIME METALICO TUBULAR DE ENCAIXE, TIPO DE TORRE, COM LARGURA DE 1 ATE 1,5 M E ALTURA DE *1,00* M | C84: MXMES | D84: 50 | E84: 7.5 | F84: =ROUND((D84*E84),2) -> 375
A85: 04.03.03.03 | B85: MONTAGEM E DESMONTAGEM DE ANDAIME MODULAR FACHADEIRO, COM PISO METÁLICO, PARA EDIFICAÇÕES COM MÚLTIPLOS PAVIMENTOS (EXCLUSIVE ANDAIME E LIMPEZA). AF_11/2017 | C85: M2 | D85: 100 | E85: 10.36 | F85: =ROUND((D85*E85),2) -> 1036
A86: 04.03.03.04 | B86: MONTAGEM E DESMONTAGEM DE ANDAIME TUBULAR TIPO ?TORRE? (EXCLUSIVE ANDAIME E LIMPEZA). AF_11/2017 | C86: M | D86: 150 | E86: 19.1 | F86: =ROUND((D86*E86),2) -> 2865
B88: TOTAL DO ITEM: 04 | G88: =SUM(F52:F86) -> 279514.16
A90: 05. | B90: DEPOSITO E OFICINA 02
A91: 05.01 | B91: RETIRADA E DEMOLICAO
A92: 05.01.01 | B92: RETIRADA DE GUARDA-CORPO EM TUBOS C/ PEÇAS E CONEXÕES FERRO GALVANIZADO (SEM REAPROVEITAMENTO) DN ATÉ 60mm | C92: M2 | D92: 6.24 | E92: 23.68 | F92: =ROUND((D92*E92),2) -> 147.76
A93: 05.01.02 | B93: REMOÇÃO DE LUMINÁRIAS, DE FORMA MANUAL, SEM REAPROVEITAMENTO. AF_12/2017 | C93: UN | D93: 16 | E93: 0.83 | F93: =ROUND((D93*E93),2) -> 13.28
A94: 05.01.03 | B94: REMOÇÃO DE FORROS DE DRYWALL, PVC E FIBROMINERAL, DE FORMA MANUAL, SEM REAPROVEITAMENTO. AF_12/2017 | C94: M2 | D94: 120.4 | E94: 1.36 | F94: =ROUND((D94*E94),2) -> 163.74
A95: 05.01.04 | B95: RETIRADA DE GRADE DE FERRO | C95: M2 | D95: 10.87 | E95: 6.31 | F95: =ROUND((D95*E95),2) -> 68.59
A96: 05.02 | B96: PAREDES E DIVISORIAS
A97: 05.02.01 | B97: DRYWALL
A98: 05.02.01.01 | B98: PAREDE COM PLACAS DE GESSO ACARTONADO (DRYWALL), PARA USO INTERNO, COM UMA FACE SIMPLES E ESTRUTURA METÁLICA COM GUIAS SIMPLES, SEM VÃOS. AF_06/2017_P | C98: M2 | D98: 37.37 | E98: 41.82 | F98: =ROUND((D98*E98),2) -> 1562.81
A99: 05.02.02 | B99: ALVENARIA
A100: 05.02.02.01 | B100: ALVENARIA DE VEDAÇÃO DE BLOCOS VAZADOS DE CONCRETO DE 9X19X39CM (ESPESSURA 9CM) DE PAREDES COM ÁREA LÍQUIDA MAIOR OU IGUAL A 6M² SEM VÃOS E ARGAMASSA DE ASSENTAMENTO COM PREPARO EM BETONEIRA. AF_06/2014 | C100: M2 | D100: 12.64 | E100: 41.7 | F100: =ROUND((D100*E100),2) -> 527.09
A101: 05.02.02.02 | B101: FIXAÇÃO (ENCUNHAMENTO) DE ALVENARIA DE VEDAÇÃO COM ARGAMASSA APLICADA COM BISNAGA. AF_03/2016 | C101: M | D101: 2.15 | E101: 2.17 | F101: =ROUND((D101*E101),2) -> 4.67
A102: 05.03 | B102: REVESTIMENTO DE PAREDE
A103: 05.03.01 | B103: CHAPISCO APLICADO EM ALVENARIAS E ESTRUTURAS DE CONCRETO INTERNAS, COM COLHER DE PEDREIRO. ARGAMASSA TRAÇO 1:3 COM PREPARO EM BETONEIRA 400L. AF_06/2014 | C103: M2 | D103: 25.28 | E103: 2.69 | F103: =ROUND((D103*E103),2) -> 68
A104: 05.03.02 | B104: MASSA ÚNICA, PARA RECEBIMENTO DE PINTURA, EM ARGAMASSA TRAÇO 1:2:8, PREPARO MECÂNICO COM BETONEIRA 400L, APLICADA MANUALMENTE EM FACES INTERNAS DE PAREDES, ESPESSURA DE 20MM, COM EXECUÇÃO DE TALISCAS. AF_06/2014 | C104: M2 | D104: 25.28 | E104: 25.57 | F104: =ROUND((D104*E104),2) -> 646.41
A105: 05.04 | B105: FORRO
A106: 05.04.01 | B106: FORRO DE PVC, LISO, PARA AMBIENTES COMERCIAIS, INCLUSIVE ESTRUTURA DE FIXAÇÃO. AF_05/2017_P | C106: M2 | D106: 120.15 | E106: 53.63 | F106: =ROUND((D106*E106),2) -> 6443.64
A107: 05.04.02 | B107: ISOLAMENTO TERMOACÚSTICO COM LÃ MINERAL NA SUBCOBERTURA, INCLUSO TRANSPORTE VERTICAL. AF_06/2016 | C107: M2 | D107: 120.15 | E107: 18.81 | F107: =ROUND((D107*E107),2) -> 2260.02
A108: 05.05 | B108: PINTURAS
A109: 05.05.01 | B109: SELADOR
A110: 05.05.01.01 | B110: APLICAÇÃO DE FUNDO SELADOR LÁTEX PVA EM PAREDES, UMA DEMÃO. AF_06/2014 | C110: M2 | D110: 189.28 | E110: 2.46 | F110: =ROUND((D110*E110),2) -> 465.63
...
